Workbook
Name _ftn1: 'B8'!$B$27
Name _ftn3: 'B20'!$I$32
Name _ftn4: 'B20'!$I$33
Name _ftn5: 'B20'!$I$34
Name _ftn6: 'B20'!$I$35
Name _ftn7: 'B20'!$I$36
Name _ftnref1: 'B7'!$B$57
Name _ftnref1: Gen_Int!$C$9
Name _ftnref3: 'B20'!$I$11
Name _ftnref3: 'B22'!$I$11
Name _ftnref4: 'B20'!$I$13
Name _ftnref4: 'B22'!$I$12
Name _ftnref5: 'B20'!$I$19
Name _ftnref6: 'B20'!$I$21
Name _ftnref7: 'B20'!$I$26
Name answer: Gen_Int!$L$5:$L$7
Name answer: '1'!$P$5:$P$6
Name answer1: '[1]19B1'!$P$8:$P$10
Name B_List: 'T16'!$AR$13:$AR$18
Name bb: '[1]14A'!$C$119
Name Category: 'T16'!$AU$13:$AU$15
Name CH_List: 'T16'!$AS$13:$AS$17
Name Change: 'T16'!$AT$13:$AT$14
Name Choice: '[1]15A'!$Z$2:$Z$4
Name CHOICE2: '[1]15A'!$Z$3:$Z$4
Name Claims: '[1]20'!$AD$55
Name ClaimsLTC: '[1]20'!$AD$51
Name company: Information!$M$24
Name company: Information!$M$24
Name company: Information!$M$24
Name company: Information!$M$43
Name company: Information!$M$43
Name company: Information!$M$24
Name company: Information!$J$24
Name companyB: Information!$M$43
Name companyB: Information!$M$43
Name contents: Information!$B$1
Name CurrentDate: '[1]1.1'!$J$25
Name CurrentMon: '[1]1.1'!$J$23
Name date: Information!$M$44
Name date: Information!$M$25
Name Date1: Information!$P$4
Name date2: Information!$R$3
Name Date2: Information!$P$5
Name Date3: Information!$P$6
Name Date4: Information!$P$12
Name DATES: [1]Information!$R$6:$R$21
Name Discuss: 'T16'!$AY$13:$AY$18
Name fund_type: CHECKS!$Y$2:$Y$5
Name Groups: 'T18'!$Q$12:$Q$185
Name Line_Business: '[1]38'!$AG$4:$AG$37
Name line3: Information!$M$21
Name line3: Information!$M$21
Name line3: Information!$M$21
Name line3: Information!$M$35
Name line3: Information!$M$35
Name line3: Information!$M$21
Name line3: Information!$M$21
Name Link: 'T16'!$AP$13:$AP$16
Name Link: #REF!

Sheet Kupot_Updated
A2: תחום | B2: מס מסלול | C2: תאריך הקמה | D2: שם | E2: שם קצר | F2: תפקיד | G2: סוג רישיון | H2: סטטוס | I2: תאריך התחלה | J2: תאריך סיום | K2: מסלול ברירת מחדל | L2: סוג המסלול | M2: סוג התמחות ראשי | N2: סוג התמחות משני | O2: סגור למצטרפים חדשים | P2: סוג תוכניות | Q2: סגור להפקדות חדשות | R2: עדכון בתאריך | S2: מספר מוצר | T2: שם חברה מתפעלת | U2: שם מוצר | V2: מספר חברה | W2: שם חברה
A3: קרנות ותיקות בניהול מיוחד | B3: 212 | D3: קרן הגמלאות של חברי "אגד" בע"מ | S3: 212 | T3: קרנות ותיקות בניהול מיוחד | U3: קרן הגמלאות של חברי "אגד" בע"מ | V3: 520020447 | W3: קרן הגמלאות של חברי אגד בע"מ | Z3: 520020447
A4: קרנות ותיקות מאוזנות | B4: 267 | D4: גילעד גמלאות לעובדים דתיים | S4: 267 | T4: קרנות ותיקות מאוזנות | U4: גילעד גמלאות לעובדים דתיים | V4: 520023094 | W4: גילעד גימלאות לעובדים דתיים בע"מ | Z4: 520023094
A5: קרנות ותיקות מאוזנות | B5: 269 | D5: קרן גמלאות של חברי דן בע"מ | S5: 269 | T5: קרנות ותיקות מאוזנות | U5: קרן גמלאות של חברי דן בע"מ | V5: 520028812 | W5: החברה המנהלת של קרן הגמלאות של חברי "דן" בע"מ | Z5: 520028812
A6: קרנות ותיקות בניהול מיוחד | B6: 274 | D6: קופת הפנסיה לעובדי הדסה בע"מ | S6: 274 | T6: קרנות ותיקות בניהול מיוחד | U6: קופת הפנסיה לעובדי הדסה בע"מ | V6: 520022963 | W6: קופת הפנסיה לעובדי הדסה בע"מ | Z6: 520022963
A7: קרנות ותיקות מאוזנות | B7: 278 | D7: קופה לתגמולים ופנסיה של עובדי הסוכנות היהודית לא"י בע"מ | S7: 278 | T7: קרנות ותיקות מאוזנות | U7: קופה לתגמולים ופנסיה של עובדי הסוכנות היהודית לא"י בע"מ | V7: 520022518 | W7: קופה לתגמולים ופנסיה של עובדי הסוכנות היהודית לא"י בע"מ | Z7: 520022518
A8: קרנות ותיקות בניהול מיוחד | B8: 279 | D8: קרן הגמלאות המרכזית של עובדי ההסתדרות בע"מ | S8: 279 | T8: קרנות ותיקות בניהול מיוחד | U8: קרן הגמלאות המרכזית של עובדי ההסתדרות בע"מ | V8: 520020504 | W8: קרן הגמלאות המרכזית של עובדי ההסתדרות בע"מ | Z8: 520020504
A9: קרנות ותיקות מאוזנות | B9: 283 | D9: קרן פנסיה ה.ע.ל | S9: 283 | T9: קרנות ותיקות מאוזנות | U9: קרן פנסיה ה.ע.ל | V9: 514147867 | W9: פסגות פנסיה (ה.ע.ל.) בע"מ | Z9: 514147867
A10: קרנות ותיקות מאוזנות | B10: 300 | D10: קרן הפנסיה עתודות | S10: 300 | T10: קרנות ותיקות מאוזנות | U10: קרן הפנסיה עתודות | V10: 511789190 | W10: עתודות קרן פנסיה לשכירים ועצמאים בע"מ | Z10: 511789190
A11: קרנות ותיקות בניהול מיוחד | B11: 307 | D11: קרן ביטוח ופנסיה לפועלים חקלאים ובלתי מקצועיים בישראל אג' שיתופית בע"מ | S11: 307 | T11: קרנות ותיקות בניהול מיוחד | U11: קרן ביטוח ופנסיה לפועלים חקלאים ובלתי מקצועיים בישראל אג' שיתופית בע"מ | V11: 570007476 | W11: קרן ביטוח ופנסיה לפועלים חקלאים ובלתי מקצועיים בישראל אגודה שיתופית בע"מ | Z11: 570007476
A12: קרנות ותיקות בניהול מיוחד | B12: 313 | D12: קרן מקפת מרכז לפנסיה ותגמולים אגודה שיתופית בע"מ | S12: 313 | T12: קרנות ותיקות בניהול מיוחד | U12: קרן מקפת מרכז לפנסיה ותגמולים אגודה שיתופית בע"מ | V12: 570009852 | W12: קרן מקפת מרכז לפנסיה ותגמולים אגודה שיתופית בע"מ | Z12: 570009852
A13: קרנות ותיקות בניהול מיוחד | B13: 316 | D13: מבטחים מוסד לביטוח סוציאלי של העובדים בע"מ | S13: 316 | T13: קרנות ותיקות בניהול מיוחד | U13: מבטחים מוסד לביטוח סוציאלי של העובדים בע"מ | V13: 520019688 | W13: מבטחים מוסד לביטוח סוציאלי של העובדים בע"מ | Z13: 520019688
A14: קרנות ותיקות מאוזנות | B14: 325 | D14: מגן - קרן פנסיה מרכזית לקואופרציה ביצרנות תחבורה ושירותים - אגודה שיתופית בע"מ | S14: 325 | T14: קרנות ותיקות מאוזנות | U14: מגן - קרן פנסיה מרכזית לקואופרציה ביצרנות תחבורה ושירותים - אגודה שיתופית בע"מ | V14: 570011445 | W14: מגן קרן פנסיה מרכזית לקואופרציה ביצרנות, תחבורה ושרותים אגודה שיתופית בע"מ | Z14: 570011445
... A20: קרנות ותיקות מאוזנות | B20: 447 | D20: עתידית קופת פנסיה בע"מ | S20: 447 | T20: קרנות ותיקות מאוזנות | U20: עתידית קופת פנסיה בע"מ | V20: 511423048 | W20: לעתיד חברה לניהול קרנות פנסיה בע"מ | Z20: 511423048
A21: קופת גמל מרכזית לקצבה | B21: 1097 | C21: קופת הגמל המרכזית לקצבה של עובדי חברת החשמל לישראל בע"מ | D21: קופת הגמל המרכזית לקצבה של עובדי חברת החשמל לישראל בע"מ | H21: פעיל | S21: 1097 | T21: קופת גמל מרכזית לקצבה | U21: קופת הגמל המרכזית לקצבה של עובדי חברת החשמל לישראל בע"מ | V21: 514383272 | W21: אינפיניטי ניהול קופת גמל מרכזית לקצבה בע"מ | AC21: סטטוס המסלול | AD21: תאריך סגירת מסלול | AE21: תאריך אישור מסלול | AF21: התמחות משנית | AG21: התמחות ראשית | AH21: סוג מסלול | AI21: שם קצר | AJ21: שם ארוך | AK21: מספר מסלול | AL21: שם מוצר | AM21: מספר מוצר | AN21: שם חברה מתפעלת | AP21: שם תאגיד שולט | AQ21: מספר תאגיד שולט | AR21: שם חברה מנהלת | AS21: מספר חברה מנהלת | AT21: תחום
A22: =AT22 -> גמל | B22: =AK22 -> 11979 | C22: 28946 | D22: =AJ22 -> קל גמל קופת גמל לחסכון מדרגות עד 50 | E22: הראל אג"ח עד 25% מניות | F22: מסלול השקעות | G22: רישיון מוצר | H22: =AC22 -> פעיל | I22: =IF(AE22="","",AE22) -> 42848.533 | J22: =IF(AD22="","",AD22) | K22: 0 | L22: מתמחה | M22: אג"ח | N22: אג"ח | O22: 0 | Q22: 0 | S22: =AM22 -> 11939 | T22: =AN22 -> אפ.אמ.אר תפעול | U22: =AL22 -> קל גמל קופת גמל לחסכון | V22: =AQ22 -> 514741552 | W22: =AR22 -> סלייס גמל בע"מ | AC22: פעיל | AE22: 42848.533 | AF22: עד 50 | AG22: מדרגות | AH22: לפי מודל חכ"מ | AI22: קל גמל קופת גמל לחסכון מדרגות עד 50 | AJ22: קל גמל קופת גמל לחסכון מדרגות עד 50 | AK22: 11979 | AL22: קל גמל קופת גמל לחסכון | AM22: 11939 | AN22: אפ.אמ.אר תפעול | AP22: ליבורנה | AQ22: 514741552 | AR22: סלייס גמל בע"מ | AS22: 514767490 | AT22: גמל
A23: =AT23 -> גמל | B23: =AK23 -> 11980 | C23: 28946 | D23: =AJ23 -> קל גמל קופת גמל לחסכון מדרגות 50-60 | E23: הראל אג"ח עד 25% מניות | F23: מסלול השקעות | G23: רישיון מוצר | H23: =AC23 -> פעיל | I23: =IF(AE23="","",AE23) -> 42848.533 | J23: =IF(AD23="","",AD23) | K23: 0 | L23: מתמחה | M23: אג"ח | N23: אג"ח | O23: 0 | Q23: 0 | S23: =AM23 -> 11939 | T23: =AN23 -> אפ.אמ.אר תפעול | U23: =AL23 -> קל גמל קופת גמל לחסכון | V23: =AQ23 -> 514741552 | W23: =AR23 -> סלייס גמל בע"מ | AC23: פעיל | AE23: 42848.533 | AF23: 50-60 | AG23: מדרגות | AH23: לפי מודל חכ"מ | AI23: קל גמל קופת גמל לחסכון מדרגות 50-60 | AJ23: קל גמל קופת גמל לחסכון מדרגות 50-60 | AK23: 11980 | AL23: קל גמל קופת גמל לחסכון | AM23: 11939 | AN23: אפ.אמ.אר תפעול | AP23: ליבורנה | AQ23: 514741552 | AR23: סלייס גמל בע"מ | AS23: 514767490 | AT23: גמל
A24: =AT24 -> גמל | B24: =AK24 -> 11981 | C24: 28946 | D24: =AJ24 -> קל גמל קופת גמל לחסכון מדרגות 60 ומעלה | E24: הראל אג"ח עד 25% מניות | F24: מסלול השקעות | G24: רישיון מוצר | H24: =AC24 -> פעיל | I24: =IF(AE24="","",AE24) -> 42848.533 | J24: =IF(AD24="","",AD24) | K24: 0 | L24: מתמחה | M24: אג"ח | N24: אג"ח | O24: 0 | Q24: 0 | S24: =AM24 -> 11939 | T24: =AN24 -> אפ.אמ.אר תפעול | U24: =AL24 -> קל גמל קופת גמל לחסכון | V24: =AQ24 -> 514741552 | W24: =AR24 -> סלייס גמל בע"מ | AC24: פעיל | AE24: 42848.533 | AF24: 60 ומעלה | AG24: מדרגות | AH24: לפי מודל חכ"מ | AI24: קל גמל קופת גמל לחסכון מדרגות 60 ומעלה | AJ24: קל גמל קופת גמל לחסכון מדרגות 60 ומעלה | AK24: 11981 | AL24: קל גמל קופת גמל לחסכון | AM24: 11939 | AN24: אפ.אמ.אר תפעול | AP24: ליבורנה | AQ24: 514741552 | AR24: סלייס גמל בע"מ | AS24: 514767490 | AT24: גמל
A25: =AT25 -> גמל | B25: =AK25 -> 11942 | C25: 28946 | D25: =AJ25 -> קל גמל קופת גמל לחסכון אג"ח אג"ח | E25: הראל אג"ח עד 25% מניות | F25: מסלול השקעות | G25: רישיון מוצר | H25: =AC25 -> פעיל | I25: =IF(AE25="","",AE25) -> 42848.533 | J25: =IF(AD25="","",AD25) | K25: 0 | L25: מתמחה | M25: אג"ח | N25: אג"ח | O25: 0 | Q25: 0 | S25: =AM25 -> 11939 | T25: =AN25 -> אפ.אמ.אר תפעול | U25: =AL25 -> קל גמל קופת גמל לחסכון | V25: =AQ25 -> 514741552 | W25: =AR25 -> סלייס גמל בע"מ | AC25: פעיל | AE25: 42848.533 | AF25: אג"ח | AG25: אג"ח | AH25: מתמחה | AI25: קל גמל קופת גמל לחסכון אג"ח אג"ח | AJ25: קל גמל קופת גמל לחסכון אג"ח אג"ח | AK25: 11942 | AL25: קל גמל קופת גמל לחסכון | AM25: 11939 | AN25: אפ.אמ.אר תפעול | AP25: ליבורנה | AQ25: 514741552 | AR25: סלייס גמל בע"מ | AS25: 514767490 | AT25: גמל
A26: =AT26 -> גמל | B26: =AK26 -> 11943 | C26: 28946 | D26: =AJ26 -> קל גמל קופת גמל לחסכון מניות מניות | E26: הראל אג"ח עד 25% מניות | F26: מסלול השקעות | G26: רישיון מוצר | H26: =AC26 -> פעיל | I26: =IF(AE26="","",AE26) -> 42848.533 | J26: =IF(AD26="","",AD26) | K26: 0 | L26: מתמחה | M26: אג"ח | N26: אג"ח | O26: 0 | Q26: 0 | S26: =AM26 -> 11939 | T26: =AN26 -> אפ.אמ.אר תפעול | U26: =AL26 -> קל גמל קופת גמל לחסכון | V26: =AQ26 -> 514741552 | W26: =AR26 -> סלייס גמל בע"מ | AC26: פעיל | AE26: 42848.533 | AF26: מניות | AG26: מניות | AH26: מתמחה | AI26: קל גמל קופת גמל לחסכון מניות מניות | AJ26: קל גמל קופת גמל לחסכון מניות מניות | AK26: 11943 | AL26: קל גמל קופת גמל לחסכון | AM26: 11939 | AN26: אפ.אמ.אר תפעול | AP26: ליבורנה | AQ26: 514741552 | AR26: סלייס גמל בע"מ | AS26: 514767490 | AT26: גמל
A27: =AT27 -> גמל | B27: =AK27 -> 11944 | C27: 28946 | D27: =AJ27 -> קל גמל קופת גמל לחסכון חו"ל חו"ל | E27: הראל אג"ח עד 25% מניות | F27: מסלול השקעות | G27: רישיון מוצר | H27: =AC27 -> פעיל | I27: =IF(AE27="","",AE27) -> 42848.533 | J27: =IF(AD27="","",AD27) | K27: 0 | L27: מתמחה | M27: אג"ח | N27: אג"ח | O27: 0 | Q27: 0 | S27: =AM27 -> 11939 | T27: =AN27 -> אפ.אמ.אר תפעול | U27: =AL27 -> קל גמל קופת גמל לחסכון | V27: =AQ27 -> 514741552 | W27: =AR27 -> סלייס גמל בע"מ | AC27: פעיל | AE27: 42848.533 | AF27: חו"ל | AG27: חו"ל | AH27: מתמחה | AI27: קל גמל קופת גמל לחסכון חו"ל חו"ל | AJ27: קל גמל קופת גמל לחסכון חו"ל חו"ל | AK27: 11944 | AL27: קל גמל קופת גמל לחסכון | AM27: 11939 | AN27: אפ.אמ.אר תפעול | AP27: ליבורנה | AQ27: 514741552 | AR27: סלייס גמל בע"מ | AS27: 514767490 | AT27: גמל
A28: =AT28 -> גמל | B28: =AK28 -> 11945 | C28: 28946 | D28: =AJ28 -> קל גמל קופת גמל לחסכון מדד אג"ח | E28: הראל אג"ח עד 25% מניות | F28: מסלול השקעות | G28: רישיון מוצר | H28: =AC28 -> פעיל | I28: =IF(AE28="","",AE28) -> 42848.533 | J28: =IF(AD28="","",AD28) | K28: 0 | L28: מתמחה | M28: אג"ח | N28: אג"ח | O28: 0 | Q28: 0 | S28: =AM28 -> 11939 | T28: =AN28 -> אפ.אמ.אר תפעול | U28: =AL28 -> קל גמל קופת גמל לחסכון | V28: =AQ28 -> 514741552 | W28: =AR28 -> סלייס גמל בע"מ | AC28: פעיל | AE28: 42848.533 | AF28: אג"ח | AG28: מדד | AH28: מתמחה | AI28: קל גמל קופת גמל לחסכון מדד אג"ח | AJ28: קל גמל קופת גמל לחסכון מדד אג"ח | AK28: 11945 | AL28: קל גמל קופת גמל לחסכון | AM28: 11939 | AN28: אפ.אמ.אר תפעול | AP28: ליבורנה | AQ28: 514741552 | AR28: סלייס גמל בע"מ | AS28: 514767490 | AT28: גמל
A29: =AT29 -> גמל | B29: =AK29 -> 11946 | C29: 28946 | D29: =AJ29 -> קל גמל קופת גמל לחסכון מדד מניות | E29: הראל אג"ח עד 25% מניות | F29: מסלול השקעות | G29: רישיון מוצר | H29: =AC29 -> פעיל | I29: =IF(AE29="","",AE29) -> 42848.533 | J29: =IF(AD29="","",AD29) | K29: 0 | L29: מתמחה | M29: אג"ח | N29: אג"ח | O29: 0 | Q29: 0 | S29: =AM29 -> 11939 | T29: =AN29 -> אפ.אמ.אר תפעול | U29: =AL29 -> קל גמל קופת גמל לחסכון | V29: =AQ29 -> 514741552 | W29: =AR29 -> סלייס גמל בע"מ | AC29: פעיל | AE29: 42848.533 | AF29: מניות | AG29: מדד | AH29: מתמחה | AI29: קל גמל קופת גמל לחסכון מדד מניות | AJ29: קל גמל קופת גמל לחסכון מדד מניות | AK29: 11946 | AL29: קל גמל קופת גמל לחסכון | AM29: 11939 | AN29: אפ.אמ.אר תפעול | AP29: ליבורנה | AQ29: 514741552 | AR29: סלייס גמל בע"מ | AS29: 514767490 | AT29: גמל
A30: =AT30 -> גמל | B30: =AK30 -> 11947 | C30: 28946 | D30: =AJ30 -> קל גמל קופת גמל לחסכון מדד מניות ישראל | E30: הראל אג"ח עד 25% מניות | F30: מסלול השקעות | G30: רישיון מוצר | H30: =AC30 -> פעיל | I30: =IF(AE30="","",AE30) -> 42848.533 | J30: =IF(AD30="","",AD30) | K30: 0 | L30: מתמחה | M30: אג"ח | N30: אג"ח | O30: 0 | Q30: 0 | S30: =AM30 -> 11939 | T30: =AN30 -> אפ.אמ.אר תפעול | U30: =AL30 -> קל גמל קופת גמל לחסכון | V30: =AQ30 -> 514741552 | W30: =AR30 -> סלייס גמל בע"מ | AC30: פעיל | AE30: 42848.533 | AF30: מניות ישראל | AG30: מדד | AH30: מתמחה | AI30: קל גמל קופת גמל לחסכון מדד מניות ישראל | AJ30: קל גמל קופת גמל לחסכון מדד מניות ישראל | AK30: 11947 | AL30: קל גמל קופת גמל לחסכון | AM30: 11939 | AN30: אפ.אמ.אר תפעול | AP30: ליבורנה | AQ30: 514741552 | AR30: סלייס גמל בע"מ | AS30: 514767490 | AT30: גמל
A31: =AT31 -> גמל | B31: =AK31 -> 11948 | C31: 28946 | D31: =AJ31 -> קל גמל קופת גמל לחסכון מדד אג"ח ישראל | E31: הראל אג"ח עד 25% מניות | F31: מסלול השקעות | G31: רישיון מוצר | H31: =AC31 -> פעיל | I31: =IF(AE31="","",AE31) -> 42848.533 | J31: =IF(AD31="","",AD31) | K31: 0 | L31: מתמחה | M31: אג"ח | N31: אג"ח | O31: 0 | Q31: 0 | S31: =AM31 -> 11939 | T31: =AN31 -> אפ.אמ.אר תפעול | U31: =AL31 -> קל גמל קופת גמל לחסכון | V31: =AQ31 -> 514741552 | W31: =AR31 -> סלייס גמל בע"מ | AC31: פעיל | AE31: 42848.533 | AF31: אג"ח ישראל | AG31: מדד | AH31: מתמחה | AI31: קל גמל קופת גמל לחסכון מדד אג"ח ישראל | AJ31: קל גמל קופת גמל לחסכון מדד אג"ח ישראל | AK31: 11948 | AL31: קל גמל קופת גמל לחסכון | AM31: 11939 | AN31: אפ.אמ.אר תפעול | AP31: ליבורנה | AQ31: 514741552 | AR31: סלייס גמל בע"מ | AS31: 514767490 | AT31: גמל
A32: =AT32 -> גמל | B32: =AK32 -> 11949 | C32: 28946 | D32: =AJ32 -> קל גמל קופת גמל לחסכון מדד חו"ל | E32: הראל אג"ח עד 25% מניות | F32: מסלול השקעות | G32: רישיון מוצר | H32: =AC32 -> פעיל | I32: =IF(AE32="","",AE32) -> 42848.533 | J32: =IF(AD32="","",AD32) | K32: 0 | L32: מתמחה | M32: אג"ח | N32: אג"ח | O32: 0 | Q32: 0 | S32: =AM32 -> 11939 | T32: =AN32 -> אפ.אמ.אר תפעול | U32: =AL32 -> קל גמל קופת גמל לחסכון | V32: =AQ32 -> 514741552 | W32: =AR32 -> סלייס גמל בע"מ | AC32: פעיל | AE32: 42848.533 | AF32: חו"ל | AG32: מדד | AH32: מתמחה | AI32: קל גמל קופת גמל לחסכון מדד חו"ל | AJ32: קל גמל קופת גמל לחסכון מדד חו"ל | AK32: 11949 | AL32: קל גמל קופת גמל לחסכון | AM32: 11939 | AN32: אפ.אמ.אר תפעול | AP32: ליבורנה | AQ32: 514741552 | AR32: סלייס גמל בע"מ | AS32: 514767490 | AT32: גמל
A33: =AT33 -> גמל | B33: =AK33 -> 11950 | C33: 28946 | D33: =AJ33 -> קל גמל קופת גמל לחסכון אג"ח צמוד מדד בינוני | E33: הראל אג"ח עד 25% מניות | F33: מסלול השקעות | G33: רישיון מוצר | H33: =AC33 -> פעיל | I33: =IF(AE33="","",AE33) -> 42848.533 | J33: =IF(AD33="","",AD33) | K33: 0 | L33: מתמחה | M33: אג"ח | N33: אג"ח | O33: 0 | Q33: 0 | S33: =AM33 -> 11939 | T33: =AN33 -> אפ.אמ.אר תפעול | U33: =AL33 -> קל גמל קופת גמל לחסכון | V33: =AQ33 -> 514741552 | W33: =AR33 -> סלייס גמל בע"מ | AC33: פעיל | AE33: 42848.533 | AF33: צמוד מדד בינוני | AG33: אג"ח | AH33: מתמחה | AI33: קל גמל קופת גמל לחסכון אג"ח צמוד מדד בינוני | AJ33: קל גמל קופת גמל לחסכון אג"ח צמוד מדד בינוני | AK33: 11950 | AL33: קל גמל קופת גמל לחסכון | AM33: 11939 | AN33: אפ.אמ.אר תפעול | AP33: ליבורנה | AQ33: 514741552 | AR33: סלייס גמל בע"מ | AS33: 514767490 | AT33: גמל
... A66: =AT66 -> גמל | B66: =AK66 -> 11345 | C66: 28946 | D66: =AJ66 -> קל גמל חסכון לילד - חוסכים המעדיפים סיכון מוגבר | E66: הראל אג"ח עד 25% מניות | F66: מסלול השקעות | G66: רישיון מוצר | H66: =AC66 -> פעיל | I66: =IF(AE66="","",AE66) -> 42684.732 | J66: =IF(AD66="","",AD66) | K66: 0 | L66: מתמחה | M66: אג"ח | N66: אג"ח | O66: 0 | Q66: 0 | S66: =AM66 -> 11342 | T66: =AN66 -> אפ.אמ.אר תפעול | U66: =AL66 -> קל גמל להשקעה - חסכון לכל ילד | V66: =AQ66 -> 514741552 | W66: =AR66 -> סלייס גמל בע"מ | AC66: פעיל | AE66: 42684.732 | AF66: חוסכים המעדיפים סיכון מוגבר | AG66: אחר | AH66: מתמחה | AI66: קל גמל חסכון לילד - חוסכים המעדיפים סיכון מוגבר | AJ66: קל גמל חסכון לילד - חוסכים המעדיפים סיכון מוגבר | AK66: 11345 | AL66: קל גמל להשקעה - חסכון לכל ילד | AM66: 11342 | AN66: אפ.אמ.אר תפעול | AP66: ליבורנה | AQ66: 514741552 | AR66: סלייס גמל בע"מ | AS66: 514767490 | AT66: גמל
A67: =AT67 -> גמל | B67: =AK67 -> 11346 | C67: 28946 | D67: =AJ67 -> קל גמל להשקעה - חסכון לכל ילד הלכתי הלכה איסלאמית | E67: הראל אג"ח עד 25% מניות | F67: מסלול השקעות | G67: רישיון מוצר | H67: =AC67 -> לא פעיל | I67: =IF(AE67="","",AE67) -> 42684.732 | J67: =IF(AD67="","",AD67) -> 42712.728 | K67: 0 | L67: מתמחה | M67: אג"ח | N67: אג"ח | O67: 0 | Q67: 0 | S67: =AM67 -> 11342 | T67: =AN67 -> אפ.אמ.אר תפעול | U67: =AL67 -> קל גמל להשקעה - חסכון לכל ילד | V67: =AQ67 -> 514741552 | W67: =AR67 -> סלייס גמל בע"מ | AC67: לא פעיל | AD67: 42712.728 | AE67: 42684.732 | AF67: שריעה | AG67: הלכתי | AH67: אידיאולוגי | AI67: קל חיסכון לילד הלכתי הלכה איסלאמית | AJ67: קל גמל להשקעה - חסכון לכל ילד הלכתי הלכה איסלאמית | AK67: 11346 | AL67: קל גמל להשקעה - חסכון לכל ילד | AM67: 11342 | AN67: אפ.אמ.אר תפעול | AP67: ליבורנה | AQ67: 514741552 | AR67: סלייס גמל בע"מ | AS67: 514767490 | AT67: גמל
A68: =AT68 -> גמל | B68: =AK68 -> 11347 | C68: 28946 | D68: =AJ68 -> קל גמל להשקעה - חסכון לכל ילד הלכתי הלכה יהודית | E68: הראל אג"ח עד 25% מניות | F68: מסלול השקעות | G68: רישיון מוצר | H68: =AC68 -> לא פעיל | I68: =IF(AE68="","",AE68) -> 42684.732 | J68: =IF(AD68="","",AD68) -> 42712.728 | K68: 0 | L68: מתמחה | M68: אג"ח | N68: אג"ח | O68: 0 | Q68: 0 | S68: =AM68 -> 11342 | T68: =AN68 -> אפ.אמ.אר תפעול | U68: =AL68 -> קל גמל להשקעה - חסכון לכל ילד | V68: =AQ68 -> 514741552 | W68: =AR68 -> סלייס גמל בע"מ | AC68: לא פעיל | AD68: 42712.728 | AE68: 42684.732 | AF68: הלכה | AG68: הלכתי | AH68: אידיאולוגי | AI68: קל חיסכון לילד הלכתי הלכה יהודית | AJ68: קל גמל להשקעה - חסכון לכל ילד הלכתי הלכה יהודית | AK68: 11347 | AL68: קל גמל להשקעה - חסכון לכל ילד | AM68: 11342 | AN68: אפ.אמ.אר תפעול | AP68: ליבורנה | AQ68: 514741552 | AR68: סלייס גמל בע"מ | AS68: 514767490 | AT68: גמל
A69: =AT69 -> גמל | B69: =AK69 -> 11388 | C69: 28946 | D69: =AJ69 -> מיטב דש קופת גמל להשקעה לחיסכון ארוך טווח לילד הלכתי הלכה יהודית | E69: הראל אג"ח עד 25% מניות | F69: מסלול השקעות | G69: רישיון מוצר | H69: =AC69 -> פעיל | I69: =IF(AE69="","",AE69) -> 42684.572 | J69: =IF(AD69="","",AD69) | K69: 0 | L69: מתמחה | M69: אג"ח | N69: אג"ח | O69: 0 | Q69: 0 | S69: =AM69 -> 11329 | T69: =AN69 -> בנק מזרחי טפחות בע"מ | U69: =AL69 -> מיטב דש קופת גמל להשקעה לחיסכון ארוך טווח לילד | V69: =AQ69 -> 520043795 | W69: =AR69 -> מיטב דש גמל ופנסיה בע"מ | AC69: פעיל | AE69: 42684.572 | AF69: הלכה | AG69: הלכתי | AH69: אידיאולוגי | AI69: מיטב דש חיסכון לילד - הלכה | AJ69: מיטב דש קופת גמל להשקעה לחיסכון ארוך טווח לילד הלכתי הלכה יהודית | AK69: 11388 | AL69: מיטב דש קופת גמל להשקעה לחיסכון ארוך טווח לילד | AM69: 11329 | AN69: בנק מזרחי טפחות בע"מ | AP69: מיטב דש השקעות בע"מ | AQ69: 520043795 | AR69: מיטב דש גמל ופנסיה בע"מ | AS69: 512065202 | AT69: גמל
A70: =AT70 -> גמל | B70: =AK70 -> 11388 | C70: 28946 | D70: =AJ70 -> מיטב דש קופת גמל להשקעה לחיסכון ארוך טווח לילד הלכתי הלכה יהודית | E70: הראל אג"ח עד 25% מניות | F70: מסלול השקעות | G70: רישיון מוצר | H70: =AC70 -> פעיל | I70: =IF(AE70="","",AE70) -> 42684.572 | J70: =IF(AD70="","",AD70) | K70: 0 | L70: מתמחה | M70: אג"ח | N70: אג"ח | O70: 0 | Q70: 0 | S70: =AM70 -> 11329 | T70: =AN70 -> בנק מזרחי טפחות בע"מ | U70: =AL70 -> מיטב דש קופת גמל להשקעה לחיסכון ארוך טווח לילד | V70: =AQ70 -> 520043795 | W70: =AR70 -> מיטב דש גמל ופנסיה בע"מ | AC70: פעיל | AE70: 42684.572 | AF70: הלכה | AG70: הלכתי | AH70: אידיאולוגי | AI70: מיטב דש חיסכון לילד - הלכה | AJ70: מיטב דש קופת גמל להשקעה לחיסכון ארוך טווח לילד הלכתי הלכה יהודית | AK70: 11388 | AL70: מיטב דש קופת גמל להשקעה לחיסכון ארוך טווח לילד | AM70: 11329 | AN70: בנק מזרחי טפחות בע"מ | AP70: מיטב דש השקעות בע"מ | AQ70: 520043795 | AR70: מיטב דש גמל ופנסיה בע"מ | AS70: 512065202 | AT70: גמל
A71: =AT71 -> גמל | B71: =AK71 -> 11387 | C71: 28946 | D71: =AJ71 -> מיטב דש קופת גמל להשקעה לחיסכון ארוך טווח לילד אחר חיסכון לכל ילד - חוסכים המעדיפים סיכון מוגבר | E71: הראל אג"ח עד 25% מניות | F71: מסלול השקעות | G71: רישיון מוצר | H71: =AC71 -> פעיל | I71: =IF(AE71="","",AE71) -> 42684.572 | J71: =IF(AD71="","",AD71) | K71: 0 | L71: מתמחה | M71: אג"ח | N71: אג"ח | O71: 0 | Q71: 0 | S71: =AM71 -> 11329 | T71: =AN71 -> בנק מזרחי טפחות בע"מ | U71: =AL71 -> מיטב דש קופת גמל להשקעה לחיסכון ארוך טווח לילד | V71: =AQ71 -> 520043795 | W71: =AR71 -> מיטב דש גמל ופנסיה בע"מ | AC71: פעיל | AE71: 42684.572 | AF71: חוסכים המעדיפים סיכון מוגבר | AG71: אחר | AH71: מתמחה | AI71: מיטב דש חיסכון לילד - חוסכים המעדיפים סיכון מוגבר | AJ71: מיטב דש קופת גמל להשקעה לחיסכון ארוך טווח לילד אחר חיסכון לכל ילד - חוסכים המעדיפים סיכון מוגבר | AK71: 11387 | AL71: מיטב דש קופת גמל להשקעה לחיסכון ארוך טווח לילד | AM71: 11329 | AN71: בנק מזרחי טפחות בע"מ | AP71: מיטב דש השקעות בע"מ | AQ71: 520043795 | AR71: מיטב דש גמל ופנסיה בע"מ | AS71: 512065202 | AT71: גמל
A72: =AT72 -> גמל | B72: =AK72 -> 11387 | C72: 28946 | D72: =AJ72 -> מיטב דש קופת גמל להשקעה לחיסכון ארוך טווח לילד אחר חיסכון לכל ילד - חוסכים המעדיפים סיכון מוגבר | E72: הראל אג"ח עד 25% מניות | F72: מסלול השקעות | G72: רישיון מוצר | H72: =AC72 -> פעיל | I72: =IF(AE72="","",AE72) -> 42684.572 | J72: =IF(AD72="","",AD72) | K72: 0 | L72: מתמחה | M72: אג"ח | N72: אג"ח | O72: 0 | Q72: 0 | S72: =AM72 -> 11329 | T72: =AN72 -> בנק מזרחי טפחות בע"מ | U72: =AL72 -> מיטב דש קופת גמל להשקעה לחיסכון ארוך טווח לילד | V72: =AQ72 -> 520043795 | W72: =AR72 -> מיטב דש גמל ופנסיה בע"מ | AC72: פעיל | AE72: 42684.572 | AF72: חוסכים המעדיפים סיכון מוגבר | AG72: אחר | AH72: מתמחה | AI72: מיטב דש חיסכון לילד - חוסכים המעדיפים סיכון מוגבר | AJ72: מיטב דש קופת גמל להשקעה לחיסכון ארוך טווח לילד אחר חיסכון לכל ילד - חוסכים המעדיפים סיכון מוגבר | AK72: 11387 | AL72: מיטב דש קופת גמל להשקעה לחיסכון ארוך טווח לילד | AM72: 11329 | AN72: בנק מזרחי טפחות בע"מ | AP72: מיטב דש השקעות בע"מ | AQ72: 520043795 | AR72: מיטב דש גמל ופנסיה בע"מ | AS72: 512065202 | AT72: גמל
A73: =AT73 -> גמל | B73: =AK73 -> 11386 | C73: 28946 | D73: =AJ73 -> מיטב דש קופת גמל להשקעה לחיסכון ארוך טווח לילד אחר חיסכון לכל ילד - חוסכים המעדיפים סיכון בינוני | E73: הראל אג"ח עד 25% מניות | F73: מסלול השקעות | G73: רישיון מוצר | H73: =AC73 -> פעיל | I73: =IF(AE73="","",AE73) -> 42684.572 | J73: =IF(AD73="","",AD73) | K73: 0 | L73: מתמחה | M73: אג"ח | N73: אג"ח | O73: 0 | Q73: 0 | S73: =AM73 -> 11329 | T73: =AN73 -> בנק מזרחי טפחות בע"מ | U73: =AL73 -> מיטב דש קופת גמל להשקעה לחיסכון ארוך טווח לילד | V73: =AQ73 -> 520043795 | W73: =AR73 -> מיטב דש גמל ופנסיה בע"מ | AC73: פעיל | AE73: 42684.572 | AF73: חוסכים המעדיפים סיכון בינוני | AG73: אחר | AH73: מתמחה | AI73: מיטב דש חיסכון לילד - חוסכים המעדיפים סיכון בינוני | AJ73: מיטב דש קופת גמל להשקעה לחיסכון ארוך טווח לילד אחר חיסכון לכל ילד - חוסכים המעדיפים סיכון בינוני | AK73: 11386 | AL73: מיטב דש קופת גמל להשקעה לחיסכון ארוך טווח לילד | AM73: 11329 | AN73: בנק מזרחי טפחות בע"מ | AP73: מיטב דש השקעות בע"מ | AQ73: 520043795 | AR73: מיטב דש גמל ופנסיה בע"מ | AS73: 512065202 | AT73: גמל
A74: =AT74 -> גמל | B74: =AK74 -> 11385 | C74: 28946 | D74: =AJ74 -> מיטב דש קופת גמל להשקעה לחיסכון ארוך טווח לילד אחר חיסכון לכל ילד - חוסכים המעדיפים סיכון מועט | E74: הראל אג"ח עד 25% מניות | F74: מסלול השקעות | G74: רישיון מוצר | H74: =AC74 -> פעיל | I74: =IF(AE74="","",AE74) -> 42684.572 | J74: =IF(AD74="","",AD74) | K74: 0 | L74: מתמחה | M74: אג"ח | N74: אג"ח | O74: 0 | Q74: 0 | S74: =AM74 -> 11329 | T74: =AN74 -> בנק מזרחי טפחות בע"מ | U74: =AL74 -> מיטב דש קופת גמל להשקעה לחיסכון ארוך טווח לילד | V74: =AQ74 -> 520043795 | W74: =AR74 -> מיטב דש גמל ופנסיה בע"מ | AC74: פעיל | AE74: 42684.572 | AF74: חוסכים המעדיפים סיכון מועט | AG74: אחר | AH74: מתמחה | AI74: מיטב דש חיסכון לילד - חוסכים המעדיפים סיכון מועט | AJ74: מיטב דש קופת גמל להשקעה לחיסכון ארוך טווח לילד אחר חיסכון לכל ילד - חוסכים המעדיפים סיכון מועט | AK74: 11385 | AL74: מיטב דש קופת גמל להשקעה לחיסכון ארוך טווח לילד | AM74: 11329 | AN74: בנק מזרחי טפחות בע"מ | AP74: מיטב דש השקעות בע"מ | AQ74: 520043795 | AR74: מיטב דש גמל ופנסיה בע"מ | AS74: 512065202 | AT74: גמל
A75: =AT75 -> גמל | B75: =AK75 -> 11386 | C75: 28946 | D75: =AJ75 -> מיטב דש קופת גמל להשקעה לחיסכון ארוך טווח לילד אחר חיסכון לכל ילד - חוסכים המעדיפים סיכון בינוני | E75: הראל אג"ח עד 25% מניות | F75: מסלול השקעות | G75: רישיון מוצר | H75: =AC75 -> פעיל | I75: =IF(AE75="","",AE75) -> 42684.572 | J75: =IF(AD75="","",AD75) | K75: 0 | L75: מתמחה | M75: אג"ח | N75: אג"ח | O75: 0 | Q75: 0 | S75: =AM75 -> 11329 | T75: =AN75 -> בנק מזרחי טפחות בע"מ | U75: =AL75 -> מיטב דש קופת גמל להשקעה לחיסכון ארוך טווח לילד | V75: =AQ75 -> 520043795 | W75: =AR75 -> מיטב דש גמל ופנסיה בע"מ | AC75: פעיל | AE75: 42684.572 | AF75: חוסכים המעדיפים סיכון בינוני | AG75: אחר | AH75: מתמחה | AI75: מיטב דש חיסכון לילד - חוסכים המעדיפים סיכון בינוני | AJ75: מיטב דש קופת גמל להשקעה לחיסכון ארוך טווח לילד אחר חיסכון לכל ילד - חוסכים המעדיפים סיכון בינוני | AK75: 11386 | AL75: מיטב דש קופת גמל להשקעה לחיסכון ארוך טווח לילד | AM75: 11329 | AN75: בנק מזרחי טפחות בע"מ | AP75: מיטב דש השקעות בע"מ | AQ75: 520043795 | AR75: מיטב דש גמל ופנסיה בע"מ | AS75: 512065202 | AT75: גמל
A76: =AT76 -> גמל | B76: =AK76 -> 11385 | C76: 28946 | D76: =AJ76 -> מיטב דש קופת גמל להשקעה לחיסכון ארוך טווח לילד אחר חיסכון לכל ילד - חוסכים המעדיפים סיכון מועט | E76: הראל אג"ח עד 25% מניות | F76: מסלול השקעות | G76: רישיון מוצר | H76: =AC76 -> פעיל | I76: =IF(AE76="","",AE76) -> 42684.572 | J76: =IF(AD76="","",AD76) | K76: 0 | L76: מתמחה | M76: אג"ח | N76: אג"ח | O76: 0 | Q76: 0 | S76: =AM76 -> 11329 | T76: =AN76 -> בנק מזרחי טפחות בע"מ | U76: =AL76 -> מיטב דש קופת גמל להשקעה לחיסכון ארוך טווח לילד | V76: =AQ76 -> 520043795 | W76: =AR76 -> מיטב דש גמל ופנסיה בע"מ | AC76: פעיל | AE76: 42684.572 | AF76: חוסכים המעדיפים סיכון מועט | AG76: אחר | AH76: מתמחה | AI76: מיטב דש חיסכון לילד - חוסכים המעדיפים סיכון מועט | AJ76: מיטב דש קופת גמל להשקעה לחיסכון ארוך טווח לילד אחר חיסכון לכל ילד - חוסכים המעדיפים סיכון מועט | AK76: 11385 | AL76: מיטב דש קופת גמל להשקעה לחיסכון ארוך טווח לילד | AM76: 11329 | AN76: בנק מזרחי טפחות בע"מ | AP76: מיטב דש השקעות בע"מ | AQ76: 520043795 | AR76: מיטב דש גמל ופנסיה בע"מ | AS76: 512065202 | AT76: גמל
A77: =AT77 -> גמל | B77: =AK77 -> 11328 | C77: 28946 | D77: =AJ77 -> אלטשולר שחם חיסכון לילד הלכה | E77: הראל אג"ח עד 25% מניות | F77: מסלול השקעות | G77: רישיון מוצר | H77: =AC77 -> פעיל | I77: =IF(AE77="","",AE77) -> 42684.519 | J77: =IF(AD77="","",AD77) | K77: 0 | L77: מתמחה | M77: אג"ח | N77: אג"ח | O77: 0 | Q77: 0 | S77: =AM77 -> 11324 | T77: =AN77 -> לאומי | U77: =AL77 -> אלטשולר שחם חיסכון לילד | V77: =AQ77 -> 511446551 | W77: =AR77 -> אלטשולר שחם גמל ופנסיה בע"מ | AC77: פעיל | AE77: 42684.519 | AF77: הלכה | AG77: הלכתי | AH77: אידיאולוגי | AI77: אלטשולר שחם חיסכון לילד - הלכה | AJ77: אלטשולר שחם חיסכון לילד הלכה | AK77: 11328 | AL77: אלטשולר שחם חיסכון לילד | AM77: 11324 | AN77: לאומי | AP77: אלטשולר שחם בע"מ | AQ77: 511446551 | AR77: אלטשולר שחם גמל ופנסיה בע"מ | AS77: 513173393 | AT77: גמל
A78: =AT78 -> גמל | B78: =AK78 -> 11327 | C78: 28946 | D78: =AJ78 -> אלטשולר שחם חיסכון לילד לחוסכים המעדיפים סיכון מוגבר | E78: הראל אג"ח עד 25% מניות | F78: מסלול השקעות | G78: רישיון מוצר | H78: =AC78 -> פעיל | I78: =IF(AE78="","",AE78) -> 42684.519 | J78: =IF(AD78="","",AD78) | K78: 0 | L78: מתמחה | M78: אג"ח | N78: אג"ח | O78: 0 | Q78: 0 | S78: =AM78 -> 11324 | T78: =AN78 -> לאומי | U78: =AL78 -> אלטשולר שחם חיסכון לילד | V78: =AQ78 -> 511446551 | W78: =AR78 -> אלטשולר שחם גמל ופנסיה בע"מ | AC78: פעיל | AE78: 42684.519 | AF78: חוסכים המעדיפים סיכון מוגבר | AG78: אחר | AH78: מתמחה | AI78: אלטשולר שחם חיסכון לילד - חוסכים המעדיפים סיכון מוגבר | AJ78: אלטשולר שחם חיסכון לילד לחוסכים המעדיפים סיכון מוגבר | AK78: 11327 | AL78: אלטשולר שחם חיסכון לילד | AM78: 11324 | AN78: לאומי | AP78: אלטשולר שחם בע"מ | AQ78: 511446551 | AR78: אלטשולר שחם גמל ופנסיה בע"מ | AS78: 513173393 | AT78: גמל
A79: =AT79 -> גמל | B79: =AK79 -> 11326 | C79: 28946 | D79: =AJ79 -> אלטשולר שחם חיסכון לילד לחוסכים המעדיפים סיכון בינוני | E79: הראל אג"ח עד 25% מניות | F79: מסלול השקעות | G79: רישיון מוצר | H79: =AC79 -> פעיל | I79: =IF(AE79="","",AE79) -> 42684.519 | J79: =IF(AD79="","",AD79) | K79: 0 | L79: מתמחה | M79: אג"ח | N79: אג"ח | O79: 0 | Q79: 0 | S79: =AM79 -> 11324 | T79: =AN79 -> לאומי | U79: =AL79 -> אלטשולר שחם חיסכון לילד | V79: =AQ79 -> 511446551 | W79: =AR79 -> אלטשולר שחם גמל ופנסיה בע"מ | AC79: פעיל | AE79: 42684.519 | AF79: חוסכים המעדיפים סיכון בינוני | AG79: אחר | AH79: מתמחה | AI79: אלטשולר שחם חיסכון לילד - חוסכים המעדיפים סיכון בינוני | AJ79: אלטשולר שחם חיסכון לילד לחוסכים המעדיפים סיכון בינוני | AK79: 11326 | AL79: אלטשולר שחם חיסכון לילד | AM79: 11324 | AN79: לאומי | AP79: אלטשולר שחם בע"מ | AQ79: 511446551 | AR79: אלטשולר שחם גמל ופנסיה בע"מ | AS79: 513173393 | AT79: גמל
A80: =AT80 -> גמל | B80: =AK80 -> 11325 | C80: 28946 | D80: =AJ80 -> אלטשולר שחם חיסכון לילד לחוסכים המעדיפים סיכון מועט | E80: הראל אג"ח עד 25% מניות | F80: מסלול השקעות | G80: רישיון מוצר | H80: =AC80 -> פעיל | I80: =IF(AE80="","",AE80) -> 42684.519 | J80: =IF(AD80="","",AD80) | K80: 0 | L80: מתמחה | M80: אג"ח | N80: אג"ח | O80: 0 | Q80: 0 | S80: =AM80 -> 11324 | T80: =AN80 -> לאומי | U80: =AL80 -> אלטשולר שחם חיסכון לילד | V80: =AQ80 -> 511446551 | W80: =AR80 -> אלטשולר שחם גמל ופנסיה בע"מ | AC80: פעיל | AE80: 42684.519 | AF80: חוסכים המעדיפים סיכון מועט | AG80: אחר | AH80: מתמחה | AI80: אלטשולר שחם חיסכון לילד - חוסכים המעדיפים סיכון מועט | AJ80: אלטשולר שחם חיסכון לילד לחוסכים המעדיפים סיכון מועט | AK80: 11325 | AL80: אלטשולר שחם חיסכון לילד | AM80: 11324 | AN80: לאומי | AP80: אלטשולר שחם בע"מ | AQ80: 511446551 | AR80: אלטשולר שחם גמל ופנסיה בע"מ | AS80: 513173393 | AT80: גמל
... A92: =AT92 -> גמל | B92: =AK92 -> 9896 | C92: 28946 | D92: =AJ92 -> מגדל חסכון לילד - חוסכים המעדיפים סיכון מועט | E92: הראל אג"ח עד 25% מניות | F92: מסלול השקעות | G92: רישיון מוצר | H92: =AC92 -> פעיל | I92: =IF(AE92="","",AE92) -> 42683.614 | J92: =IF(AD92="","",AD92) | K92: 0 | L92: מתמחה | M92: אג"ח | N92: אג"ח | O92: 0 | Q92: 0 | S92: =AM92 -> 9894 | T92: =AN92 -> לאומי | U92: =AL92 -> מגדל חסכון לילד | V92: =AQ92 -> 510464803 | W92: =AR92 -> מגדל מקפת קרנות פנסיה וקופות גמל בע"מ | AC92: פעיל | AE92: 42683.614 | AF92: חוסכים המעדיפים סיכון מועט | AG92: אחר | AH92: מתמחה | AI92: מגדל חסכון לילד - חוסכים המעדיפים סיכון מועט | AJ92: מגדל חסכון לילד - חוסכים המעדיפים סיכון מועט | AK92: 9896 | AL92: מגדל חסכון לילד | AM92: 9894 | AN92: לאומי | AP92: שלמה אליהו אחזקות בע"מ | AQ92: 510464803 | AR92: מגדל מקפת קרנות פנסיה וקופות גמל בע"מ | AS92: 512237744 | AT92: גמל
A93: =AT93 -> גמל | B93: =AK93 -> 9728 | C93: 28946 | D93: =AJ93 -> איילון קופת גמל מרכזית להשתתפות בפנסיה תקציבית כללי כללי | E93: הראל אג"ח עד 25% מניות | F93: מסלול השקעות | G93: רישיון מוצר | H93: =AC93 -> לא פעיל | I93: =IF(AE93="","",AE93) -> 42289.675 | J93: =IF(AD93="","",AD93) -> 42326.447 | K93: 0 | L93: מתמחה | M93: אג"ח | N93: אג"ח | O93: 0 | Q93: 0 | S93: =AM93 -> 9727 | T93: =AN93 -> הבנק הבינלאומי הראשון | U93: =AL93 -> איילון קופת גמל מרכזית להשתתפות בפנסיה תקציבית | V93: =AQ93 -> 520030677 | W93: =AR93 -> איילון פנסיה וגמל בע"מ | AC93: לא פעיל | AD93: 42326.447 | AE93: 42289.675 | AF93: כללי | AG93: כללי | AH93: כללי | AI93: איילון קופת גמל מרכזית לפנסיה תקציבית כללי כללי | AJ93: איילון קופת גמל מרכזית להשתתפות בפנסיה תקציבית כללי כללי | AK93: 9728 | AL93: איילון קופת גמל מרכזית להשתתפות בפנסיה תקציבית | AM93: 9727 | AN93: הבנק הבינלאומי הראשון | AP93: איילון אחזקות | AQ93: 520030677 | AR93: איילון פנסיה וגמל בע"מ | AS93: 513741017 | AT93: גמל
A94: =AT94 -> גמל | B94: =AK94 -> 11367 | C94: 28946 | D94: =AJ94 -> אנליסט מסלולית - קופת גמל להשקעה לחיסכון ארוך טווח לילד - מסלול לחוסכים המעדיפים סיכון מוגבר | E94: הראל אג"ח עד 25% מניות | F94: מסלול השקעות | G94: רישיון מוצר | H94: =AC94 -> פעיל | I94: =IF(AE94="","",AE94) -> 42683.604 | J94: =IF(AD94="","",AD94) | K94: 0 | L94: מתמחה | M94: אג"ח | N94: אג"ח | O94: 0 | Q94: 0 | S94: =AM94 -> 9641 | T94: =AN94 -> הבנק הבינלאומי הראשון | U94: =AL94 -> אנליסט מסלולית - קופת גמל להשקעה לחיסכון ארוך טווח לילד | V94: =AQ94 -> 520041963 | W94: =AR94 -> אנליסט קופות גמל בע"מ | AC94: פעיל | AE94: 42683.604 | AF94: חוסכים המעדיפים סיכון מוגבר | AG94: אחר | AH94: מתמחה | AI94: אנליסט חיסכון לילד- חוסכים המעדיפים סיכון מוגבר | AJ94: אנליסט מסלולית - קופת גמל להשקעה לחיסכון ארוך טווח לילד - מסלול לחוסכים המעדיפים סיכון מוגבר | AK94: 11367 | AL94: אנליסט מסלולית - קופת גמל להשקעה לחיסכון ארוך טווח לילד | AM94: 9641 | AN94: הבנק הבינלאומי הראשון | AP94: אנליסט אי. אמ. אס. - שרותי ניהול השקעות בע"מ | AQ94: 520041963 | AR94: אנליסט קופות גמל בע"מ | AS94: 511880460 | AT94: גמל
A95: =AT95 -> גמל | B95: =AK95 -> 11366 | C95: 28946 | D95: =AJ95 -> אנליסט מסלולית - קופת גמל להשקעה לחיסכון ארוך טווח לילד - מסלול לחוסכים המעדיפים סיכון בינוני | E95: הראל אג"ח עד 25% מניות | F95: מסלול השקעות | G95: רישיון מוצר | H95: =AC95 -> פעיל | I95: =IF(AE95="","",AE95) -> 42683.604 | J95: =IF(AD95="","",AD95) | K95: 0 | L95: מתמחה | M95: אג"ח | N95: אג"ח | O95: 0 | Q95: 0 | S95: =AM95 -> 9641 | T95: =AN95 -> הבנק הבינלאומי הראשון | U95: =AL95 -> אנליסט מסלולית - קופת גמל להשקעה לחיסכון ארוך טווח לילד | V95: =AQ95 -> 520041963 | W95: =AR95 -> אנליסט קופות גמל בע"מ | AC95: פעיל | AE95: 42683.604 | AF95: חוסכים המעדיפים סיכון בינוני | AG95: אחר | AH95: מתמחה | AI95: אנליסט חיסכון לילד - חוסכים המעדיפים סיכון בינוני | AJ95: אנליסט מסלולית - קופת גמל להשקעה לחיסכון ארוך טווח לילד - מסלול לחוסכים המעדיפים סיכון בינוני | AK95: 11366 | AL95: אנליסט מסלולית - קופת גמל להשקעה לחיסכון ארוך טווח לילד | AM95: 9641 | AN95: הבנק הבינלאומי הראשון | AP95: אנליסט אי. אמ. אס. - שרותי ניהול השקעות בע"מ | AQ95: 520041963 | AR95: אנליסט קופות גמל בע"מ | AS95: 511880460 | AT95: גמל
A96: =AT96 -> גמל | B96: =AK96 -> 11365 | C96: 28946 | D96: =AJ96 -> אנליסט מסלולית - קופת גמל להשקעה לחיסכון ארוך טווח לילד - מסלול לחוסכים המעדיפים סיכון מועט | E96: הראל אג"ח עד 25% מניות | F96: מסלול השקעות | G96: רישיון מוצר | H96: =AC96 -> פעיל | I96: =IF(AE96="","",AE96) -> 42683.604 | J96: =IF(AD96="","",AD96) | K96: 0 | L96: מתמחה | M96: אג"ח | N96: אג"ח | O96: 0 | Q96: 0 | S96: =AM96 -> 9641 | T96: =AN96 -> הבנק הבינלאומי הראשון | U96: =AL96 -> אנליסט מסלולית - קופת גמל להשקעה לחיסכון ארוך טווח לילד | V96: =AQ96 -> 520041963 | W96: =AR96 -> אנליסט קופות גמל בע"מ | AC96: פעיל | AE96: 42683.604 | AF96: חוסכים המעדיפים סיכון מועט | AG96: אחר | AH96: מתמחה | AI96: אנליסט חיסכון לילד - חוסכים המעדיפים סיכון מועט | AJ96: אנליסט מסלולית - קופת גמל להשקעה לחיסכון ארוך טווח לילד - מסלול לחוסכים המעדיפים סיכון מועט | AK96: 11365 | AL96: אנליסט מסלולית - קופת גמל להשקעה לחיסכון ארוך טווח לילד | AM96: 9641 | AN96: הבנק הבינלאומי הראשון | AP96: אנליסט אי. אמ. אס. - שרותי ניהול השקעות בע"מ | AQ96: 520041963 | AR96: אנליסט קופות גמל בע"מ | AS96: 511880460 | AT96: גמל
A97: =AT97 -> גמל | B97: =AK97 -> 11407 | C97: 28946 | D97: =AJ97 -> אינפיניטי גמל להשקעה מניות | E97: הראל אג"ח עד 25% מניות | F97: מסלול השקעות | G97: רישיון מוצר | H97: =AC97 -> פעיל | I97: =IF(AE97="","",AE97) -> 42683.526 | J97: =IF(AD97="","",AD97) | K97: 0 | L97: מתמחה | M97: אג"ח | N97: אג"ח | O97: 0 | Q97: 0 | S97: =AM97 -> 9637 | T97: =AN97 -> בנק מזרחי טפחות בע"מ | U97: =AL97 -> אינפיניטי גמל להשקעה | V97: =AQ97 -> 512475104 | W97: =AR97 -> אינפיניטי ניהול השתלמות וגמל בע"מ | AC97: פעיל | AE97: 42683.526 | AF97: מניות | AG97: מניות | AH97: מתמחה | AI97: אינפיניטי גמל להשקעה מניות | AJ97: אינפיניטי גמל להשקעה מניות | AK97: 11407 | AL97: אינפיניטי גמל להשקעה | AM97: 9637 | AN97: בנק מזרחי טפחות בע"מ | AP97: אינפיניטי ניהול תיקי השקעות (בישראל ובעולם) בע"מ | AQ97: 512475104 | AR97: אינפיניטי ניהול השתלמות וגמל בע"מ | AS97: 513621110 | AT97: גמל
A98: =AT98 -> גמל | B98: =AK98 -> 9638 | C98: 28946 | D98: =AJ98 -> אינפיניטי גמל להשקעה כללי | E98: הראל אג"ח עד 25% מניות | F98: מסלול השקעות | G98: רישיון מוצר | H98: =AC98 -> פעיל | I98: =IF(AE98="","",AE98) -> 42683.526 | J98: =IF(AD98="","",AD98) | K98: 0 | L98: מתמחה | M98: אג"ח | N98: אג"ח | O98: 0 | Q98: 0 | S98: =AM98 -> 9637 | T98: =AN98 -> בנק מזרחי טפחות בע"מ | U98: =AL98 -> אינפיניטי גמל להשקעה | V98: =AQ98 -> 512475104 | W98: =AR98 -> אינפיניטי ניהול השתלמות וגמל בע"מ | AC98: פעיל | AE98: 42683.526 | AF98: כללי | AG98: כללי | AH98: כללי | AI98: אינפיניטי גמל להשקעה כללי | AJ98: אינפיניטי גמל להשקעה כללי | AK98: 9638 | AL98: אינפיניטי גמל להשקעה | AM98: 9637 | AN98: בנק מזרחי טפחות בע"מ | AP98: אינפיניטי ניהול תיקי השקעות (בישראל ובעולם) בע"מ | AQ98: 512475104 | AR98: אינפיניטי ניהול השתלמות וגמל בע"מ | AS98: 513621110 | AT98: גמל
A99: =AT99 -> גמל | B99: =AK99 -> 13228 | C99: 28946 | D99: =AJ99 -> אינפיניטי גמל להשקעה מסלול פאסיבי כללי | E99: הראל אג"ח עד 25% מניות | F99: מסלול השקעות | G99: רישיון מוצר | H99: =AC99 -> פעיל | I99: =IF(AE99="","",AE99) -> 42683.526 | J99: =IF(AD99="","",AD99) | K99: 0 | L99: מתמחה | M99: אג"ח | N99: אג"ח | O99: 0 | Q99: 0 | S99: =AM99 -> 9637 | T99: =AN99 -> בנק מזרחי טפחות בע"מ | U99: =AL99 -> אינפיניטי גמל להשקעה | V99: =AQ99 -> 512475104 | W99: =AR99 -> אינפיניטי ניהול השתלמות וגמל בע"מ | AC99: פעיל | AE99: 42683.526 | AF99: פאסיבי | AG99: כללי | AH99: כללי | AI99: אינפיניטי גמל להשקעה פאסיבי כללי | AJ99: אינפיניטי גמל להשקעה מסלול פאסיבי כללי | AK99: 13228 | AL99: אינפיניטי גמל להשקעה | AM99: 9637 | AN99: בנק מזרחי טפחות בע"מ | AP99: אינפיניטי ניהול תיקי השקעות (בישראל ובעולם) בע"מ | AQ99: 512475104 | AR99: אינפיניטי ניהול השתלמות וגמל בע"מ | AS99: 513621110 | AT99: גמל
A100: =AT100 -> גמל | B100: =AK100 -> 12540 | C100: 28946 | D100: =AJ100 -> אינפיניטי גמל להשקעה הלכה | E100: הראל אג"ח עד 25% מניות | F100: מסלול השקעות | G100: רישיון מוצר | H100: =AC100 -> פעיל | I100: =IF(AE100="","",AE100) -> 42683.526 | J100: =IF(AD100="","",AD100) | K100: 0 | L100: מתמחה | M100: אג"ח | N100: אג"ח | O100: 0 | Q100: 0 | S100: =AM100 -> 9637 | T100: =AN100 -> בנק מזרחי טפחות בע"מ | U100: =AL100 -> אינפיניטי גמל להשקעה | V100: =AQ100 -> 512475104 | W100: =AR100 -> אינפיניטי ניהול השתלמות וגמל בע"מ | AC100: פעיל | AE100: 42683.526 | AF100: הלכה | AG100: הלכתי | AH100: אידיאולוגי | AI100: אינפיניטי גמל להשקעה הלכה | AJ100: אינפיניטי גמל להשקעה הלכה | AK100: 12540 | AL100: אינפיניטי גמל להשקעה | AM100: 9637 | AN100: בנק מזרחי טפחות בע"מ | AP100: אינפיניטי ניהול תיקי השקעות (בישראל ובעולם) בע"מ | AQ100: 512475104 | AR100: אינפיניטי ניהול השתלמות וגמל בע"מ | AS100: 513621110 | AT100: גמל
A101: =AT101 -> גמל | B101: =AK101 -> 9639 | C101: 28946 | D101: =AJ101 -> אינפיניטי גמל להשקעה אג"ח עד 15% מניות | E101: הראל אג"ח עד 25% מניות | F101: מסלול השקעות | G101: רישיון מוצר | H101: =AC101 -> פעיל | I101: =IF(AE101="","",AE101) -> 42683.526 | J101: =IF(AD101="","",AD101) | K101: 0 | L101: מתמחה | M101: אג"ח | N101: אג"ח | O101: 0 | Q101: 0 | S101: =AM101 -> 9637 | T101: =AN101 -> בנק מזרחי טפחות בע"מ | U101: =AL101 -> אינפיניטי גמל להשקעה | V101: =AQ101 -> 512475104 | W101: =AR101 -> אינפיניטי ניהול השתלמות וגמל בע"מ | AC101: פעיל | AE101: 42683.526 | AF101: משולב מניות | AG101: אג"ח | AH101: מתמחה | AI101: אינפיניטי גמל להשקעה אג"ח עד 15% מניות | AJ101: אינפיניטי גמל להשקעה אג"ח עד 15% מניות | AK101: 9639 | AL101: אינפיניטי גמל להשקעה | AM101: 9637 | AN101: בנק מזרחי טפחות בע"מ | AP101: אינפיניטי ניהול תיקי השקעות (בישראל ובעולם) בע"מ | AQ101: 512475104 | AR101: אינפיניטי ניהול השתלמות וגמל בע"מ | AS101: 513621110 | AT101: גמל
A102: =AT102 -> גמל | B102: =AK102 -> 9539 | C102: 28946 | D102: =AJ102 -> אינפיניטי קופת גמל לפנסיה תקציבית | E102: הראל אג"ח עד 25% מניות | F102: מסלול השקעות | G102: רישיון מוצר | H102: =AC102 -> לא פעיל | I102: =IF(AE102="","",AE102) -> 42268.432 | J102: =IF(AD102="","",AD102) -> 42781.329 | K102: 0 | L102: מתמחה | M102: אג"ח | N102: אג"ח | O102: 0 | Q102: 0 | S102: =AM102 -> 9538 | T102: =AN102 -> לאומי | U102: =AL102 -> אינפיניטי קופת גמל לפנסיה תקציבית | V102: =AQ102 -> 512475104 | W102: =AR102 -> אינפיניטי ניהול השתלמות וגמל בע"מ | AC102: לא פעיל | AD102: 42781.329 | AE102: 42268.432 | AF102: כללי | AG102: כללי | AH102: כללי | AI102: אינפיניטי גמל לפנסיה תקציבית | AJ102: אינפיניטי קופת גמל לפנסיה תקציבית | AK102: 9539 | AL102: אינפיניטי קופת גמל לפנסיה תקציבית | AM102: 9538 | AN102: לאומי | AP102: אינפיניטי ניהול תיקי השקעות (בישראל ובעולם) בע"מ | AQ102: 512475104 | AR102: אינפיניטי ניהול השתלמות וגמל בע"מ | AS102: 513621110 | AT102: גמל
A103: =AT103 -> גמל | B103: =AK103 -> 9491 | C103: 28946 | D103: =AJ103 -> מיטב דש מרכזית להשתתפות בפנסיה תקציבית כללי | E103: הראל אג"ח עד 25% מניות | F103: מסלול השקעות | G103: רישיון מוצר | H103: =AC103 -> פעיל | I103: =IF(AE103="","",AE103) -> 42250.487 | J103: =IF(AD103="","",AD103) | K103: 0 | L103: מתמחה | M103: אג"ח | N103: אג"ח | O103: 0 | Q103: 0 | S103: =AM103 -> 9490 | T103: =AN103 -> ד.ס.ש ייעוץ ושירותים בע"מ | U103: =AL103 -> מיטב דש מרכזית להשתתפות בפנסיה תקציבית | V103: =AQ103 -> 520043795 | W103: =AR103 -> מיטב דש גמל ופנסיה בע"מ | AC103: פעיל | AE103: 42250.487 | AF103: כללי | AG103: כללי | AH103: כללי | AI103: מיטב דש להשתתפות בפנסיה תקציבית כללי | AJ103: מיטב דש מרכזית להשתתפות בפנסיה תקציבית כללי | AK103: 9491 | AL103: מיטב דש מרכזית להשתתפות בפנסיה תקציבית | AM103: 9490 | AN103: ד.ס.ש ייעוץ ושירותים בע"מ | AP103: מיטב דש השקעות בע"מ | AQ103: 520043795 | AR103: מיטב דש גמל ופנסיה בע"מ | AS103: 512065202 | AT103: גמל
A104: =AT104 -> גמל | B104: =AK104 -> 9491 | C104: 28946 | D104: =AJ104 -> מיטב דש מרכזית להשתתפות בפנסיה תקציבית כללי | E104: הראל אג"ח עד 25% מניות | F104: מסלול השקעות | G104: רישיון מוצר | H104: =AC104 -> פעיל | I104: =IF(AE104="","",AE104) -> 42250.487 | J104: =IF(AD104="","",AD104) | K104: 0 | L104: מתמחה | M104: אג"ח | N104: אג"ח | O104: 0 | Q104: 0 | S104: =AM104 -> 9490 | T104: =AN104 -> ד.ס.ש ייעוץ ושירותים בע"מ | U104: =AL104 -> מיטב דש מרכזית להשתתפות בפנסיה תקציבית | V104: =AQ104 -> 520043795 | W104: =AR104 -> מיטב דש גמל ופנסיה בע"מ | AC104: פעיל | AE104: 42250.487 | AF104: כללי | AG104: כללי | AH104: כללי | AI104: מיטב דש להשתתפות בפנסיה תקציבית כללי | AJ104: מיטב דש מרכזית להשתתפות בפנסיה תקציבית כללי | AK104: 9491 | AL104: מיטב דש מרכזית להשתתפות בפנסיה תקציבית | AM104: 9490 | AN104: ד.ס.ש ייעוץ ושירותים בע"מ | AP104: מיטב דש השקעות בע"מ | AQ104: 520043795 | AR104: מיטב דש גמל ופנסיה בע"מ | AS104: 512065202 | AT104: גמל
A105: =AT105 -> גמל | B105: =AK105 -> 9484 | C105: 28946 | D105: =AJ105 -> הלמן-אלדובי קופת גמל מרכזית להשתתפות בפנסיה תקציבית | E105: הראל אג"ח עד 25% מניות | F105: מסלול השקעות | G105: רישיון מוצר | H105: =AC105 -> פעיל | I105: =IF(AE105="","",AE105) -> 42246.7 | J105: =IF(AD105="","",AD105) | K105: 0 | L105: מתמחה | M105: אג"ח | N105: אג"ח | O105: 0 | Q105: 0 | S105: =AM105 -> 9483 | T105: =AN105 -> חברת תפעול גמל בע"מ | U105: =AL105 -> הלמן-אלדובי קופת גמל מרכזית להשתתפות בפנסיה תקציבית | V105: =AQ105 -> 513163105 | W105: =AR105 -> הלמן - אלדובי קופות גמל ופנסיה בע"מ | AC105: פעיל | AE105: 42246.7 | AF105: כללי | AG105: כללי | AH105: כללי | AI105: הלמן-אלדובי פנסיה תקציבית | AJ105: הלמן-אלדובי קופת גמל מרכזית להשתתפות בפנסיה תקציבית | AK105: 9484 | AL105: הלמן-אלדובי קופת גמל מרכזית להשתתפות בפנסיה תקציבית | AM105: 9483 | AN105: חברת תפעול גמל בע"מ | AP105: הלמן אלדובי פיננסים בע"מ | AQ105: 513163105 | AR105: הלמן - אלדובי קופות גמל ופנסיה בע"מ | AS105: 512227265 | AT105: גמל
A106: =AT106 -> גמל | B106: =AK106 -> 9482 | C106: 28946 | D106: =AJ106 -> אי.בי.אי. - קופת גמל מרכזית להשתתפות בפנסיה תקציבית כללי כללי | E106: הראל אג"ח עד 25% מניות | F106: מסלול השקעות | G106: רישיון מוצר | H106: =AC106 -> לא פעיל | I106: =IF(AE106="","",AE106) -> 42246.644 | J106: =IF(AD106="","",AD106) -> 43290.461 | K106: 0 | L106: מתמחה | M106: אג"ח | N106: אג"ח | O106: 0 | Q106: 0 | S106: =AM106 -> 9481 | T106: =AN106 -> בנק הפועלים בע"מ | U106: =AL106 -> אי.בי.אי. - קופת גמל מרכזית להשתתפות בפנסיה תקציבית | V106: =AQ106 -> 0 | W106: =AR106 -> אי.בי.אי. חברת ניהול קופות גמל וקרנות השתלמות בע"מ | AC106: לא פעיל | AD106: 43290.461 | AE106: 42246.644 | AF106: כללי | AG106: כללי | AH106: כללי | AI106: אי.בי.אי. - קופת גמל מרכזית להשתתפות בפנסיה תקציבית כללי כללי | AJ106: אי.בי.אי. - קופת גמל מרכזית להשתתפות בפנסיה תקציבית כללי כללי | AK106: 9482 | AL106: אי.בי.אי. - קופת גמל מרכזית להשתתפות בפנסיה תקציבית | AM106: 9481 | AN106: בנק הפועלים בע"מ | AR106: אי.בי.אי. חברת ניהול קופות גמל וקרנות השתלמות בע"מ | AS106: 513789842 | AT106: גמל
A107: =AT107 -> גמל | B107: =AK107 -> 9555 | C107: 28946 | D107: =AJ107 -> הראל חיסכון לילד - הלכה | E107: הראל אג"ח עד 25% מניות | F107: מסלול השקעות | G107: רישיון מוצר | H107: =AC107 -> פעיל | I107: =IF(AE107="","",AE107) -> 42683.437 | J107: =IF(AD107="","",AD107) | K107: 0 | L107: מתמחה | M107: אג"ח | N107: אג"ח | O107: 0 | Q107: 0 | S107: =AM107 -> 9438 | T107: =AN107 -> הראל פנסיה | U107: =AL107 -> הראל חיסכון לכל ילד | V107: =AQ107 -> 520033986 | W107: =AR107 -> הראל פנסיה וגמל בע"מ | AC107: פעיל | AE107: 42683.437 | AF107: הלכה | AG107: הלכתי | AH107: אידיאולוגי | AI107: הראל חסכון לילד - הלכה | AJ107: הראל חיסכון לילד - הלכה | AK107: 9555 | AL107: הראל חיסכון לכל ילד | AM107: 9438 | AN107: הראל פנסיה | AP107: הראל השקעות בביטוח ושירותים פיננסיים בע"מ | AQ107: 520033986 | AR107: הראל פנסיה וגמל בע"מ | AS107: 512267592 | AT107: גמל
A108: =AT108 -> גמל | B108: =AK108 -> 11375 | C108: 28946 | D108: =AJ108 -> הראל חיסכון לילד - חוסכים המעדיפים סיכון מועט | E108: הראל אג"ח עד 25% מניות | F108: מסלול השקעות | G108: רישיון מוצר | H108: =AC108 -> פעיל | I108: =IF(AE108="","",AE108) -> 42683.437 | J108: =IF(AD108="","",AD108) | K108: 0 | L108: מתמחה | M108: אג"ח | N108: אג"ח | O108: 0 | Q108: 0 | S108: =AM108 -> 9438 | T108: =AN108 -> הראל פנסיה | U108: =AL108 -> הראל חיסכון לכל ילד | V108: =AQ108 -> 520033986 | W108: =AR108 -> הראל פנסיה וגמל בע"מ | AC108: פעיל | AE108: 42683.437 | AF108: חוסכים המעדיפים סיכון מועט | AG108: אחר | AH108: מתמחה | AI108: הראל חיסכון לילד - חוסכים המעדיפים סיכון מועט | AJ108: הראל חיסכון לילד - חוסכים המעדיפים סיכון מועט | AK108: 11375 | AL108: הראל חיסכון לכל ילד | AM108: 9438 | AN108: הראל פנסיה | AP108: הראל השקעות בביטוח ושירותים פיננסיים בע"מ | AQ108: 520033986 | AR108: הראל פנסיה וגמל בע"מ | AS108: 512267592 | AT108: גמל
A109: =AT109 -> גמל | B109: =AK109 -> 11376 | C109: 28946 | D109: =AJ109 -> הראל חיסכון לילד - חוסכים המעדיפים סיכון בינוני | E109: הראל אג"ח עד 25% מניות | F109: מסלול השקעות | G109: רישיון מוצר | H109: =AC109 -> פעיל | I109: =IF(AE109="","",AE109) -> 42683.437 | J109: =IF(AD109="","",AD109) | K109: 0 | L109: מתמחה | M109: אג"ח | N109: אג"ח | O109: 0 | Q109: 0 | S109: =AM109 -> 9438 | T109: =AN109 -> הראל פנסיה | U109: =AL109 -> הראל חיסכון לכל ילד | V109: =AQ109 -> 520033986 | W109: =AR109 -> הראל פנסיה וגמל בע"מ | AC109: פעיל | AE109: 42683.437 | AF109: חוסכים המעדיפים סיכון בינוני | AG109: אחר | AH109: מתמחה | AI109: הראל חיסכון לילד - חוסכים המעדיפים סיכון בינוני | AJ109: הראל חיסכון לילד - חוסכים המעדיפים סיכון בינוני | AK109: 11376 | AL109: הראל חיסכון לכל ילד | AM109: 9438 | AN109: הראל פנסיה | AP109: הראל השקעות בביטוח ושירותים פיננסיים בע"מ | AQ109: 520033986 | AR109: הראל פנסיה וגמל בע"מ | AS109: 512267592 | AT109: גמל
A110: =AT110 -> גמל | B110: =AK110 -> 11377 | C110: 28946 | D110: =AJ110 -> הראל חיסכון לילד - חוסכים המעדיפים סיכון מוגבר | E110: הראל אג"ח עד 25% מניות | F110: מסלול השקעות | G110: רישיון מוצר | H110: =AC110 -> פעיל | I110: =IF(AE110="","",AE110) -> 42683.437 | J110: =IF(AD110="","",AD110) | K110: 0 | L110: מתמחה | M110: אג"ח | N110: אג"ח | O110: 0 | Q110: 0 | S110: =AM110 -> 9438 | T110: =AN110 -> הראל פנסיה | U110: =AL110 -> הראל חיסכון לכל ילד | V110: =AQ110 -> 520033986 | W110: =AR110 -> הראל פנסיה וגמל בע"מ | AC110: פעיל | AE110: 42683.437 | AF110: חוסכים המעדיפים סיכון מוגבר | AG110: אחר | AH110: מתמחה | AI110: הראל חיסכון לילד - חוסכים המעדיפים סיכון מוגבר | AJ110: הראל חיסכון לילד - חוסכים המעדיפים סיכון מוגבר | AK110: 11377 | AL110: הראל חיסכון לכל ילד | AM110: 9438 | AN110: הראל פנסיה | AP110: הראל השקעות בביטוח ושירותים פיננסיים בע"מ | AQ110: 520033986 | AR110: הראל פנסיה וגמל בע"מ | AS110: 512267592 | AT110: גמל
A111: =AT111 -> גמל | B111: =AK111 -> 9418 | C111: 28946 | D111: =AJ111 -> אקסלנס גמל מסלולית לפיצויים רבת מסלולים | E111: הראל אג"ח עד 25% מניות | F111: מסלול השקעות | G111: רישיון מוצר | H111: =AC111 -> פעיל | I111: =IF(AE111="","",AE111) -> 42183.503 | J111: =IF(AD111="","",AD111) | K111: 0 | L111: מתמחה | M111: אג"ח | N111: אג"ח | O111: 0 | Q111: 0 | S111: =AM111 -> 9417 | T111: =AN111 -> בנק מזרחי טפחות בע"מ | U111: =AL111 -> אקסלנס גמל מסלולית לפיצויים | V111: =AQ111 -> 520017450 | W111: =AR111 -> הפניקס אקסלנס פנסיה וגמל בע"מ | AC111: פעיל | AE111: 42183.503 | AH111: רבת מסלולים | AI111: אקסלנס גמל מסלולית לפיצויים רבת מסלולים | AJ111: אקסלנס גמל מסלולית לפיצויים רבת מסלולים | AK111: 9418 | AL111: אקסלנס גמל מסלולית לפיצויים | AM111: 9417 | AN111: בנק מזרחי טפחות בע"מ | AP111: הפניקס אחזקות | AQ111: 520017450 | AR111: הפניקס אקסלנס פנסיה וגמל בע"מ | AS111: 513026484 | AT111: גמל
A112: =AT112 -> גמל | B112: =AK112 -> 8890 | C112: 28946 | D112: =AJ112 -> מגדל השתלמות בניהול אישי IRA | E112: הראל אג"ח עד 25% מניות | F112: מסלול השקעות | G112: רישיון מוצר | H112: =AC112 -> פעיל | I112: =IF(AE112="","",AE112) -> 42088.739 | J112: =IF(AD112="","",AD112) | K112: 0 | L112: מתמחה | M112: אג"ח | N112: אג"ח | O112: 0 | Q112: 0 | S112: =AM112 -> 8889 | T112: =AN112 -> מגדל ביטוח | U112: =AL112 -> מגדל השתלמות בניהול אישי | V112: =AQ112 -> 510464803 | W112: =AR112 -> מגדל מקפת קרנות פנסיה וקופות גמל בע"מ | AC112: פעיל | AE112: 42088.739 | AH112: IRA | AI112: מגדל השתלמות בניהול אישי IRA | AJ112: מגדל השתלמות בניהול אישי IRA | AK112: 8890 | AL112: מגדל השתלמות בניהול אישי | AM112: 8889 | AN112: מגדל ביטוח | AP112: שלמה אליהו אחזקות בע"מ | AQ112: 510464803 | AR112: מגדל מקפת קרנות פנסיה וקופות גמל בע"מ | AS112: 512237744 | AT112: גמל
A113: =AT113 -> גמל | B113: =AK113 -> 8888 | C113: 28946 | D113: =AJ113 -> מגדל לתגמולים בניהול אישי IRA | E113: הראל אג"ח עד 25% מניות | F113: מסלול השקעות | G113: רישיון מוצר | H113: =AC113 -> פעיל | I113: =IF(AE113="","",AE113) -> 42088.734 | J113: =IF(AD113="","",AD113) | K113: 0 | L113: מתמחה | M113: אג"ח | N113: אג"ח | O113: 0 | Q113: 0 | S113: =AM113 -> 8887 | T113: =AN113 -> מגדל מקפת | U113: =AL113 -> מגדל לתגמולים בניהול אישי | V113: =AQ113 -> 510464803 | W113: =AR113 -> מגדל מקפת קרנות פנסיה וקופות גמל בע"מ | AC113: פעיל | AE113: 42088.734 | AH113: IRA | AI113: מגדל לתגמולים בניהול אישי IRA | AJ113: מגדל לתגמולים בניהול אישי IRA | AK113: 8888 | AL113: מגדל לתגמולים בניהול אישי | AM113: 8887 | AN113: מגדל מקפת | AP113: שלמה אליהו אחזקות בע"מ | AQ113: 510464803 | AR113: מגדל מקפת קרנות פנסיה וקופות גמל בע"מ | AS113: 512237744 | AT113: גמל
A114: =AT114 -> גמל | B114: =AK114 -> 9414 | C114: 28946 | D114: =AJ114 -> מור חיסכון לילד - חוסכים המעדיפים סיכון בינוני | E114: הראל אג"ח עד 25% מניות | F114: מסלול השקעות | G114: רישיון מוצר | H114: =AC114 -> פעיל | I114: =IF(AE114="","",AE114) -> 42683.363 | J114: =IF(AD114="","",AD114) | K114: 0 | L114: מתמחה | M114: אג"ח | N114: אג"ח | O114: 0 | Q114: 0 | S114: =AM114 -> 8861 | T114: =AN114 -> ד.ס.ש ייעוץ ושירותים בע"מ | U114: =AL114 -> מור לקופת גמל להשקעה לחיסכון ארוך טווח לילד | V114: =AQ114 -> 513834606 | W114: =AR114 -> מור קופות גמל בע"מ | AC114: פעיל | AE114: 42683.363 | AF114: חוסכים המעדיפים סיכון בינוני | AG114: אחר | AH114: מתמחה | AI114: מור חיסכון לילד - חוסכים המעדיפים סיכון בינוני | AJ114: מור חיסכון לילד - חוסכים המעדיפים סיכון בינוני | AK114: 9414 | AL114: מור לקופת גמל להשקעה לחיסכון ארוך טווח לילד | AM114: 8861 | AN114: ד.ס.ש ייעוץ ושירותים בע"מ | AP114: י.ד מור השקעות בע"מ | AQ114: 513834606 | AR114: מור קופות גמל בע"מ | AS114: 514956465 | AT114: גמל
A115: =AT115 -> גמל | B115: =AK115 -> 9421 | C115: 28946 | D115: =AJ115 -> מור חיסכון לילד - חוסכים המעדיפים סיכון מועט | E115: הראל אג"ח עד 25% מניות | F115: מסלול השקעות | G115: רישיון מוצר | H115: =AC115 -> פעיל | I115: =IF(AE115="","",AE115) -> 42683.363 | J115: =IF(AD115="","",AD115) | K115: 0 | L115: מתמחה | M115: אג"ח | N115: אג"ח | O115: 0 | Q115: 0 | S115: =AM115 -> 8861 | T115: =AN115 -> ד.ס.ש ייעוץ ושירותים בע"מ | U115: =AL115 -> מור לקופת גמל להשקעה לחיסכון ארוך טווח לילד | V115: =AQ115 -> 513834606 | W115: =AR115 -> מור קופות גמל בע"מ | AC115: פעיל | AE115: 42683.363 | AF115: חוסכים המעדיפים סיכון מועט | AG115: אחר | AH115: מתמחה | AI115: מורחיסכון לילד - חוסכים המעדיפים סיכון מועט | AJ115: מור חיסכון לילד - חוסכים המעדיפים סיכון מועט | AK115: 9421 | AL115: מור לקופת גמל להשקעה לחיסכון ארוך טווח לילד | AM115: 8861 | AN115: ד.ס.ש ייעוץ ושירותים בע"מ | AP115: י.ד מור השקעות בע"מ | AQ115: 513834606 | AR115: מור קופות גמל בע"מ | AS115: 514956465 | AT115: גמל
A116: =AT116 -> גמל | B116: =AK116 -> 9303 | C116: 28946 | D116: =AJ116 -> מור חיסכון לילד - שריעה | E116: הראל אג"ח עד 25% מניות | F116: מסלול השקעות | G116: רישיון מוצר | H116: =AC116 -> פעיל | I116: =IF(AE116="","",AE116) -> 42683.363 | J116: =IF(AD116="","",AD116) | K116: 0 | L116: מתמחה | M116: אג"ח | N116: אג"ח | O116: 0 | Q116: 0 | S116: =AM116 -> 8861 | T116: =AN116 -> ד.ס.ש ייעוץ ושירותים בע"מ | U116: =AL116 -> מור לקופת גמל להשקעה לחיסכון ארוך טווח לילד | V116: =AQ116 -> 513834606 | W116: =AR116 -> מור קופות גמל בע"מ | AC116: פעיל | AE116: 42683.363 | AF116: שריעה | AG116: הלכתי | AH116: אידיאולוגי | AI116: מור חיסכון לילד - שריעה | AJ116: מור חיסכון לילד - שריעה | AK116: 9303 | AL116: מור לקופת גמל להשקעה לחיסכון ארוך טווח לילד | AM116: 8861 | AN116: ד.ס.ש ייעוץ ושירותים בע"מ | AP116: י.ד מור השקעות בע"מ | AQ116: 513834606 | AR116: מור קופות גמל בע"מ | AS116: 514956465 | AT116: גמל
A117: =AT117 -> גמל | B117: =AK117 -> 9113 | C117: 28946 | D117: =AJ117 -> מור חיסכון לילד - הלכה | E117: הראל אג"ח עד 25% מניות | F117: מסלול השקעות | G117: רישיון מוצר | H117: =AC117 -> פעיל | I117: =IF(AE117="","",AE117) -> 42683.363 | J117: =IF(AD117="","",AD117) | K117: 0 | L117: מתמחה | M117: אג"ח | N117: אג"ח | O117: 0 | Q117: 0 | S117: =AM117 -> 8861 | T117: =AN117 -> ד.ס.ש ייעוץ ושירותים בע"מ | U117: =AL117 -> מור לקופת גמל להשקעה לחיסכון ארוך טווח לילד | V117: =AQ117 -> 513834606 | W117: =AR117 -> מור קופות גמל בע"מ | AC117: פעיל | AE117: 42683.363 | AF117: הלכה | AG117: הלכתי | AH117: אידיאולוגי | AI117: מור חיסכון לילד - הלכה | AJ117: מור חיסכון לילד - הלכה | AK117: 9113 | AL117: מור לקופת גמל להשקעה לחיסכון ארוך טווח לילד | AM117: 8861 | AN117: ד.ס.ש ייעוץ ושירותים בע"מ | AP117: י.ד מור השקעות בע"מ | AQ117: 513834606 | AR117: מור קופות גמל בע"מ | AS117: 514956465 | AT117: גמל
A118: =AT118 -> גמל | B118: =AK118 -> 9420 | C118: 28946 | D118: =AJ118 -> מור חיסכון לילד - חוסכים המעדיפים סיכון מוגבר | E118: הראל אג"ח עד 25% מניות | F118: מסלול השקעות | G118: רישיון מוצר | H118: =AC118 -> פעיל | I118: =IF(AE118="","",AE118) -> 42683.363 | J118: =IF(AD118="","",AD118) | K118: 0 | L118: מתמחה | M118: אג"ח | N118: אג"ח | O118: 0 | Q118: 0 | S118: =AM118 -> 8861 | T118: =AN118 -> ד.ס.ש ייעוץ ושירותים בע"מ | U118: =AL118 -> מור לקופת גמל להשקעה לחיסכון ארוך טווח לילד | V118: =AQ118 -> 513834606 | W118: =AR118 -> מור קופות גמל בע"מ | AC118: פעיל | AE118: 42683.363 | AF118: חוסכים המעדיפים סיכון מוגבר | AG118: אחר | AH118: מתמחה | AI118: מור חיסכון לילד - חוסכים המעדיפים סיכון מוגבר | AJ118: מור חיסכון לילד - חוסכים המעדיפים סיכון מוגבר | AK118: 9420 | AL118: מור לקופת גמל להשקעה לחיסכון ארוך טווח לילד | AM118: 8861 | AN118: ד.ס.ש ייעוץ ושירותים בע"מ | AP118: י.ד מור השקעות בע"מ | AQ118: 513834606 | AR118: מור קופות גמל בע"מ | AS118: 514956465 | AT118: גמל
A119: =AT119 -> גמל | B119: =AK119 -> 8761 | C119: 28946 | D119: =AJ119 -> הראל השתלמות IRA IRA | E119: הראל אג"ח עד 25% מניות | F119: מסלול השקעות | G119: רישיון מוצר | H119: =AC119 -> לא פעיל | I119: =IF(AE119="","",AE119) -> 41998.591 | J119: =IF(AD119="","",AD119) -> 43878.569 | K119: 0 | L119: מתמחה | M119: אג"ח | N119: אג"ח | O119: 0 | Q119: 0 | S119: =AM119 -> 8760 | T119: =AN119 -> הראל גמל | U119: =AL119 -> הראל השתלמות IRA | V119: =AQ119 -> 520033986 | W119: =AR119 -> הראל פנסיה וגמל בע"מ | AC119: לא פעיל | AD119: 43878.569 | AE119: 41998.591 | AH119: IRA | AI119: הראל השתלמות IRA IRA | AJ119: הראל השתלמות IRA IRA | AK119: 8761 | AL119: הראל השתלמות IRA | AM119: 8760 | AN119: הראל גמל | AP119: הראל השקעות בביטוח ושירותים פיננסיים בע"מ | AQ119: 520033986 | AR119: הראל פנסיה וגמל בע"מ | AS119: 512267592 | AT119: גמל
A120: =AT120 -> גמל | B120: =AK120 -> 8759 | C120: 28946 | D120: =AJ120 -> הראל גמל IRA IRA | E120: הראל אג"ח עד 25% מניות | F120: מסלול השקעות | G120: רישיון מוצר | H120: =AC120 -> לא פעיל | I120: =IF(AE120="","",AE120) -> 41998.589 | J120: =IF(AD120="","",AD120) -> 43656.64 | K120: 0 | L120: מתמחה | M120: אג"ח | N120: אג"ח | O120: 0 | Q120: 0 | S120: =AM120 -> 8758 | T120: =AN120 -> הראל גמל | U120: =AL120 -> הראל גמל IRA | V120: =AQ120 -> 520033986 | W120: =AR120 -> הראל פנסיה וגמל בע"מ | AC120: לא פעיל | AD120: 43656.64 | AE120: 41998.589 | AH120: IRA | AI120: הראל גמל IRA IRA | AJ120: הראל גמל IRA IRA | AK120: 8759 | AL120: הראל גמל IRA | AM120: 8758 | AN120: הראל גמל | AP120: הראל השקעות בביטוח ושירותים פיננסיים בע"מ | AQ120: 520033986 | AR120: הראל פנסיה וגמל בע"מ | AS120: 512267592 | AT120: גמל
A121: =AT121 -> גמל | B121: =AK121 -> 12956 | C121: 28946 | D121: =AJ121 -> מור קרן השתלמות לשכירים ולעצמאים אג"ח עד 25% במניות | E121: הראל אג"ח עד 25% מניות | F121: מסלול השקעות | G121: רישיון מוצר | H121: =AC121 -> פעיל | I121: =IF(AE121="","",AE121) -> 41968.614 | J121: =IF(AD121="","",AD121) | K121: 0 | L121: מתמחה | M121: אג"ח | N121: אג"ח | O121: 0 | Q121: 0 | S121: =AM121 -> 8700 | T121: =AN121 -> אפ.אמ.אר תפעול | U121: =AL121 -> מור קרן השתלמות לשכירים ולעצמאים | V121: =AQ121 -> 513834606 | W121: =AR121 -> מור קופות גמל בע"מ | AC121: פעיל | AE121: 41968.614 | AF121: משולב מניות | AG121: אג"ח | AH121: מתמחה | AI121: מור השתלמות אג"ח עד 25% במניות | AJ121: מור קרן השתלמות לשכירים ולעצמאים אג"ח עד 25% במניות | AK121: 12956 | AL121: מור קרן השתלמות לשכירים ולעצמאים | AM121: 8700 | AN121: אפ.אמ.אר תפעול | AP121: י.ד מור השקעות בע"מ | AQ121: 513834606 | AR121: מור קופות גמל בע"מ | AS121: 514956465 | AT121: גמל
A122: =AT122 -> גמל | B122: =AK122 -> 8701 | C122: 28946 | D122: =AJ122 -> מור השתלמות -מסלול עוקב מדד "מניות תל אביב 35" | E122: הראל אג"ח עד 25% מניות | F122: מסלול השקעות | G122: רישיון מוצר | H122: =AC122 -> פעיל | I122: =IF(AE122="","",AE122) -> 41968.614 | J122: =IF(AD122="","",AD122) | K122: 0 | L122: מתמחה | M122: אג"ח | N122: אג"ח | O122: 0 | Q122: 0 | S122: =AM122 -> 8700 | T122: =AN122 -> אפ.אמ.אר תפעול | U122: =AL122 -> מור קרן השתלמות לשכירים ולעצמאים | V122: =AQ122 -> 513834606 | W122: =AR122 -> מור קופות גמל בע"מ | AC122: פעיל | AE122: 41968.614 | AF122: ישראל | AG122: מניות | AH122: מתמחה | AI122: מור השתלמות -מדד "מניות תל אביב 35" | AJ122: מור השתלמות -מסלול עוקב מדד "מניות תל אביב 35" | AK122: 8701 | AL122: מור קרן השתלמות לשכירים ולעצמאים | AM122: 8700 | AN122: אפ.אמ.אר תפעול | AP122: י.ד מור השקעות בע"מ | AQ122: 513834606 | AR122: מור קופות גמל בע"מ | AS122: 514956465 | AT122: גמל
A123: =AT123 -> גמל | B123: =AK123 -> 8702 | C123: 28946 | D123: =AJ123 -> מור השתלמות - מסלול עוקב מדד "מדדיות ממשלתיות לטווח של 5-10 שנים" | E123: הראל אג"ח עד 25% מניות | F123: מסלול השקעות | G123: רישיון מוצר | H123: =AC123 -> פעיל | I123: =IF(AE123="","",AE123) -> 41968.614 | J123: =IF(AD123="","",AD123) | K123: 0 | L123: מתמחה | M123: אג"ח | N123: אג"ח | O123: 0 | Q123: 0 | S123: =AM123 -> 8700 | T123: =AN123 -> אפ.אמ.אר תפעול | U123: =AL123 -> מור קרן השתלמות לשכירים ולעצמאים | V123: =AQ123 -> 513834606 | W123: =AR123 -> מור קופות גמל בע"מ | AC123: פעיל | AE123: 41968.614 | AF123: ממשלתי | AG123: אג"ח | AH123: מתמחה | AI123: מור השתלמות- אג"ח ממשלת ישראל, צמוד מדד | AJ123: מור השתלמות - מסלול עוקב מדד "מדדיות ממשלתיות לטווח של 5-10 שנים" | AK123: 8702 | AL123: מור קרן השתלמות לשכירים ולעצמאים | AM123: 8700 | AN123: אפ.אמ.אר תפעול | AP123: י.ד מור השקעות בע"מ | AQ123: 513834606 | AR123: מור קופות גמל בע"מ | AS123: 514956465 | AT123: גמל
A124: =AT124 -> גמל | B124: =AK124 -> 9676 | C124: 28946 | D124: =AJ124 -> מור השתלמות קרן השתלמות לשכירים ולעצמאים מעורב מחקה מדדים | E124: הראל אג"ח עד 25% מניות | F124: מסלול השקעות | G124: רישיון מוצר | H124: =AC124 -> פעיל | I124: =IF(AE124="","",AE124) -> 41968.614 | J124: =IF(AD124="","",AD124) | K124: 0 | L124: מתמחה | M124: אג"ח | N124: אג"ח | O124: 0 | Q124: 0 | S124: =AM124 -> 8700 | T124: =AN124 -> אפ.אמ.אר תפעול | U124: =AL124 -> מור קרן השתלמות לשכירים ולעצמאים | V124: =AQ124 -> 513834606 | W124: =AR124 -> מור קופות גמל בע"מ | AC124: פעיל | AE124: 41968.614 | AF124: כללי | AG124: כללי | AH124: כללי | AI124: מור גמל השתלמות מעורב מחקה מדדים | AJ124: מור השתלמות קרן השתלמות לשכירים ולעצמאים מעורב מחקה מדדים | AK124: 9676 | AL124: מור קרן השתלמות לשכירים ולעצמאים | AM124: 8700 | AN124: אפ.אמ.אר תפעול | AP124: י.ד מור השקעות בע"מ | AQ124: 513834606 | AR124: מור קופות גמל בע"מ | AS124: 514956465 | AT124: גמל
A125: =AT125 -> גמל | B125: =AK125 -> 8704 | C125: 28946 | D125: =AJ125 -> מור השתלמות - מסלול עוקב מדד "תל בונד 20" | E125: הראל אג"ח עד 25% מניות | F125: מסלול השקעות | G125: רישיון מוצר | H125: =AC125 -> פעיל | I125: =IF(AE125="","",AE125) -> 41968.614 | J125: =IF(AD125="","",AD125) | K125: 0 | L125: מתמחה | M125: אג"ח | N125: אג"ח | O125: 0 | Q125: 0 | S125: =AM125 -> 8700 | T125: =AN125 -> אפ.אמ.אר תפעול | U125: =AL125 -> מור קרן השתלמות לשכירים ולעצמאים | V125: =AQ125 -> 513834606 | W125: =AR125 -> מור קופות גמל בע"מ | AC125: פעיל | AE125: 41968.614 | AF125: קונצרניות | AG125: אג"ח | AH125: מתמחה | AI125: "מור השתלמות מדד "תל בונד 20" | AJ125: מור השתלמות - מסלול עוקב מדד "תל בונד 20" | AK125: 8704 | AL125: מור קרן השתלמות לשכירים ולעצמאים | AM125: 8700 | AN125: אפ.אמ.אר תפעול | AP125: י.ד מור השקעות בע"מ | AQ125: 513834606 | AR125: מור קופות גמל בע"מ | AS125: 514956465 | AT125: גמל
A126: =AT126 -> גמל | B126: =AK126 -> 8705 | C126: 28946 | D126: =AJ126 -> מור השתלמות - מסלול מזומן | E126: הראל אג"ח עד 25% מניות | F126: מסלול השקעות | G126: רישיון מוצר | H126: =AC126 -> פעיל | I126: =IF(AE126="","",AE126) -> 41968.614 | J126: =IF(AD126="","",AD126) | K126: 0 | L126: מתמחה | M126: אג"ח | N126: אג"ח | O126: 0 | Q126: 0 | S126: =AM126 -> 8700 | T126: =AN126 -> אפ.אמ.אר תפעול | U126: =AL126 -> מור קרן השתלמות לשכירים ולעצמאים | V126: =AQ126 -> 513834606 | W126: =AR126 -> מור קופות גמל בע"מ | AC126: פעיל | AE126: 41968.614 | AF126: כספית | AG126: שיקלי | AH126: מתמחה | AI126: מור השתלמות -מסלול מזומנים ושווי מזומנים | AJ126: מור השתלמות - מסלול מזומן | AK126: 8705 | AL126: מור קרן השתלמות לשכירים ולעצמאים | AM126: 8700 | AN126: אפ.אמ.אר תפעול | AP126: י.ד מור השקעות בע"מ | AQ126: 513834606 | AR126: מור קופות גמל בע"מ | AS126: 514956465 | AT126: גמל
A127: =AT127 -> גמל | B127: =AK127 -> 9451 | C127: 28946 | D127: =AJ127 -> מור השתלמות - מסלול מניות בארה"ב העוקב אחר מדד S&P500 | E127: הראל אג"ח עד 25% מניות | F127: מסלול השקעות | G127: רישיון מוצר | H127: =AC127 -> פעיל | I127: =IF(AE127="","",AE127) -> 41968.614 | J127: =IF(AD127="","",AD127) | K127: 0 | L127: מתמחה | M127: אג"ח | N127: אג"ח | O127: 0 | Q127: 0 | S127: =AM127 -> 8700 | T127: =AN127 -> אפ.אמ.אר תפעול | U127: =AL127 -> מור קרן השתלמות לשכירים ולעצמאים | V127: =AQ127 -> 513834606 | W127: =AR127 -> מור קופות גמל בע"מ | AC127: פעיל | AE127: 41968.614 | AF127: חו"ל | AG127: מניות | AH127: מתמחה | AI127: מור השתלמות -מניות S&P500 | AJ127: מור השתלמות - מסלול מניות בארה"ב העוקב אחר מדד S&P500 | AK127: 9451 | AL127: מור קרן השתלמות לשכירים ולעצמאים | AM127: 8700 | AN127: אפ.אמ.אר תפעול | AP127: י.ד מור השקעות בע"מ | AQ127: 513834606 | AR127: מור קופות גמל בע"מ | AS127: 514956465 | AT127: גמל
A128: =AT128 -> גמל | B128: =AK128 -> 12536 | C128: 28946 | D128: =AJ128 -> מור השתלמות קרן השתלמות לשכירים ולעצמאים מניות | E128: הראל אג"ח עד 25% מניות | F128: מסלול השקעות | G128: רישיון מוצר | H128: =AC128 -> פעיל | I128: =IF(AE128="","",AE128) -> 41968.614 | J128: =IF(AD128="","",AD128) | K128: 0 | L128: מתמחה | M128: אג"ח | N128: אג"ח | O128: 0 | Q128: 0 | S128: =AM128 -> 8700 | T128: =AN128 -> אפ.אמ.אר תפעול | U128: =AL128 -> מור קרן השתלמות לשכירים ולעצמאים | V128: =AQ128 -> 513834606 | W128: =AR128 -> מור קופות גמל בע"מ | AC128: פעיל | AE128: 41968.614 | AF128: מניות | AG128: מניות | AH128: מתמחה | AI128: מור השתלמות מניות | AJ128: מור השתלמות קרן השתלמות לשכירים ולעצמאים מניות | AK128: 12536 | AL128: מור קרן השתלמות לשכירים ולעצמאים | AM128: 8700 | AN128: אפ.אמ.אר תפעול | AP128: י.ד מור השקעות בע"מ | AQ128: 513834606 | AR128: מור קופות גמל בע"מ | AS128: 514956465 | AT128: גמל
A129: =AT129 -> גמל | B129: =AK129 -> 12535 | C129: 28946 | D129: =AJ129 -> מור השתלמות קרן השתלמות לשכירים ולעצמאים כללי | E129: הראל אג"ח עד 25% מניות | F129: מסלול השקעות | G129: רישיון מוצר | H129: =AC129 -> פעיל | I129: =IF(AE129="","",AE129) -> 41968.614 | J129: =IF(AD129="","",AD129) | K129: 0 | L129: מתמחה | M129: אג"ח | N129: אג"ח | O129: 0 | Q129: 0 | S129: =AM129 -> 8700 | T129: =AN129 -> אפ.אמ.אר תפעול | U129: =AL129 -> מור קרן השתלמות לשכירים ולעצמאים | V129: =AQ129 -> 513834606 | W129: =AR129 -> מור קופות גמל בע"מ | AC129: פעיל | AE129: 41968.614 | AF129: כללי | AG129: כללי | AH129: כללי | AI129: מור השתלמות כללי | AJ129: מור השתלמות קרן השתלמות לשכירים ולעצמאים כללי | AK129: 12535 | AL129: מור קרן השתלמות לשכירים ולעצמאים | AM129: 8700 | AN129: אפ.אמ.אר תפעול | AP129: י.ד מור השקעות בע"מ | AQ129: 513834606 | AR129: מור קופות גמל בע"מ | AS129: 514956465 | AT129: גמל
A130: =AT130 -> גמל | B130: =AK130 -> 8703 | C130: 28946 | D130: =AJ130 -> מור השתלמות - מסלול עוקב מדד "שקליות ריבית קבועה ממשלתיות" | E130: הראל אג"ח עד 25% מניות | F130: מסלול השקעות | G130: רישיון מוצר | H130: =AC130 -> פעיל | I130: =IF(AE130="","",AE130) -> 41968.614 | J130: =IF(AD130="","",AD130) | K130: 0 | L130: מתמחה | M130: אג"ח | N130: אג"ח | O130: 0 | Q130: 0 | S130: =AM130 -> 8700 | T130: =AN130 -> אפ.אמ.אר תפעול | U130: =AL130 -> מור קרן השתלמות לשכירים ולעצמאים | V130: =AQ130 -> 513834606 | W130: =AR130 -> מור קופות גמל בע"מ | AC130: פעיל | AE130: 41968.614 | AF130: ממשלתי | AG130: אג"ח | AH130: מתמחה | AI130: מור השתלמות אג"ח ממשלתי שקלי בריבית קבועה | AJ130: מור השתלמות - מסלול עוקב מדד "שקליות ריבית קבועה ממשלתיות" | AK130: 8703 | AL130: מור קרן השתלמות לשכירים ולעצמאים | AM130: 8700 | AN130: אפ.אמ.אר תפעול | AP130: י.ד מור השקעות בע"מ | AQ130: 513834606 | AR130: מור קופות גמל בע"מ | AS130: 514956465 | AT130: גמל
A131: =AT131 -> גמל | B131: =AK131 -> 12531 | C131: 28946 | D131: =AJ131 -> אלפא מור קופת גמל לתגמולים ואישית לפיצויים וקופת גמל לא משלמת לקצבה מניות | E131: הראל אג"ח עד 25% מניות | F131: מסלול השקעות | G131: רישיון מוצר | H131: =AC131 -> פעיל | I131: =IF(AE131="","",AE131) -> 41968.606 | J131: =IF(AD131="","",AD131) | K131: 0 | L131: מתמחה | M131: אג"ח | N131: אג"ח | O131: 0 | Q131: 0 | S131: =AM131 -> 8694 | T131: =AN131 -> אפ.אמ.אר תפעול | U131: =AL131 -> אלפא מור קופת גמל לתגמולים ואישית לפיצויים וקופת גמל לא משלמת לקצבה | V131: =AQ131 -> 513834606 | W131: =AR131 -> מור קופות גמל בע"מ | AC131: פעיל | AE131: 41968.606 | AF131: מניות | AG131: מניות | AH131: מתמחה | AI131: אלפא מור תגמולים מניות | AJ131: אלפא מור קופת גמל לתגמולים ואישית לפיצויים וקופת גמל לא משלמת לקצבה מניות | AK131: 12531 | AL131: אלפא מור קופת גמל לתגמולים ואישית לפיצויים וקופת גמל לא משלמת לקצבה | AM131: 8694 | AN131: אפ.אמ.אר תפעול | AP131: י.ד מור השקעות בע"מ | AQ131: 513834606 | AR131: מור קופות גמל בע"מ | AS131: 514956465 | AT131: גמל
A132: =AT132 -> גמל | B132: =AK132 -> 9677 | C132: 28946 | D132: =AJ132 -> אלפא מור קופת גמל לתגמולים ואישית לפיצויים וקופת גמל לא משלמת לקצבה מעורב מחקה מדדים | E132: הראל אג"ח עד 25% מניות | F132: מסלול השקעות | G132: רישיון מוצר | H132: =AC132 -> פעיל | I132: =IF(AE132="","",AE132) -> 41968.606 | J132: =IF(AD132="","",AD132) | K132: 0 | L132: מתמחה | M132: אג"ח | N132: אג"ח | O132: 0 | Q132: 0 | S132: =AM132 -> 8694 | T132: =AN132 -> אפ.אמ.אר תפעול | U132: =AL132 -> אלפא מור קופת גמל לתגמולים ואישית לפיצויים וקופת גמל לא משלמת לקצבה | V132: =AQ132 -> 513834606 | W132: =AR132 -> מור קופות גמל בע"מ | AC132: פעיל | AE132: 41968.606 | AF132: כללי | AG132: כללי | AH132: כללי | AI132: אלפא מור תגמולים מעורב מחקה מדדים | AJ132: אלפא מור קופת גמל לתגמולים ואישית לפיצויים וקופת גמל לא משלמת לקצבה מעורב מחקה מדדים | AK132: 9677 | AL132: אלפא מור קופת גמל לתגמולים ואישית לפיצויים וקופת גמל לא משלמת לקצבה | AM132: 8694 | AN132: אפ.אמ.אר תפעול | AP132: י.ד מור השקעות בע"מ | AQ132: 513834606 | AR132: מור קופות גמל בע"מ | AS132: 514956465 | AT132: גמל
... A153: =AT153 -> גמל | B153: =AK153 -> 8521 | C153: 28946 | D153: =AJ153 -> הראל גמל להשקעה אג"ח עד 20% מניות | E153: הראל אג"ח עד 25% מניות | F153: מסלול השקעות | G153: רישיון מוצר | H153: =AC153 -> פעיל | I153: =IF(AE153="","",AE153) -> 42674.707 | J153: =IF(AD153="","",AD153) | K153: 0 | L153: מתמחה | M153: אג"ח | N153: אג"ח | O153: 0 | Q153: 0 | S153: =AM153 -> 8207 | T153: =AN153 -> הראל פנסיה | U153: =AL153 -> הראל גמל להשקעה | V153: =AQ153 -> 520033986 | W153: =AR153 -> הראל פנסיה וגמל בע"מ | AC153: פעיל | AE153: 42674.707 | AF153: משולב מניות | AG153: אג"ח | AH153: מתמחה | AI153: הראל גמל להשקעה אג"ח עד 20% מניות | AJ153: הראל גמל להשקעה אג"ח עד 20% מניות | AK153: 8521 | AL153: הראל גמל להשקעה | AM153: 8207 | AN153: הראל פנסיה | AP153: הראל השקעות בביטוח ושירותים פיננסיים בע"מ | AQ153: 520033986 | AR153: הראל פנסיה וגמל בע"מ | AS153: 512267592 | AT153: גמל
A154: =AT154 -> פנסיה | B154: =AK154 -> 8117 | C154: 28946 | D154: =AJ154 -> קרן גמלאות של עורכי-דין בישראל בע"מ כללי כללי | E154: הראל אג"ח עד 25% מניות | F154: מסלול השקעות | G154: רישיון מוצר | H154: =AC154 -> לא פעיל | I154: =IF(AE154="","",AE154) -> 41518.363 | J154: =IF(AD154="","",AD154) -> 41632.597 | K154: 0 | L154: מתמחה | M154: אג"ח | N154: אג"ח | O154: 0 | Q154: 0 | S154: =AM154 -> 8116 | T154: =AN154 -> 0 | U154: =AL154 -> קרן גמלאות של עורכי-דין בישראל בע"מ | V154: =AQ154 -> 0 | W154: =AR154 -> קרן גמלאות של עורכי דין בישראל בע"מ | AC154: לא פעיל | AD154: 41632.597 | AE154: 41518.363 | AF154: כללי | AG154: כללי | AH154: כללי | AI154: קרן עורכי דין כללי כללי | AJ154: קרן גמלאות של עורכי-דין בישראל בע"מ כללי כללי | AK154: 8117 | AL154: קרן גמלאות של עורכי-דין בישראל בע"מ | AM154: 8116 | AR154: קרן גמלאות של עורכי דין בישראל בע"מ | AS154: 510755770 | AT154: פנסיה
A155: =AT155 -> גמל | B155: =AK155 -> 7999 | C155: 28946 | D155: =AJ155 -> הלמן-אלדובי להשקעה פאסיבי-כללי | E155: הראל אג"ח עד 25% מניות | F155: מסלול השקעות | G155: רישיון מוצר | H155: =AC155 -> לא פעיל | I155: =IF(AE155="","",AE155) -> 42674.571 | J155: =IF(AD155="","",AD155) -> 43563.596 | K155: 0 | L155: מתמחה | M155: אג"ח | N155: אג"ח | O155: 0 | Q155: 0 | S155: =AM155 -> 7997 | T155: =AN155 -> בנק מזרחי טפחות בע"מ | U155: =AL155 -> הלמן-אלדובי להשקעה | V155: =AQ155 -> 513163105 | W155: =AR155 -> הלמן - אלדובי קופות גמל ופנסיה בע"מ | AC155: לא פעיל | AD155: 43563.596 | AE155: 42674.571 | AF155: פאסיבי | AG155: כללי | AH155: כללי | AI155: הלמן-אלדובי להשקעה פאסיבי-כללי | AJ155: הלמן-אלדובי להשקעה פאסיבי-כללי | AK155: 7999 | AL155: הלמן-אלדובי להשקעה | AM155: 7997 | AN155: בנק מזרחי טפחות בע"מ | AP155: הלמן אלדובי פיננסים בע"מ | AQ155: 513163105 | AR155: הלמן - אלדובי קופות גמל ופנסיה בע"מ | AS155: 512227265 | AT155: גמל
A156: =AT156 -> גמל | B156: =AK156 -> 7998 | C156: 28946 | D156: =AJ156 -> הלמן-אלדובי להשקעה כללי | E156: הראל אג"ח עד 25% מניות | F156: מסלול השקעות | G156: רישיון מוצר | H156: =AC156 -> לא פעיל | I156: =IF(AE156="","",AE156) -> 42674.571 | J156: =IF(AD156="","",AD156) -> 43563.594 | K156: 0 | L156: מתמחה | M156: אג"ח | N156: אג"ח | O156: 0 | Q156: 0 | S156: =AM156 -> 7997 | T156: =AN156 -> בנק מזרחי טפחות בע"מ | U156: =AL156 -> הלמן-אלדובי להשקעה | V156: =AQ156 -> 513163105 | W156: =AR156 -> הלמן - אלדובי קופות גמל ופנסיה בע"מ | AC156: לא פעיל | AD156: 43563.594 | AE156: 42674.571 | AF156: כללי | AG156: כללי | AH156: כללי | AI156: הלמן-אלדובי להשקעה כללי | AJ156: הלמן-אלדובי להשקעה כללי | AK156: 7998 | AL156: הלמן-אלדובי להשקעה | AM156: 7997 | AN156: בנק מזרחי טפחות בע"מ | AP156: הלמן אלדובי פיננסים בע"מ | AQ156: 513163105 | AR156: הלמן - אלדובי קופות גמל ופנסיה בע"מ | AS156: 512227265 | AT156: גמל
A157: =AT157 -> גמל | B157: =AK157 -> 8003 | C157: 28946 | D157: =AJ157 -> הלמן-אלדובי להשקעה מניות | E157: הראל אג"ח עד 25% מניות | F157: מסלול השקעות | G157: רישיון מוצר | H157: =AC157 -> לא פעיל | I157: =IF(AE157="","",AE157) -> 42674.571 | J157: =IF(AD157="","",AD157) -> 43563.597 | K157: 0 | L157: מתמחה | M157: אג"ח | N157: אג"ח | O157: 0 | Q157: 0 | S157: =AM157 -> 7997 | T157: =AN157 -> בנק מזרחי טפחות בע"מ | U157: =AL157 -> הלמן-אלדובי להשקעה | V157: =AQ157 -> 513163105 | W157: =AR157 -> הלמן - אלדובי קופות גמל ופנסיה בע"מ | AC157: לא פעיל | AD157: 43563.597 | AE157: 42674.571 | AF157: מניות | AG157: מניות | AH157: מתמחה | AI157: הלמן-אלדובי להשקעה מניות | AJ157: הלמן-אלדובי להשקעה מניות | AK157: 8003 | AL157: הלמן-אלדובי להשקעה | AM157: 7997 | AN157: בנק מזרחי טפחות בע"מ | AP157: הלמן אלדובי פיננסים בע"מ | AQ157: 513163105 | AR157: הלמן - אלדובי קופות גמל ופנסיה בע"מ | AS157: 512227265 | AT157: גמל
A158: =AT158 -> גמל | B158: =AK158 -> 7991 | C158: 28946 | D158: =AJ158 -> כלל גמל לעתיד - קופת גמל להשקעה מניות | E158: הראל אג"ח עד 25% מניות | F158: מסלול השקעות | G158: רישיון מוצר | H158: =AC158 -> פעיל | I158: =IF(AE158="","",AE158) -> 42673.725 | J158: =IF(AD158="","",AD158) | K158: 0 | L158: מתמחה | M158: אג"ח | N158: אג"ח | O158: 0 | Q158: 0 | S158: =AM158 -> 7987 | T158: =AN158 -> בנק לאומי בע"מ | U158: =AL158 -> כלל גמל לעתיד - קופת גמל להשקעה | V158: =AQ158 -> 0 | W158: =AR158 -> כלל פנסיה וגמל בע"מ | AC158: פעיל | AE158: 42673.725 | AF158: מניות | AG158: מניות | AH158: מתמחה | AI158: כלל גמל לעתיד מניות | AJ158: כלל גמל לעתיד - קופת גמל להשקעה מניות | AK158: 7991 | AL158: כלל גמל לעתיד - קופת גמל להשקעה | AM158: 7987 | AN158: בנק לאומי בע"מ | AR158: כלל פנסיה וגמל בע"מ | AS158: 512244146 | AT158: גמל
A159: =AT159 -> גמל | B159: =AK159 -> 7993 | C159: 28946 | D159: =AJ159 -> כלל גמל לעתיד - קופת גמל להשקעה שיקלי טווח קצר | E159: הראל אג"ח עד 25% מניות | F159: מסלול השקעות | G159: רישיון מוצר | H159: =AC159 -> פעיל | I159: =IF(AE159="","",AE159) -> 42673.725 | J159: =IF(AD159="","",AD159) | K159: 0 | L159: מתמחה | M159: אג"ח | N159: אג"ח | O159: 0 | Q159: 0 | S159: =AM159 -> 7987 | T159: =AN159 -> בנק לאומי בע"מ | U159: =AL159 -> כלל גמל לעתיד - קופת גמל להשקעה | V159: =AQ159 -> 0 | W159: =AR159 -> כלל פנסיה וגמל בע"מ | AC159: פעיל | AE159: 42673.725 | AF159: טווח קצר | AG159: שיקלי | AH159: מתמחה | AI159: כלל גמל לעתיד שיקלי טווח קצר | AJ159: כלל גמל לעתיד - קופת גמל להשקעה שיקלי טווח קצר | AK159: 7993 | AL159: כלל גמל לעתיד - קופת גמל להשקעה | AM159: 7987 | AN159: בנק לאומי בע"מ | AR159: כלל פנסיה וגמל בע"מ | AS159: 512244146 | AT159: גמל
A160: =AT160 -> גמל | B160: =AK160 -> 7992 | C160: 28946 | D160: =AJ160 -> כלל גמל לעתיד - קופת גמל להשקעה אג"ח עד 15% מניות | E160: הראל אג"ח עד 25% מניות | F160: מסלול השקעות | G160: רישיון מוצר | H160: =AC160 -> פעיל | I160: =IF(AE160="","",AE160) -> 42673.725 | J160: =IF(AD160="","",AD160) | K160: 0 | L160: מתמחה | M160: אג"ח | N160: אג"ח | O160: 0 | Q160: 0 | S160: =AM160 -> 7987 | T160: =AN160 -> בנק לאומי בע"מ | U160: =AL160 -> כלל גמל לעתיד - קופת גמל להשקעה | V160: =AQ160 -> 0 | W160: =AR160 -> כלל פנסיה וגמל בע"מ | AC160: פעיל | AE160: 42673.725 | AF160: משולב מניות | AG160: אג"ח | AH160: מתמחה | AI160: כלל גמל לעתיד אג"ח עד 15% מניות | AJ160: כלל גמל לעתיד - קופת גמל להשקעה אג"ח עד 15% מניות | AK160: 7992 | AL160: כלל גמל לעתיד - קופת גמל להשקעה | AM160: 7987 | AN160: בנק לאומי בע"מ | AR160: כלל פנסיה וגמל בע"מ | AS160: 512244146 | AT160: גמל
A161: =AT161 -> גמל | B161: =AK161 -> 7994 | C161: 28946 | D161: =AJ161 -> כלל גמל לעתיד - קופת גמל להשקעה הלכה | E161: הראל אג"ח עד 25% מניות | F161: מסלול השקעות | G161: רישיון מוצר | H161: =AC161 -> פעיל | I161: =IF(AE161="","",AE161) -> 42673.725 | J161: =IF(AD161="","",AD161) | K161: 0 | L161: מתמחה | M161: אג"ח | N161: אג"ח | O161: 0 | Q161: 0 | S161: =AM161 -> 7987 | T161: =AN161 -> בנק לאומי בע"מ | U161: =AL161 -> כלל גמל לעתיד - קופת גמל להשקעה | V161: =AQ161 -> 0 | W161: =AR161 -> כלל פנסיה וגמל בע"מ | AC161: פעיל | AE161: 42673.725 | AF161: הלכה | AG161: הלכתי | AH161: אידיאולוגי | AI161: כלל גמל לעתיד הלכה | AJ161: כלל גמל לעתיד - קופת גמל להשקעה הלכה | AK161: 7994 | AL161: כלל גמל לעתיד - קופת גמל להשקעה | AM161: 7987 | AN161: בנק לאומי בע"מ | AR161: כלל פנסיה וגמל בע"מ | AS161: 512244146 | AT161: גמל
A162: =AT162 -> גמל | B162: =AK162 -> 7988 | C162: 28946 | D162: =AJ162 -> כלל גמל לעתיד - קופת גמל להשקעה כללי | E162: הראל אג"ח עד 25% מניות | F162: מסלול השקעות | G162: רישיון מוצר | H162: =AC162 -> פעיל | I162: =IF(AE162="","",AE162) -> 42673.725 | J162: =IF(AD162="","",AD162) | K162: 0 | L162: מתמחה | M162: אג"ח | N162: אג"ח | O162: 0 | Q162: 0 | S162: =AM162 -> 7987 | T162: =AN162 -> בנק לאומי בע"מ | U162: =AL162 -> כלל גמל לעתיד - קופת גמל להשקעה | V162: =AQ162 -> 0 | W162: =AR162 -> כלל פנסיה וגמל בע"מ | AC162: פעיל | AE162: 42673.725 | AF162: כללי | AG162: כללי | AH162: כללי | AI162: כלל גמל לעתיד כללי | AJ162: כלל גמל לעתיד - קופת גמל להשקעה כללי | AK162: 7988 | AL162: כלל גמל לעתיד - קופת גמל להשקעה | AM162: 7987 | AN162: בנק לאומי בע"מ | AR162: כלל פנסיה וגמל בע"מ | AS162: 512244146 | AT162: גמל
A163: =AT163 -> גמל | B163: =AK163 -> 7989 | C163: 28946 | D163: =AJ163 -> כלל גמל לעתיד - קופת גמל להשקעה אג"ח | E163: הראל אג"ח עד 25% מניות | F163: מסלול השקעות | G163: רישיון מוצר | H163: =AC163 -> פעיל | I163: =IF(AE163="","",AE163) -> 42673.725 | J163: =IF(AD163="","",AD163) | K163: 0 | L163: מתמחה | M163: אג"ח | N163: אג"ח | O163: 0 | Q163: 0 | S163: =AM163 -> 7987 | T163: =AN163 -> בנק לאומי בע"מ | U163: =AL163 -> כלל גמל לעתיד - קופת גמל להשקעה | V163: =AQ163 -> 0 | W163: =AR163 -> כלל פנסיה וגמל בע"מ | AC163: פעיל | AE163: 42673.725 | AF163: אג"ח | AG163: אג"ח | AH163: מתמחה | AI163: כלל גמל לעתיד אג"ח | AJ163: כלל גמל לעתיד - קופת גמל להשקעה אג"ח | AK163: 7989 | AL163: כלל גמל לעתיד - קופת גמל להשקעה | AM163: 7987 | AN163: בנק לאומי בע"מ | AR163: כלל פנסיה וגמל בע"מ | AS163: 512244146 | AT163: גמל
A164: =AT164 -> גמל | B164: =AK164 -> 7990 | C164: 28946 | D164: =AJ164 -> כלל גמל לעתיד - קופת גמל להשקעה אג"ח ממשלתי | E164: הראל אג"ח עד 25% מניות | F164: מסלול השקעות | G164: רישיון מוצר | H164: =AC164 -> פעיל | I164: =IF(AE164="","",AE164) -> 42673.725 | J164: =IF(AD164="","",AD164) | K164: 0 | L164: מתמחה | M164: אג"ח | N164: אג"ח | O164: 0 | Q164: 0 | S164: =AM164 -> 7987 | T164: =AN164 -> בנק לאומי בע"מ | U164: =AL164 -> כלל גמל לעתיד - קופת גמל להשקעה | V164: =AQ164 -> 0 | W164: =AR164 -> כלל פנסיה וגמל בע"מ | AC164: פעיל | AE164: 42673.725 | AF164: ממשלתי | AG164: אג"ח | AH164: מתמחה | AI164: כלל גמל לעתיד אג"ח ממשלתי | AJ164: כלל גמל לעתיד - קופת גמל להשקעה אג"ח ממשלתי | AK164: 7990 | AL164: כלל גמל לעתיד - קופת גמל להשקעה | AM164: 7987 | AN164: בנק לאומי בע"מ | AR164: כלל פנסיה וגמל בע"מ | AS164: 512244146 | AT164: גמל
A165: =AT165 -> גמל | B165: =AK165 -> 11578 | C165: 28946 | D165: =AJ165 -> אי.בי.אי. גמל קופת גמל להשקעה מחקה מדד נדל"ן מניב ישראל | E165: הראל אג"ח עד 25% מניות | F165: מסלול השקעות | G165: רישיון מוצר | H165: =AC165 -> לא פעיל | I165: =IF(AE165="","",AE165) -> 42670.711 | J165: =IF(AD165="","",AD165) -> 43481.522 | K165: 0 | L165: מתמחה | M165: אג"ח | N165: אג"ח | O165: 0 | Q165: 0 | S165: =AM165 -> 7972 | T165: =AN165 -> בנק מזרחי טפחות בע"מ | U165: =AL165 -> הלמן-אלדובי קופת גמל להשקעה | V165: =AQ165 -> 513163105 | W165: =AR165 -> הלמן - אלדובי קופות גמל ופנסיה בע"מ | AC165: לא פעיל | AD165: 43481.522 | AE165: 42670.711 | AF165: מניות ישראל | AG165: מדד | AH165: מתמחה | AI165: אי.בי.אי. גמל להשקעה מחקה מדד נדל"ן מניב ישראל | AJ165: אי.בי.אי. גמל קופת גמל להשקעה מחקה מדד נדל"ן מניב ישראל | AK165: 11578 | AL165: הלמן-אלדובי קופת גמל להשקעה | AM165: 7972 | AN165: בנק מזרחי טפחות בע"מ | AP165: הלמן אלדובי פיננסים בע"מ | AQ165: 513163105 | AR165: הלמן - אלדובי קופות גמל ופנסיה בע"מ | AS165: 512227265 | AT165: גמל
A166: =AT166 -> גמל | B166: =AK166 -> 11411 | C166: 28946 | D166: =AJ166 -> הלמן-אלדובי קופת גמל להשקעה מחקה מדד S&P500 | E166: הראל אג"ח עד 25% מניות | F166: מסלול השקעות | G166: רישיון מוצר | H166: =AC166 -> פעיל | I166: =IF(AE166="","",AE166) -> 42670.711 | J166: =IF(AD166="","",AD166) | K166: 0 | L166: מתמחה | M166: אג"ח | N166: אג"ח | O166: 0 | Q166: 0 | S166: =AM166 -> 7972 | T166: =AN166 -> בנק מזרחי טפחות בע"מ | U166: =AL166 -> הלמן-אלדובי קופת גמל להשקעה | V166: =AQ166 -> 513163105 | W166: =AR166 -> הלמן - אלדובי קופות גמל ופנסיה בע"מ | AC166: פעיל | AE166: 42670.711 | AF166: חו"ל - פאסיבי | AG166: מניות | AH166: מתמחה | AI166: הלמן-אלדובי להשקעה מחקה מדד S&P500 | AJ166: הלמן-אלדובי קופת גמל להשקעה מחקה מדד S&P500 | AK166: 11411 | AL166: הלמן-אלדובי קופת גמל להשקעה | AM166: 7972 | AN166: בנק מזרחי טפחות בע"מ | AP166: הלמן אלדובי פיננסים בע"מ | AQ166: 513163105 | AR166: הלמן - אלדובי קופות גמל ופנסיה בע"מ | AS166: 512227265 | AT166: גמל
A167: =AT167 -> גמל | B167: =AK167 -> 8004 | C167: 28946 | D167: =AJ167 -> הלמן-אלדובי קופת גמל להשקעה שריעה | E167: הראל אג"ח עד 25% מניות | F167: מסלול השקעות | G167: רישיון מוצר | H167: =AC167 -> פעיל | I167: =IF(AE167="","",AE167) -> 42670.711 | J167: =IF(AD167="","",AD167) | K167: 0 | L167: מתמחה | M167: אג"ח | N167: אג"ח | O167: 0 | Q167: 0 | S167: =AM167 -> 7972 | T167: =AN167 -> בנק מזרחי טפחות בע"מ | U167: =AL167 -> הלמן-אלדובי קופת גמל להשקעה | V167: =AQ167 -> 513163105 | W167: =AR167 -> הלמן - אלדובי קופות גמל ופנסיה בע"מ | AC167: פעיל | AE167: 42670.711 | AF167: שריעה | AG167: הלכתי | AH167: אידיאולוגי | AI167: הלמן-אלדובי להשקעה שריעה | AJ167: הלמן-אלדובי קופת גמל להשקעה שריעה | AK167: 8004 | AL167: הלמן-אלדובי קופת גמל להשקעה | AM167: 7972 | AN167: בנק מזרחי טפחות בע"מ | AP167: הלמן אלדובי פיננסים בע"מ | AQ167: 513163105 | AR167: הלמן - אלדובי קופות גמל ופנסיה בע"מ | AS167: 512227265 | AT167: גמל
A168: =AT168 -> גמל | B168: =AK168 -> 7976 | C168: 28946 | D168: =AJ168 -> הלמן-אלדובי קופת גמל להשקעה פאסיבי - מדדי מניות | E168: הראל אג"ח עד 25% מניות | F168: מסלול השקעות | G168: רישיון מוצר | H168: =AC168 -> פעיל | I168: =IF(AE168="","",AE168) -> 42670.711 | J168: =IF(AD168="","",AD168) | K168: 0 | L168: מתמחה | M168: אג"ח | N168: אג"ח | O168: 0 | Q168: 0 | S168: =AM168 -> 7972 | T168: =AN168 -> בנק מזרחי טפחות בע"מ | U168: =AL168 -> הלמן-אלדובי קופת גמל להשקעה | V168: =AQ168 -> 513163105 | W168: =AR168 -> הלמן - אלדובי קופות גמל ופנסיה בע"מ | AC168: פעיל | AE168: 42670.711 | AF168: פאסיבי | AG168: מניות | AH168: מתמחה | AI168: הלמן-אלדובי להשקעה פאסיבי - מדדי מניות | AJ168: הלמן-אלדובי קופת גמל להשקעה פאסיבי - מדדי מניות | AK168: 7976 | AL168: הלמן-אלדובי קופת גמל להשקעה | AM168: 7972 | AN168: בנק מזרחי טפחות בע"מ | AP168: הלמן אלדובי פיננסים בע"מ | AQ168: 513163105 | AR168: הלמן - אלדובי קופות גמל ופנסיה בע"מ | AS168: 512227265 | AT168: גמל
A169: =AT169 -> גמל | B169: =AK169 -> 7975 | C169: 28946 | D169: =AJ169 -> הלמן-אלדובי קופת גמל להשקעה מניות | E169: הראל אג"ח עד 25% מניות | F169: מסלול השקעות | G169: רישיון מוצר | H169: =AC169 -> פעיל | I169: =IF(AE169="","",AE169) -> 42670.711 | J169: =IF(AD169="","",AD169) | K169: 0 | L169: מתמחה | M169: אג"ח | N169: אג"ח | O169: 0 | Q169: 0 | S169: =AM169 -> 7972 | T169: =AN169 -> בנק מזרחי טפחות בע"מ | U169: =AL169 -> הלמן-אלדובי קופת גמל להשקעה | V169: =AQ169 -> 513163105 | W169: =AR169 -> הלמן - אלדובי קופות גמל ופנסיה בע"מ | AC169: פעיל | AE169: 42670.711 | AF169: מניות | AG169: מניות | AH169: מתמחה | AI169: הלמן-אלדובי להשקעה מניות | AJ169: הלמן-אלדובי קופת גמל להשקעה מניות | AK169: 7975 | AL169: הלמן-אלדובי קופת גמל להשקעה | AM169: 7972 | AN169: בנק מזרחי טפחות בע"מ | AP169: הלמן אלדובי פיננסים בע"מ | AQ169: 513163105 | AR169: הלמן - אלדובי קופות גמל ופנסיה בע"מ | AS169: 512227265 | AT169: גמל
...

Sheet SmBal
B1: =company -> _____חברה מנהלת
B2: =Information!F13 -> דיווח על חשבונות קטנים בקופות גמל | D2: חזרה | H2: דיווח חל מהדוח של 31.12.2016
B3: =Information!$M$21 -> הנתונים באלפי ש"ח | D3: נתונים ל: | E3: ='1'!C4 -> 31.12.2021 | G3: 2016-2-1 חוזה גמל
C4: חשבונות קטנים | H4: סה"כ מצטבר
C5: שעמדו לפדיון ביום 31.12.2015 | D5: שטרם נפדו בסוף התקופה המדווחת | E5: שנפדו בתקופת הדיווח בהמחאה או זיכוי כרטיס אשראי | F5: שנפדו בתקופת הדיווח לא בהמחאה או זיכוי כרטיס אשראי | G5: שנפדו החל מיום 1.1.2016 | H5: השנה לעומת יתרה פתיחה | I5: לעומת יתרה פתיחה
C6: (1) | D6: (2) | E6: (3) | F6: (4) | G6: (5)
A7: 1 | B7: סך יתרות | H7: =IFERROR(SUM(E7:F7)/C7,"") | I7: =IFERROR(G7/C7,"")
A8: 2 | B8: סך יתרות כספי התגמולים | H8: =IFERROR(SUM(E8:F8)/C8,"") | I8: =IFERROR(G8/C8,"")
A9: 3 | B9: מספר חשבונות | H9: =IFERROR(SUM(E9:F9)/C9,"") | I9: =IFERROR(G9/C9,"")
A10: 4 | B10: מספר חשבונות שקיים בהם מרכיב פיצויים | H10: =IFERROR(SUM(E10:F10)/C10,"") | I10: =IFERROR(G10/C10,"")
A11: =IF(AND($C$9>0,$C$12>7000),1,"") | B11: =IF(AND(C7="",D14>0),mess1,"") | T11: mess1
B12: ממוצע לחשבון : | C12: =IF(OR(C7=0,C9=0),"",C7*1000/C9) | D12: =IF(OR(D7=0,D9=0),"",D7*1000/D9) | G12: =IF(OR(G7=0,G9=0),"",G7*1000/G9) | S12: יתרות השבונות הקטנים אמור להיות באלפי ₪ | T12: mess2
B13: לפי חשבונות קטנים | G13: 2,3 and 4 are based initially on the accounts in 1 however the are adjusted (as long as the funds are still with the company) until the report date
B14: קופות גמל אישיות לתגמולים ופיצויים (DIRA) | D14: =Dir1A!F26 -> 0 | S14: אם יש דיווח עבור קופות גמל אישיות לתגמולים ופיצויים חייבים למלא (אם 0 - לרשום 0) | T14: mess1
B16: הדיווח רלוונטי רק לגבי החשבונות קטנים שהיו קיימים ב-31.12.2015 | T16: mess2
B17: טור 5 = סה"כ החשבונות חשבונות קטנים שנסגרו מ -1-1-2016 (כולל הנתונים של תקופת הדוח)
B18: טורים 3 ו-4 רק רלוונטי לסגירת חשבונות קטנים בתקופת הדוח
B19: בשורות של מספר חשבונות (3 ו4) טור 1 פחות טור 5 = טור 2
B20: בשורות של כספיים טור 2 כולל\ לא כולל רווח השקעה מ-1.1.2016 לכן טור 1 פחות טור 5 לא שווה טור 2.

Sheet T101
B1: =company -> _____חברה מנהלת | J1: =Information!$E$1 -> חזרה
B2: טופס 101 - הון עצמי מזערי הנדרש מחברה מנהלת
B3: =Information!$M$21 -> הנתונים באלפי ש"ח
B5: . 1 | C5: הגבוה מבין הסכומים שלהלן:
C6: (א) | D6: הון התחלתי נדרש | K6: =T101_N!D5 -> 0
C8: (ב) | D8: הון מזערי נדרש
C9: (1) | D9: מנכסים מנוהלים:
D10: 0.001 | E10: מהסכום | F10: =IF(T101_N!$D$6<T101_N!$L$6,T101_N!$D$6,T101_N!$L$6) -> 0 | H10: =$F$10*$D$10 -> 0
D11: 0.0005 | E11: מהסכום | F11: =IF(T101_N!$D$6>T101_N!$L$6,(T101_N!$D$6-T101_N!$L$6),0) -> 0 | H11: =$F$11*$D$11 -> 0 | J11: =H11+H10 -> 0
C12: (2) | D12: מהוצאות שנתיות
D13: 0.25 | E13: מהסכום | F13: =T101_N!$D$7 -> 0 | H13: =$F$13*$D$13 -> 0 | J13: =H13 -> 0
K15: =J11+J13 -> 0
B16: . 2 | C16: סה"כ הון עצמי מזערי נדרש בגין החברה | L16: =IF(Information!J25=Information!K22,'T101'!K6,MAX(K6:K15)) -> 0
B18: . 3 | C18: תוספת הון בגין חברות מנהלות נשלטות | L18: =T101_N!$D$8 -> 0
B20: . 4 | C20: תוספת הון בגין דרישות מיוחדות | L20: =T101_N!$D$9 -> 0
B22: . 5 | C22: הקלות בדרישות ההון
C23: (א) | D23: בגין עריכת ביטוח - הנמוך מבין: | F23: =IF(T101_N!E92<T101_N!E93,'T101'!AC23,"")
D24: 0.2 | E24: מסכום ביטוח עודף | F24: =T101_N!$E$94 -> 0 | H24: =$D$24*$F$24 -> 0 | AC24: סכום הביטוח של החברה לא עומד בהוראות הדין
D25: 0.3 | E25: מהון מזערי נדרש | F25: =$L$16+$L$20+L32 -> 0 | H25: =$D$25*$F$25 -> 0 | L25: =-MIN(H24:H25) -> 0
C26: (ב) | D26: הקלות בגין קרן ותיקה וקופת גמל מבטיחה תשואה:
D27: 1. בגין קרן ותיקה
D28: 0.3 | E28: מהון מזערי נדרש | F28: =T101_N!$D$10 -> 0 | K28: =-D28*F28 -> 0
D29: 2. בגין קופת גמל מבטיחה תשואה
D30: 0.3 | E30: מהון נדרש בגין נכסים | F30: =T101_N!D11 -> 0 | K30: =-D30*F30 -> 0
D32: סך הקלה מותרת בגין קרן ותיקה וקופת גמל מבטיחה תשואה | L32: =MAX(-(L16-K6),K28+K30) -> 0
B34: . 6 | C34: סה"כ ההון העצמי המזערי הנדרש | M34: =SUM(L16:L32) -> 0
C37: עודף (גרעון): | J37: הון עצמי
C38: קיים | J38: =T101_N!D12 -> 0
C39: נדרש | J39: =$M$34 -> 0
C40: עודף (גרעון): | J40: =J38-J39 -> 0
B41: 7. | C41: פעולות לאחר תאריך המאזן
B42: 8. | C42: עודף (גרעון) לתאריך פירסום הדוח: | J42: =SUM(J40:J41) -> 0 | U42: =Information!K4 -> 31.12.2021 | V42: =VLOOKUP(U42,Information!M28:N39,2,0) -> 1
U43: Factor | V43: =VALUE(RIGHT(U42,4)) -> 2021
F44: תפקיד: | I44: שם: | U44: 40999 | V44: 0.3
F45: תפקיד: | I45: שם: | U45: 41090 | V45: =V44 -> 0.3
U46: 41182 | V46: =V45 -> 0.3
U47: 41274 | V47: 0.6
U48: 41364 | V48: =V47 -> 0.6
U49: 41455 | V49: =V48 -> 0.6
U50: 41547 | V50: =V49 -> 0.6
U51: 41639 | V51: 0.8
U52: 41729 | V52: =V51 -> 0.8
U53: 41820 | V53: =V52 -> 0.8
U54: 41912 | V54: =V53 -> 0.8
U55: 42004 | V55: 1

Sheet T101_N
B1: =company -> _____חברה מנהלת | D1: =Information!$E$1 -> חזרה
B2: טופס 101 - גיליון הקלדת נתונים
B3: =Information!$M$21 -> הנתונים באלפי ש"ח | L3: סוג הקופה
C4: סוג הקופה | E4: =IF(AND(D12>0,C4=L3),mess6,"") | L4: חברה מנהלת רק קופות גמל בניהול אישי | M4: 2500
B5: 1 | C5: הון התחלתי נדרש | D5: =VLOOKUP(C4,L3:M5,2,0) -> 0 | L5: חברה מנהלת רגילה | M5: 10000
B6: =B5+1 -> 2 | C6: נכסים מנוהלים | D6: =D19 -> 0 | E6: נספח 1 | L6: 15000000
B7: =B6+1 -> 3 | C7: הוצאות שנתיות
B8: =B7+1 -> 4 | C8: תוספת הון בגין חברות מנהלות נשלטות | D8: =F72 -> 0 | E8: נספח 2
B9: =B8+1 -> 5 | C9: דרישות הון מיוחדות | D9: =D82 -> 0 | E9: נספח 3
B10: =B9+1 -> 6 | C10: דרישות הון בגין קרנות ותיקות - לצורך חישוב ההקלה | D10: =SUM(D99:E99) -> 0 | E10: נספח 5
B11: =B10+1 -> 7 | C11: דרישות הון עבור קופות גמל מבטיחות תשואה - לצורך חישוב ההקלה | D11: =D110 -> 0 | E11: נספח 6
B12: =B11+1 -> 8 | C12: הון עצמי קיים
C13: הון נדרש ישן :
B14: =B12+1 -> 9 | C14: סוג קופות מנוהלות | D14: =VLOOKUP(C14,K122:M127,3,0) -> 0
B15: =B14+1 -> 10 | C15: הוצאות רכישה נדחות ליום הדוח
B17: נספח 1. נכסים מנוהלים לפי פירוט מסלולים של קופות גמל וקרנות פנסיה
C18: שם מסלול מנוהל | D18: סה"כ הנכסים ליום הדוח
A19: מספר מסלול | B19: 1 | C19: סה"כ | D19: =SUM(D20:D68) -> 0
B20: =B19+1 -> 2 | C20: =IF(A20=0,"",VLOOKUP(A20,List,3,0))
B21: =B20+1 -> 3 | C21: =IF(A21=0,"",VLOOKUP(A21,List,3,0))
B22: =B21+1 -> 4 | C22: =IF(A22=0,"",VLOOKUP(A22,List,3,0))
B23: =B22+1 -> 5 | C23: =IF(A23=0,"",VLOOKUP(A23,List,3,0))
B24: =B23+1 -> 6 | C24: =IF(A24=0,"",VLOOKUP(A24,List,3,0))
B25: =B24+1 -> 7 | C25: =IF(A25=0,"",VLOOKUP(A25,List,3,0))
B26: =B25+1 -> 8 | C26: =IF(A26=0,"",VLOOKUP(A26,List,3,0))
B27: =B26+1 -> 9 | C27: =IF(A27=0,"",VLOOKUP(A27,List,3,0))
B28: =B27+1 -> 10 | C28: =IF(A28=0,"",VLOOKUP(A28,List,3,0))
B29: =B28+1 -> 11 | C29: =IF(A29=0,"",VLOOKUP(A29,List,3,0))
B30: =B29+1 -> 12 | C30: =IF(A30=0,"",VLOOKUP(A30,List,3,0))
B31: =B30+1 -> 13 | C31: =IF(A31=0,"",VLOOKUP(A31,List,3,0))
... B67: =B66+1 -> 49 | C67: =IF(A67=0,"",VLOOKUP(A67,List,3,0))
B68: =B67+1 -> 50 | C68: סה"כ יתר המסלולים
B70: נספח 2. תוספת הון בגין חברות מנהלות נשלטות | F70: חזרה
C71: שם חברה מנהלת | D71: שיעור החזקה באחוזים | E71: הון עצמי נדרש | F71: סה"כ תוספת הון נדרשת
B72: 1 | C72: סה"כ | F72: =SUM(F73:F77) -> 0
B73: =B72+1 -> 2 | F73: =D73*E73 -> 0
B74: =B73+1 -> 3 | F74: =D74*E74 -> 0
B75: =B74+1 -> 4 | F75: =D75*E75 -> 0
B76: =B75+1 -> 5 | F76: =D76*E76 -> 0
B77: =B76+1 -> 6 | F77: =D77*E77 -> 0
B80: נספח 3. דרישות הון מיוחדות | D80: חזרה
C81: הסבר | D81: סכום
B82: 1 | C82: סה"כ | D82: =SUM(D83:D87) -> 0
B83: =B82+1 -> 2
B84: =B83+1 -> 3
B85: =B84+1 -> 4
B86: =B85+1 -> 5
B87: =B86+1 -> 6 | L87: =D6 -> 0 | M87: =VLOOKUP(L87,L91:N100,3) -> 0
L88: סכום ביטוח לפי תקנה 41ה(ו1) לתקנות מס הכנסה
B90: נספח 4. סכום ביטוח עודף | E90: חזרה | L90: היקף נכסים | N90: סכום ביטוח
B91: האם החברה מנצלת הביטוח להקלה בהון הנדרש | E91: כן | L91: 0 | M91: 10000 | N91: =MIN(O91:P91) -> 0 | O91: =L87*0.5 -> 0 | P91: 1500
B92: סכום ביטוח אחריות מקצועית או ביטוח לכיסוי מעילה באמון של עובדים | L92: =M91 -> 10000 | M92: 20000 | N92: 2500 | P92: כן
B93: סכום ביטוח לפי תקנה 41ה(ו1) לתקנות מס הכנסה | E93: =M87 -> 0 | L93: =M92 -> 20000 | M93: 100000 | N93: 5000 | P93: לא
B94: סכום ביטוח עודף | E94: =IF(E91="לא",0,IF((E92-E93)>0,E92-E93,0)) -> 0 | L94: =M93 -> 100000 | M94: 500000 | N94: 10000
L95: =M94 -> 500000 | M95: 2000000 | N95: 15000
B97: נספח 5. דרישות הון בגין קרנות ותיקות | E97: חזרה | L97: =M95 -> 2000000 | M97: 5000000 | N97: 22000
C98: שם הקרן | D98: נכסים מנוהלים | E98: הוצאות שנתיות | L98: =M97 -> 5000000 | N98: 30000
A99: מספר קרן | C99: דרישת הון - | D99: =J103 -> 0 | E99: =E100*'T101'!$D$13 -> 0
B100: 1 | C100: סה"כ - | D100: =SUM(D101:D105) -> 0 | E100: =SUM(E101:E105) -> 0 | G100: need to change | J100: =K100 -> 0 | K100: =$D$19 -> 0
B101: =B100+1 -> 2 | C101: =IF(A101=0,"",VLOOKUP(A101,List,3,0)) | D101: =IF(C101="","",VLOOKUP(A101,$A$20:$D$68,4,0)) | J101: =D100 -> 0
B102: =B101+1 -> 3 | C102: =IF(A102=0,"",VLOOKUP(A102,List,3,0)) | D102: =IF(C102="","",VLOOKUP(A102,$A$20:$D$68,4,0)) | J102: =J100-J101 -> 0 | K102: 15000000
B103: =B102+1 -> 4 | C103: =IF(A103=0,"",VLOOKUP(A103,List,3,0)) | D103: =IF(C103="","",VLOOKUP(A103,$A$20:$D$68,4,0)) | J103: =IF(J102>K102,J101*K104,IF(AND(J100>K102,J102<K102),((K102-J102)*K103)+((J100-K102)*K104),J101*K103)) -> 0 | K103: 0.001
B104: =B103+1 -> 5 | C104: =IF(A104=0,"",VLOOKUP(A104,List,3,0)) | D104: =IF(C104="","",VLOOKUP(A104,$A$20:$D$68,4,0)) | J104: Case where reducing the amount would bring it down below 150000000 | K104: 0.0005
B105: =B104+1 -> 6 | C105: =IF(A105=0,"",VLOOKUP(A105,List,3,0)) | D105: =IF(C105="","",VLOOKUP(A105,$A$20:$D$68,4,0))
J106: =((K102-J102)*K103)+((J100-K102)*K104) -> 7500
B108: נספח 6. קופות גמל מבטיחות תשואה | D108: חזרה | J108: Case where the amount is less than 15000000
C109: שם הקופה | D109: נכסים מנוהלים
A110: מספר קופה | C110: =C99 -> דרישת הון - | D110: =J113 -> 0 | G110: need to change | J110: =K100 -> 0
B111: 1 | C111: סה"כ | D111: =SUM(D112:D117) -> 0 | J111: =D111 -> 0
B112: =B111+1 -> 2 | C112: =IF(A112=0,"",VLOOKUP(A112,List,3,0)) | D112: =IF(C112="","",VLOOKUP(A112,$A$20:$D$68,4,0)) | J112: =J110-J111 -> 0 | K112: 15000000
B113: =B112+1 -> 3 | C113: =IF(A113=0,"",VLOOKUP(A113,List,3,0)) | D113: =IF(C113="","",VLOOKUP(A113,$A$20:$D$68,4,0)) | I113: =K112*K113+(D111-K112)*K114 -> 7500 | J113: =IF(J112>K112,J111*K114,IF(AND(J110>K112,J112<K112),((K112-J112)*K113)+((J110-K112)*K114),J111*K113)) -> 0 | K113: =K103 -> 0.001
B114: =B113+1 -> 4 | C114: =IF(A114=0,"",VLOOKUP(A114,List,3,0)) | D114: =IF(C114="","",VLOOKUP(A114,$A$20:$D$68,4,0)) | K114: =K104 -> 0.0005 | O114: - Amounts are increased for the Change in CPI usin XXXX as the base Need to UPDATE the index annually
B115: =B114+1 -> 5 | C115: =IF(A115=0,"",VLOOKUP(A115,List,3,0)) | D115: =IF(C115="","",VLOOKUP(A115,$A$20:$D$68,4,0))
B116: =B115+1 -> 6 | C116: =IF(A116=0,"",VLOOKUP(A116,List,3,0)) | D116: =IF(C116="","",VLOOKUP(A116,$A$20:$D$68,4,0))
B117: =B116+1 -> 7 | C117: =IF(A117=0,"",VLOOKUP(A117,List,3,0)) | D117: =IF(C117="","",VLOOKUP(A117,$A$20:$D$68,4,0))
L118: הון נדרש ישן
L119: נומינלי | M119: מתואם | O119: Factor
K120: 37196 | L120: הון נדרש ישן | N120: 171.07811 | O120: 37196
M121: =N121/N120 -> #N/A | N121: =VLOOKUP($P$121,$Q$124:$S$136,2,0) -> #N/A | O121: =VLOOKUP($P$121,$Q$124:$S$136,3,0) -> #N/A | P121: =Information!K4 -> 31.12.2021
K122: סוג קופות מנוהלות | R122: =Information!$E$1 -> חזרה
K123: קופות גמל | L123: 1000 | M123: =L123*$M$121 -> #N/A | Q123: BASE | R123: 171.07811 | S123: 11/01
K124: קרנות פנסיה חדשות | L124: 7000 | M124: =L124*$M$121 -> #N/A | Q124: 31.12.2011 | R124: =R140 -> 216.26864 | S124: 12/11
K125: קופות גמל וקרנות פנסיה | L125: =L123+L124 -> 8000 | M125: =L125*$M$121 -> #N/A | Q125: 31.03.2012 | R125: =I141 -> 216.26864 | S125: 12/11
K126: קרנות פנסיה ותיקות | L126: =L123 -> 1000 | M126: =M123 -> #N/A | Q126: 30.06.2012 | R126: =L141 -> 218.972 | S126: 12/11
K127: גמל + פנסיה חדשה + ותיקות | L127: =L125+L126 -> 9000 | M127: =L127*$M$121 -> #N/A | Q127: 30.09.2012 | R127: =O141 -> 220.84355 | S127: 12/11
Q128: 31.12.2012 | R128: =R141 -> 219.3879 | S128: 12/12
Q129: 31.03.2013 | R129: =I142 -> 219.42034 | S129: =S128 -> 12/12
Q130: 30.06.2013 | R130: =L142 -> 220.95168 | S130: =S129 -> 12/12
Q131: 30.09.2013 | R131: =O142 -> 223.79562 | S131: =S130 -> 12/12
Q132: 31.12.2013 | R132: =R142 -> 223.57685 | S132: 12/13
Q133: 31.03.2014 | R133: =I143 -> 222.04551 | S133: =S132 -> 12/13
Q134: 30.06.2014 | R134: =L143 -> 223.13933 | S134: =S133 -> 12/13
N135: CBS CPI TABLE | Q135: 30.09.2014 | R135: =O143 -> 223.79562 | S135: =S134 -> 12/13
Q136: 31.12.2014 | R136: =R143 -> 223.35809 | S136: 12/14
H137: 1 | I137: 2 | J137: =I137+1 -> 3 | K137: =J137+1 -> 4 | L137: =K137+1 -> 5 | M137: =L137+1 -> 6 | N137: =M137+1 -> 7 | O137: =N137+1 -> 8 | P137: =O137+1 -> 9 | Q137: =P137+1 -> 10 | R137: =Q137+1 -> 11 | S137: 12
G138: 2009 | H138: 197.36689 | I138: 197.17089 | J138: 198.15087 | K138: 200.11082 | L138: 200.8948 | M138: 202.65875 | N138: 204.81469 | O138: 205.79467 | P138: 205.20668 | Q138: 205.59867 | R138: 206.18666 | S138: 206.18666
G139: 2010 | H139: 204.81469 | I139: 204.22671 | J139: 204.4227 | K139: 206.18666 | L139: 206.97064 | M139: 207.55862 | N139: 208.5386 | O139: 209.51857 | P139: 210.10656 | Q139: 210.69454 | R139: 210.89054 | S139: 211.67452
G140: 2011 | H140: 212.10962 | I140: 212.73348 | J140: 213.14938 | K140: 214.39708 | L140: 215.43683 | M140: 216.26864 | N140: 215.64479 | O140: 216.68454 | P140: 216.26864 | Q140: 216.47659 | R140: 216.26864 | S140: 216.26864
G141: 2012 | H141: 216.26864 | I141: 216.26864 | J141: 217.10044 | K141: 218.972 | L141: 218.972 | M141: 218.34814 | N141: 218.55609 | O141: 220.84355 | P141: 220.84355 | Q141: 220.42765 | R141: 219.3879 | S141: 219.8038
G142: 2013 | H142: 219.42034 | I142: 219.42034 | J142: 219.85786 | K142: 220.73292 | L142: 220.95168 | M142: 222.7018 | N142: 223.35809 | O142: 223.79562 | P142: 223.79562 | Q142: 224.45191 | R142: 223.57685
...

Sheet 106N
A1: =SUM(F17) -> 0 | B1: ='T101'!B1 -> _____חברה מנהלת | F1: =Information!$E$1 -> חזרה
B2: טופס 106, נספח - חישוב נכסים נזילים
A3: =SUM(F17) -> 0 | B3: =Information!$M$21 -> הנתונים באלפי ש"ח
B4: 1. חישוב הנכסים הנזילים המוחזקים כנגד הון עצמי מזערי נדרש:
C6: (א) | D6: אגרות חוב ממשלתייות סחירות
C7: (ב) | D7: מזומנים
C8: (ג) | D8: פיקדונות אשר מועד פירעונם יחול בתוך 3 חודשים או שניתן לפרעם בתוך 3 חודשים
C9: (ד) | D9: איגרות חוב בלתי סחירות והלוואות בדירוג השקעה שמועד פירעונן יחול בתוך 3 חודשים או שניתן לפרען בתוך 3 חודשים
C10: (ה) | D10: נייר ערך מסחרי שמועד פירעונם יחול בתוך 3 חודשים או שניתן לפרעם בתוך 3 חודשים;
C11: (ו) | D11: יחידות בקרן ותעודות סל שניתנות לפירעון בכל עת
C12: (ז) | D12: מניות הכלולות במדד תל אביב 25;
C13: (ח) | D13: מניות הכלולות במדדי מניות בעלות שווי שוק הגבוה ביותר, הרשומות למסחר בבורסת חוץ או בשוק מוסדר בכל מדינת חוץ מאושרת
C14: (ט) | D14: איגרות חוב סחירות בדירוג השקעה
C15: (י) | D15: אופציית רכש 001
C16: (יא) | D16: עסקת מכר חוזר בניירות ערך שמועד תום התקופה שנקבעה בה יחול בתוך 3 חודשים;
C17: (יב) | D17: סה"כ נכסים נזילים | E17: =SUM(E6:E16) -> 0
B19: 2. חישוב סכום הנכסים הנזילים הנדרש
C20: (א) | D20: סה"כ נכסים נזילים נדרשים - חברה | E20: ='T101'!$J$39 -> 0 | F20: 0.5 | G20: =E20*F20 -> 0
C21: (ב) | D21: ביכוי דרישות הנזילות של חברות מנהלות נשלטות | E21: ='T101'!L18 -> 0 | F21: 0.5 | G21: =E21*F21 -> 0
C22: (ג) | D22: סה"כ נכסים נזילים נדרשים - חברה בניכוי דרישות עבור חברות בנות | G22: =G20-G21 -> 0
B25: 3.עודף (גרעון) של נכסים נזילים 1(יב) - 2 (ג) | G25: =(E17-G22) -> 0
D29: `

Sheet 106
A1: =SUM(J8:L535) -> 0 | B1: =company -> _____חברה מנהלת | L1: =Information!$E$1 -> חזרה
B2: טופס 106, פירוט נכסים לפי סוגי התחייבויות | J2: נתונים ל: | K2: ='1'!C4 -> 31.12.2021
A3: =SUM(J8:L538) -> 0 | B3: =Information!$M$21 -> הנתונים באלפי ש"ח
J6: סה"כ הנכסים ויתרות חובה | K6: הון עצמי מזערי | L6: התחייבויות אחרות ועודף הון
A7: שורה
A8: 8 | B8: 1. | C8: השקעות | J8: =SUM(K8:L8) -> 0 | K8: =SUM(K9,K22,K390,K415,K452,K484,K492) -> 0 | L8: =SUM(L9,L22,L390,L415,L452,L484,L492) -> 0 | M8: 1 | N8: 1
A9: =A8+1 -> 9 | C9: א. | D9: מזומנים ושווי מזומנים | J9: =SUM(K9:L9) -> 0 | K9: =SUM(K10,K18) -> 0 | L9: =SUM(L10,L18) -> 0 | M9: 1 | N9: 1
A10: =A9+1 -> 10 | D10: (1 | E10: בישראל | J10: =SUM(K10:L10) -> 0 | K10: =SUM(K11:K17) -> 0 | L10: =SUM(L11:L17) -> 0 | M10: =IF(J10<>0,1,0) -> 0 | N10: 0
A11: =A10+1 -> 11 | E11: א) | F11: יתרות מזומנים ועו"ש בשקלים חדשים | J11: =SUM(K11:L11) -> 0 | M11: =IF(J11<>0,1,0) -> 0 | N11: 0
A12: =A11+1 -> 12 | E12: ב) | F12: יתרות מזומנים ועו"ש נקובים במט"ח | J12: =SUM(K12:L12) -> 0 | M12: =IF(J12<>0,1,0) -> 0 | N12: 0
A13: =A12+1 -> 13 | E13: ג) | F13: פח"ק/פר"י | J13: =SUM(K13:L13) -> 0 | M13: =IF(J13<>0,1,0) -> 0 | N13: 0
A14: =A13+1 -> 14 | E14: ד) | F14: פק"מ לתקופה של עד שלושה חודשים | J14: =SUM(K14:L14) -> 0 | M14: =IF(J14<>0,1,0) -> 0 | N14: 0
A15: =A14+1 -> 15 | E15: ה) | F15: פיקדון צמוד מדד עד שלושה חודשים | J15: =SUM(K15:L15) -> 0 | M15: =IF(J15<>0,1,0) -> 0 | N15: 0
A16: =A15+1 -> 16 | E16: ו) | F16: פיקדון צמוד מט"ח עד שלושה חודשים (פצ"מ) | J16: =SUM(K16:L16) -> 0 | M16: =IF(J16<>0,1,0) -> 0 | N16: 0
A17: =A16+1 -> 17 | E17: ז) | F17: פיקדונות במט"ח עד שלושה חודשים | J17: =SUM(K17:L17) -> 0 | M17: =IF(J17<>0,1,0) -> 0 | N17: 0
A18: =A17+1 -> 18 | D18: (2 | E18: בחו"ל | J18: =SUM(K18:L18) -> 0 | K18: =SUM(K19:K20) -> 0 | L18: =SUM(L19:L20) -> 0 | M18: =IF(J18<>0,1,0) -> 0 | N18: 0
A19: =A18+1 -> 19 | E19: א) | F19: יתרות מזומנים ועו"ש נקובים במט"ח | J19: =SUM(K19:L19) -> 0 | M19: =IF(J19<>0,1,0) -> 0 | N19: 0
A20: =A19+1 -> 20 | E20: ב) | F20: פיקדונות במט"ח עד שלושה חודשים | J20: =SUM(K20:L20) -> 0 | M20: =IF(J20<>0,1,0) -> 0 | N20: 0
A21: =A20+1 -> 21 | M21: =IF(J21<>0,1,0) -> 0 | N21: 0
A22: =A21+1 -> 22 | C22: ב. | D22: ניירות ערך (למעט בחברות מוחזקות) | J22: =SUM(J23,J94,J153,J187,J195,J207,J215,J232,J42,J173,J278) -> 0 | K22: =SUM(K23,K94,K153,K187,K195,K207,K215,K232,K42,K173,K278) -> 0 | L22: =SUM(L23,L94,L153,L187,L195,L207,L215,L232,L42,L173,L278) -> 0 | M22: 1 | N22: 1
A23: =A22+1 -> 23 | D23: (1 | E23: אגרות חוב ממשלתיות: | J23: =SUM(K23:L23) -> 0 | K23: =SUM(K24,K34) -> 0 | L23: =SUM(L24,L34) -> 0 | M23: 1 | N23: 1
A24: =A23+1 -> 24 | E24: א) | F24: בישראל | J24: =SUM(K24:L24) -> 0 | K24: =SUM(K25,K32:K33) -> 0 | L24: =SUM(L25,L32:L33) -> 0 | M24: =IF(J24<>0,1,0) -> 0 | N24: 0
A25: =A24+1 -> 25 | F25: (1) | G25: סחיר | J25: =SUM(K25:L25) -> 0 | K25: =SUM(K26:K30) -> 0 | L25: =SUM(L26:L30) -> 0 | M25: =IF(J25<>0,1,0) -> 0 | N25: 0
A26: =A25+1 -> 26 | G26: (א) | H26: צמוד מדד | J26: =SUM(K26:L26) -> 0 | M26: =IF(J26<>0,1,0) -> 0 | N26: 0
A27: =A26+1 -> 27 | G27: (ג) | H27: לא צמוד בריבית קבועה | J27: =SUM(K27:L27) -> 0 | M27: =IF(J27<>0,1,0) -> 0 | N27: 0
A28: =A27+1 -> 28 | G28: (ד) | H28: לא צמוד בריבית משתנה | J28: =SUM(K28:L28) -> 0 | M28: =IF(J28<>0,1,0) -> 0 | N28: 0
A29: =A28+1 -> 29 | G29: (ה) | H29: צמוד מט"ח | J29: =SUM(K29:L29) -> 0 | M29: =IF(J29<>0,1,0) -> 0 | N29: 0
A30: =A29+1 -> 30 | G30: (ו) | H30: מק"מ | J30: =SUM(K30:L30) -> 0 | M30: =IF(J30<>0,1,0) -> 0 | N30: 0
A31: =A30+1 -> 31 | F31: (2) | G31: לא סחיר | J31: =SUM(K31:L31) -> 0 | K31: =SUM(K32:K33) -> 0 | L31: =SUM(L32:L33) -> 0 | M31: =IF(J31<>0,1,0) -> 0 | N31: 0
A32: =A31+1 -> 32 | G32: (א) | H32: אג"ח מיועדות - הסכמי "חץ" כולל אג"ח של חברת החשמל | J32: =SUM(K32:L32) -> 0 | M32: =IF(J32<>0,1,0) -> 0 | N32: 0
A33: =A32+1 -> 33 | G33: (ב) | H33: אג"ח לא סחירות אחרות | J33: =SUM(K33:L33) -> 0 | M33: =IF(J33<>0,1,0) -> 0 | N33: 0
A34: =A33+1 -> 34 | E34: ב) | F34: בחו"ל | J34: =SUM(K34:L34) -> 0 | K34: =SUM(K38,K35) -> 0 | L34: =SUM(L38,L35) -> 0 | M34: =IF(J34<>0,1,0) -> 0 | N34: 0
A35: =A34+1 -> 35 | F35: (1) | G35: סחיר | J35: =SUM(K35:L35) -> 0 | K35: =SUM(K36:K37) -> 0 | L35: =SUM(L36:L37) -> 0 | M35: =IF(J35<>0,1,0) -> 0 | N35: 0
A36: =A35+1 -> 36 | G36: (א) | H36: ממשלת ישראל שהונפקו בחו"ל | J36: =SUM(K36:L36) -> 0 | M36: =IF(J36<>0,1,0) -> 0 | N36: 0
A37: =A36+1 -> 37 | G37: (ב) | H37: שהנפיקה ממשלה זרה | J37: =SUM(K37:L37) -> 0 | M37: =IF(J37<>0,1,0) -> 0 | N37: 0
A38: =A37+1 -> 38 | F38: (2) | G38: לא סחיר | J38: =SUM(K38:L38) -> 0 | K38: =SUM(K39:K40) -> 0 | L38: =SUM(L39:L40) -> 0 | M38: =IF(J38<>0,1,0) -> 0 | N38: 0
A39: =A38+1 -> 39 | G39: (א) | H39: ממשלת ישראל שהונפקו בחו"ל | J39: =SUM(K39:L39) -> 0 | M39: =IF(J39<>0,1,0) -> 0 | N39: 0
A40: =A39+1 -> 40 | G40: (ב) | H40: שהנפיקה ממשלה זרה | J40: =SUM(K40:L40) -> 0 | M40: =IF(J40<>0,1,0) -> 0 | N40: 0
A41: =A40+1 -> 41 | M41: =IF(J41<>0,1,0) -> 0 | N41: 0
A42: =A41+1 -> 42 | D42: (2 | E42: תעודות חוב מסחריות: | J42: =SUM(K42:L42) -> 0 | K42: =SUM(K43,K74) -> 0 | L42: =SUM(L43,L74) -> 0 | M42: 1 | N42: 1
A43: =A42+1 -> 43 | E43: א) | F43: בישראל | J43: =SUM(K43:L43) -> 0 | K43: =SUM(K44,K57) -> 0 | L43: =SUM(L44,L57) -> 0 | M43: =IF(J43<>0,1,0) -> 0 | N43: 0
A44: =A43+1 -> 44 | F44: (1) | G44: סחיר | J44: =SUM(K44:L44) -> 0 | K44: =SUM(K45,K49,K53) -> 0 | L44: =SUM(L45,L49,L53) -> 0 | M44: =IF(J44<>0,1,0) -> 0 | N44: 0
A45: =A44+1 -> 45 | G45: (א) | H45: דרוג AA- ומעלה | J45: =SUM(K45:L45) -> 0 | K45: =SUM(K46:K48) -> 0 | L45: =SUM(L46:L48) -> 0 | M45: =IF(J45<>0,1,0) -> 0 | N45: 0
A46: =A45+1 -> 46 | H46: a | I46: צמוד מדד | J46: =SUM(K46:L46) -> 0 | M46: =IF(J46<>0,1,0) -> 0 | N46: 0
A47: =A46+1 -> 47 | H47: b | I47: לא צמוד | J47: =SUM(K47:L47) -> 0 | M47: =IF(J47<>0,1,0) -> 0 | N47: 0
A48: =A47+1 -> 48 | H48: c | I48: צמוד מט"ח | J48: =SUM(K48:L48) -> 0 | M48: =IF(J48<>0,1,0) -> 0 | N48: 0
A49: =A48+1 -> 49 | G49: (ב) | H49: דרוג BBB- ועד A+ | J49: =SUM(K49:L49) -> 0 | K49: =SUM(K50:K52) -> 0 | L49: =SUM(L50:L52) -> 0 | M49: =IF(J49<>0,1,0) -> 0 | N49: 0
A50: =A49+1 -> 50 | H50: a | I50: צמוד מדד | J50: =SUM(K50:L50) -> 0 | M50: =IF(J50<>0,1,0) -> 0 | N50: 0
A51: =A50+1 -> 51 | H51: b | I51: לא צמוד | J51: =SUM(K51:L51) -> 0 | M51: =IF(J51<>0,1,0) -> 0 | N51: 0
A52: =A51+1 -> 52 | H52: c | I52: צמוד מט"ח | J52: =SUM(K52:L52) -> 0 | M52: =IF(J52<>0,1,0) -> 0 | N52: 0
A53: =A52+1 -> 53 | G53: (ג) | H53: דרוג נמוך מ- BBB- או לא מדורג | J53: =SUM(K53:L53) -> 0 | K53: =SUM(K54:K56) -> 0 | L53: =SUM(L54:L56) -> 0 | M53: =IF(J53<>0,1,0) -> 0 | N53: 0
A54: =A53+1 -> 54 | H54: a | I54: צמוד מדד | J54: =SUM(K54:L54) -> 0 | M54: =IF(J54<>0,1,0) -> 0 | N54: 0
A55: =A54+1 -> 55 | H55: b | I55: לא צמוד | J55: =SUM(K55:L55) -> 0 | M55: =IF(J55<>0,1,0) -> 0 | N55: 0
A56: =A55+1 -> 56 | H56: c | I56: צמוד מט"ח | J56: =SUM(K56:L56) -> 0 | M56: =IF(J56<>0,1,0) -> 0 | N56: 0
A57: =A56+1 -> 57 | F57: (2) | G57: לא סחיר | J57: =SUM(K57:L57) -> 0 | K57: =SUM(K58,K62,K70,K66) -> 0 | L57: =SUM(L58,L62,L70,L66) -> 0 | M57: =IF(J57<>0,1,0) -> 0 | N57: 0
A58: =A57+1 -> 58 | G58: (א) | H58: דרוג AA- ומעלה | J58: =SUM(K58:L58) -> 0 | K58: =SUM(K59:K61) -> 0 | L58: =SUM(L59:L61) -> 0 | M58: =IF(J58<>0,1,0) -> 0 | N58: 0
A59: =A58+1 -> 59 | H59: a | I59: צמוד מדד | J59: =SUM(K59:L59) -> 0 | M59: =IF(J59<>0,1,0) -> 0 | N59: 0
A60: =A59+1 -> 60 | H60: b | I60: לא צמוד | J60: =SUM(K60:L60) -> 0 | M60: =IF(J60<>0,1,0) -> 0 | N60: 0
A61: =A60+1 -> 61 | H61: c | I61: צמוד מט"ח | J61: =SUM(K61:L61) -> 0 | M61: =IF(J61<>0,1,0) -> 0 | N61: 0
A62: =A61+1 -> 62 | G62: (ב) | H62: דרוג BBB- ועד A+ | J62: =SUM(K62:L62) -> 0 | K62: =SUM(K63:K65) -> 0 | L62: =SUM(L63:L65) -> 0 | M62: =IF(J62<>0,1,0) -> 0 | N62: 0
A63: =A62+1 -> 63 | H63: a | I63: צמוד מדד | J63: =SUM(K63:L63) -> 0 | M63: =IF(J63<>0,1,0) -> 0 | N63: 0
A64: =A63+1 -> 64 | H64: b | I64: לא צמוד | J64: =SUM(K64:L64) -> 0 | M64: =IF(J64<>0,1,0) -> 0 | N64: 0
A65: =A64+1 -> 65 | H65: c | I65: צמוד מט"ח | J65: =SUM(K65:L65) -> 0 | M65: =IF(J65<>0,1,0) -> 0 | N65: 0
A66: =A65+1 -> 66 | G66: (ג) | H66: בדרוג נמוך מ- BBB- או לא מדורג עם בטוחה מספקת | J66: =SUM(K66:L66) -> 0 | K66: =SUM(K67:K69) -> 0 | L66: =SUM(L67:L69) -> 0 | M66: =IF(J66<>0,1,0) -> 0 | N66: 0
A67: =A66+1 -> 67 | H67: a | I67: צמוד מדד | J67: =SUM(K67:L67) -> 0 | M67: =IF(J67<>0,1,0) -> 0 | N67: 0
A68: =A67+1 -> 68 | H68: b | I68: לא צמוד | J68: =SUM(K68:L68) -> 0 | M68: =IF(J68<>0,1,0) -> 0 | N68: 0
A69: =A68+1 -> 69 | H69: c | I69: צמוד מט"ח | J69: =SUM(K69:L69) -> 0 | M69: =IF(J69<>0,1,0) -> 0 | N69: 0
A70: =A69+1 -> 70 | G70: (ד) | H70: דרוג נמוך מ- BBB- או לא מדורג | J70: =SUM(K70:L70) -> 0 | K70: =SUM(K71:K73) -> 0 | L70: =SUM(L71:L73) -> 0 | M70: =IF(J70<>0,1,0) -> 0 | N70: 0
A71: =A70+1 -> 71 | H71: a | I71: צמוד מדד | J71: =SUM(K71:L71) -> 0 | M71: =IF(J71<>0,1,0) -> 0 | N71: 0
A72: =A71+1 -> 72 | H72: b | I72: לא צמוד | J72: =SUM(K72:L72) -> 0 | M72: =IF(J72<>0,1,0) -> 0 | N72: 0
A73: =A72+1 -> 73 | H73: c | I73: צמוד מט"ח | J73: =SUM(K73:L73) -> 0 | M73: =IF(J73<>0,1,0) -> 0 | N73: 0
A74: =A73+1 -> 74 | E74: ב) | F74: בחו"ל | J74: =SUM(K74:L74) -> 0 | K74: =SUM(K75,K79,K84,K88,) -> 0 | L74: =SUM(L75,L79,L84,L88,) -> 0 | M74: =IF(J74<>0,1,0) -> 0 | N74: 0
A75: =A74+1 -> 75 | F75: (1) | G75: סחיר - חברות ישראליות | J75: =SUM(K75:L75) -> 0 | K75: =SUM(K76:K78) -> 0 | L75: =SUM(L76:L78) -> 0 | M75: =IF(J75<>0,1,0) -> 0 | N75: 0
A76: =A75+1 -> 76 | G76: (א) | H76: דרוג A- ומעלה | J76: =SUM(K76:L76) -> 0 | M76: =IF(J76<>0,1,0) -> 0 | N76: 0
A77: =A76+1 -> 77 | G77: (ב) | H77: דרוג BBB- ועד BBB+ | J77: =SUM(K77:L77) -> 0 | M77: =IF(J77<>0,1,0) -> 0 | N77: 0
A78: =A77+1 -> 78 | G78: (ג) | H78: דרוג נמוך מ- BBB- או לא מדורג | J78: =SUM(K78:L78) -> 0 | M78: =IF(J78<>0,1,0) -> 0 | N78: 0
A79: =A78+1 -> 79 | F79: (2) | G79: לא סחיר - חברות ישראליות | J79: =SUM(K79:L79) -> 0 | K79: =SUM(K80:K83) -> 0 | L79: =SUM(L80:L83) -> 0 | M79: =IF(J79<>0,1,0) -> 0 | N79: 0
A80: =A79+1 -> 80 | G80: (א) | H80: דרוג A- ומעלה | J80: =SUM(K80:L80) -> 0 | M80: =IF(J80<>0,1,0) -> 0 | N80: 0
A81: =A80+1 -> 81 | G81: (ב) | H81: דרוג BBB- ועד BBB+ | J81: =SUM(K81:L81) -> 0 | M81: =IF(J81<>0,1,0) -> 0 | N81: 0
A82: =A81+1 -> 82 | G82: (ג) | H82: בדרוג נמוך מ- BBB- או לא מדורג עם בטוחה מספקת | J82: =SUM(K82:L82) -> 0 | M82: =IF(J82<>0,1,0) -> 0 | N82: 0
A83: =A82+1 -> 83 | G83: (ד) | H83: דרוג נמוך מ- BBB- או לא מדורג | J83: =SUM(K83:L83) -> 0 | M83: =IF(J83<>0,1,0) -> 0 | N83: 0
A84: =A83+1 -> 84 | F84: (3) | G84: סחיר - חברות זרות | J84: =SUM(K84:L84) -> 0 | K84: =SUM(K85:K87) -> 0 | L84: =SUM(L85:L87) -> 0 | M84: =IF(J84<>0,1,0) -> 0 | N84: 0
A85: =A84+1 -> 85 | G85: (א) | H85: דרוג A- ומעלה | J85: =SUM(K85:L85) -> 0 | M85: =IF(J85<>0,1,0) -> 0 | N85: 0
A86: =A85+1 -> 86 | G86: (ב) | H86: דרוג BBB- ועד BBB+ | J86: =SUM(K86:L86) -> 0 | M86: =IF(J86<>0,1,0) -> 0 | N86: 0
A87: =A86+1 -> 87 | G87: (ג) | H87: דרוג נמוך מ- BBB- או לא מדורג | J87: =SUM(K87:L87) -> 0 | M87: =IF(J87<>0,1,0) -> 0 | N87: 0
A88: =A87+1 -> 88 | F88: (4) | G88: לא סחיר - חברות זרות | J88: =SUM(K88:L88) -> 0 | K88: =SUM(K89:K92) -> 0 | L88: =SUM(L89:L92) -> 0 | M88: =IF(J88<>0,1,0) -> 0 | N88: 0
A89: =A88+1 -> 89 | G89: (א) | H89: דרוג A- ומעלה | J89: =SUM(K89:L89) -> 0 | M89: =IF(J89<>0,1,0) -> 0 | N89: 0
A90: =A89+1 -> 90 | G90: (ב) | H90: דרוג BBB- ועד BBB+ | J90: =SUM(K90:L90) -> 0 | M90: =IF(J90<>0,1,0) -> 0 | N90: 0
A91: =A90+1 -> 91 | G91: (ג) | H91: בדרוג נמוך מ- BBB- או לא מדורג עם בטוחה מספקת | J91: =SUM(K91:L91) -> 0 | M91: =IF(J91<>0,1,0) -> 0 | N91: 0
A92: =A91+1 -> 92 | G92: (ד) | H92: דרוג נמוך מ- BBB- או לא מדורג | J92: =SUM(K92:L92) -> 0 | M92: =IF(J92<>0,1,0) -> 0 | N92: 0
A93: =A92+1 -> 93 | M93: =IF(J93<>0,1,0) -> 0 | N93: 0
A94: =A93+1 -> 94 | D94: (3 | E94: אג"ח קונצרני: | J94: =SUM(K94:L94) -> 0 | K94: =SUM(K95,K133) -> 0 | L94: =SUM(L95,L133) -> 0 | M94: 1 | N94: 1
A95: =A94+1 -> 95 | E95: א) | F95: בישראל | J95: =SUM(K95:L95) -> 0 | K95: =SUM(K96,K112) -> 0 | L95: =SUM(L96,L112) -> 0 | M95: =IF(J95<>0,1,0) -> 0 | N95: 0
A96: =A95+1 -> 96 | F96: (1) | G96: סחיר | J96: =SUM(K96:L96) -> 0 | K96: =SUM(K97,K102,K107) -> 0 | L96: =SUM(L97,L102,L107) -> 0 | M96: =IF(J96<>0,1,0) -> 0 | N96: 0
A97: =A96+1 -> 97 | G97: (א) | H97: דרוג AA- ומעלה | J97: =SUM(K97:L97) -> 0 | K97: =SUM(K98:K101) -> 0 | L97: =SUM(L98:L101) -> 0 | M97: =IF(J97<>0,1,0) -> 0 | N97: 0
A98: =A97+1 -> 98 | H98: a | I98: צמוד מדד | J98: =SUM(K98:L98) -> 0 | M98: =IF(J98<>0,1,0) -> 0 | N98: 0
A99: =A98+1 -> 99 | H99: b | I99: לא צמוד | J99: =SUM(K99:L99) -> 0 | M99: =IF(J99<>0,1,0) -> 0 | N99: 0
A100: =A99+1 -> 100 | H100: c | I100: צמוד מט"ח | J100: =SUM(K100:L100) -> 0 | M100: =IF(J100<>0,1,0) -> 0 | N100: 0
A101: =A100+1 -> 101 | H101: d | I101: אחר | J101: =SUM(K101:L101) -> 0 | M101: =IF(J101<>0,1,0) -> 0 | N101: 0
A102: =A101+1 -> 102 | G102: (ב) | H102: דרוג BBB- ועד A+ | J102: =SUM(K102:L102) -> 0 | K102: =SUM(K103:K106) -> 0 | L102: =SUM(L103:L106) -> 0 | M102: =IF(J102<>0,1,0) -> 0 | N102: 0
...

Sheet 107
B1: =company -> _____חברה מנהלת | D1: =Information!$E$1 -> חזרה
B2: טופס 107, הוצאות ישירות בניהול השקעות
B3: =Information!$M$21 -> הנתונים באלפי ש"ח | C3: חוזר גופים מוסדיים 2015-9-3
C4: דיווח דוחות כספיים ודיווחים נלווים של החברות המנהלות - עדכון
B5: הערות | C5: סה"כ מתחילת השנה | E5: מדווחים רק עם הדיווח השנתי
C6: ='2'!C4 -> שנת 2021
C7: (1)
A8: 0 | B8: 1. סה"כ עמלות קנייה ומכירה | C8: =SUM(C9:C10) -> 0
A9: 0 | B9: א. לצדדים קשורים
A10: 0 | B10: ב. לצדדים שאינם קשורים
A11: 0
A12: 0 | B12: 2. סה"כ עמלות קסטודיאן | C12: =SUM(C13:C14) -> 0
A13: 0 | B13: א. לצדדים קשורים
A14: 0 | B14: ב. לצדדים שאינם קשורים
A15: 0
A16: 0 | B16: 3. סה"כ הוצאות מהשקעות לא סחירות | C16: =SUM(C17:C19) -> 0
A17: 1 | B17: א. בניירות ערך לא סחירים שאינם לצורך מימון פרויקטים לתשתיות
A18: 0 | B18: ב. במימון פרוייקטים לתשתיות
A19: 0 | B19: ג. בזכויות מקרקעין
A20: 0
A21: 1 | B21: 4. סה"כ עמלות ניהול חיצוני | C21: =SUM(C22:C29) -> 0
A22: 0 | B22: א.הנובעים מהשקעה בקרנות השקעה בישראל
A23: 0 | B23: ב. הנובעים מהשקעה בקרנות השקעה בחו"ל
A24: 0 | B24: ג. למנהלי תיקים ישראלים בגין השקעה בחו"ל
A25: 0 | B25: ד. למנהלי תיקים זרים
A26: 0 | B26: ה. בגין השקעה בתעודות סל ישראליות
A27: 0 | B27: ו. בגין השקעה בתעודות סל זרות
A28: 0 | B28: ז. בגין השקעה בקרנות נאמנות ישראליות
A29: 0 | B29: ח. בגין השקעה בקרנות נאמנות זרות
A30: 0
A31: 0 | B31: 5. סה"כ הוצאות אחרות | C31: =SUM(C32:C33) -> 0
A32: 0 | B32: א. ניהול תביעות
A33: 1 | B33: ב. מתן משכנתאות
B35: 6. הוצאות ישירות
A36: 1 | B36: א. סך ההוצאות הישירות, שההוצאה בגינן מוגבלת לשיעור של 0.25% מהנכסים | C36: =SUMIF($A$8:$A$33,$A$36,C8:C33) -> 0
B37: ב. סך הוצאות ישירות | C37: =SUM(C31,C21,C16,C11,C8,C12) -> 0
B39: 7. שיעור הוצאות ישירות
B40: א. שיעור סך ההוצאות הישירות, שההוצאה בגינן מוגבלת לשיעור של 0.25% מהנכסים | C40: =IF(C36=0,0,C36/($C$44+$C$45)) -> 0
B41: ב. שיעור סך הוצאות ישירות מממוצע נכסים (באחוזים) | C41: =IF(C37=0,0,C37/((C44+C45+C47)/2)) -> 0
B43: 8. סך נכסים לסוף תקופה קודמת
B44: א. סך כל השווי המשוערך של הנכסים בתום שנת הכספים (לא חדש)
B45: ב. סך כל השווי המשוערך של הנכסים בתום הרבעון הראשון שחלף ממועד האישור (חדש)
B47: 9. סך נכסים לסוף תקופה נוכחית

Sheet הנחיות למילוי הקובץ T18
A3: הגדרות כלליות
A4: מזומנים ופיקדונות | B4: מזומנים, שווה מזומנים ופקדונות
A5: נכסי סיכון | B5: סך הנכסים המנוהלים על ידי הגוף המוסדי, למעט מזומנים ושווי מזומנים, פיקדונות בבנקים בישראל ואיגרות חוב של מדינת ישראל כהגדרתן בתקנות כללי השקעה.
A7: שדה | B7: הנחיות למילוי השדה
A8: שם קבוצה/ תאגיד | B8: יש לבחור את שם התאגיד/ קבוצת התאגידים מתוך הרשימה בעמודה B (ללחוץ על "בחר"). אם השם לא מופיע ברשימה, יש לרשום את השם החדש בעמודה Q. תחת "הכנס שם חדש". לאחר כתיבת השם בעמודה זו, יופע השם ברשימת השמות לבחירה בעמודה B. יש לחזור לעמודה B. ולבחור את השם שהתווסף באופן ידני. דיווח ברמת תאגיד הינו עבור תאגידים שלא נכללו בדיווח תחת קבוצות תאגידים.
A9: שם התאגידים בקבוצה | B9: יש להזין את שמות התאגידים הכלולים בקבוצת התאגידים, בהן השקיע הגוף המוסדי.
A10: מספר תאגיד | B10: יש להזין את מספר התאגיד כפי שמופיע ברשם החברות, בתאגיד הרשום בישראל ולפי המקובל במדינת ההתאגדות, בתאגיד שאינו רשום בישראל; כאשר מדובר בקבוצה- יש למלא את מספר תאגיד של כל תאגיד שכלול בקבוצת התאגידים.
A11: סך החשיפה | B11: יש להציג את סך החשיפה לתאגיד בודד/ לקבוצת התאגידים ולכל תאגיד בודד בקבוצת התאגידים.
A12: מתוך סך החשיפה | B12: סך החשיפה לתאגיד בודד, קבוצת התאגידים ולכל תאגיד שכלול בקבוצת התאגידים יפורט כחשיפה לפי המכשירים הפיננסיים הבאים: מזומנים ופיקדונות, איגרות חוב (סחירות ובלתי סחירות), הלוואות (לרבות הלוואות שמקורן מעסקאות סינדיקציה וקונסורציום), מניות, ואחר. אין לכלול החזקות בתעודות סל, בקרנות סל ובקרנות נאמנות.
A13: שיעור חשיפה מסך הנכסים | B13: יש להציג את שיעור החשיפה לתאגיד בודד/ לקבוצת התאגידים מתוך כלל הנכסים המנוהלים.
A14: שיעור החשיפה מסך נכסי הסיכון | B14: יש להציג את שיעור החשיפה לתאגיד בודד/ לקבוצת התאגידים מתוך נכסי הסיכון.
A15: היקף חובות בעייתיים | B15: יש להציג את היקף החובות הבעייתיים של התאגיד/ תאגידים בקבוצת התאגידים, שהעניק הגוף המוסדי.

Sheet T18
B1: =company -> _____חברה מנהלת
B2: טופס 18 - חשיפה לקבוצות תאגידים - משתתף | E2: חזרה
B3: ליום | C3: =Date1 -> 31.12.2021
B4: =line3 -> הנתונים באלפי ש"ח
B5: סה"כ חשיפות | C5: תיקון פרק 3 לחלק 4 של שער 5 לחוזר המאוחד (דיווח לממונה על שוק ההון) - דיווח אודות חובות בעייתיים | Q5: לפחות אחד השמות של הקבוצה \ תאגיד לא ברשמיה Names | R5: Mess18
B6: סה"כ נכסים מנוהלים
B7: סה"כ נכסי הסיכון
A8: 1 | B8: =IF(P11>0,mESS18,"") -> לפחות אחד השמות של הקבוצה \ תאגיד לא ברשמיה Names
A9: 1 | B9: סה"כ חשיפות לתאגידים גדולים וקבוצות תאגידים | F9: =SUM(F12:F1200)/2 -> 0 | J9: =SUM(J12:J1200)/2 -> 0 | M9: =SUM(M12:M1200)/2 -> 0 | O9: B | R9: 26
C10: שם התאגידים בקבוצה | D10: מספר תאגיד | E10: סך החשיפה | F10: מתוך סך החשיפה: | K10: שיעור חשיפה מסך הנכסים | L10: שיעור החשיפה מסך נכסי הסיכון | M10: היקף חובות בעייתיים | O10: 12 | Q10: Names
A11: 1 | B11: שם קבוצה/ תאגיד | F11: מזומנים ופיקדונות | G11: אג"ח | H11: הלוואות | I11: מניות | J11: אחר | P11: =SUM(P12:P36) -> 25 | Q11: בחר
A12: 1 | E12: =SUM(F12:J12) -> 0 | F12: =SUM(F13:F37) -> 0 | G12: =SUM(G13:G37) -> 0 | H12: =SUM(H13:H37) -> 0 | I12: =SUM(I13:I37) -> 0 | J12: =SUM(J13:J37) -> 0 | K12: =IFERROR(E12/$C$6,"") | L12: =IFERROR(E12/$C$7,"") | M12: =SUM(M13:M37) -> 0 | O12: =INDIRECT(CONCATENATE("B",R12)) -> 0 | P12: =IFERROR(VLOOKUP(O12,Groups,1,0),1) -> 1 | Q12: אדלסברג | R12: 12
A13: =IF(E13<>0,1,0) -> 0 | C13: תאגיד 1 | E13: =SUM(F13:J13) -> 0 | K13: =IFERROR(E13/$C$6,"") | L13: =IFERROR(E13/$C$7,"") | O13: =INDIRECT(CONCATENATE("B",R13)) -> בחר | P13: =IFERROR(VLOOKUP(O13,Groups,1,0),1) -> 1 | Q13: אורמת | R13: 38
A14: =IF(E14<>0,1,0) -> 0 | C14: תאגיד 2 | E14: =SUM(F14:J14) -> 0 | K14: =IFERROR(E14/$C$6,"") | L14: =IFERROR(E14/$C$7,"") | O14: =INDIRECT(CONCATENATE("B",R14)) -> בחר | P14: =IFERROR(VLOOKUP(O14,Groups,1,0),1) -> 1 | Q14: איזנברג שלמה | R14: 64
A15: =IF(E15<>0,1,0) -> 0 | C15: תאגיד 3 | E15: =SUM(F15:J15) -> 0 | K15: =IFERROR(E15/$C$6,"") | L15: =IFERROR(E15/$C$7,"") | O15: =INDIRECT(CONCATENATE("B",R15)) -> בחר | P15: =IFERROR(VLOOKUP(O15,Groups,1,0),1) -> 1 | Q15: איסתא | R15: 90
A16: =IF(E16<>0,1,0) -> 0 | C16: תאגיד 4 | E16: =SUM(F16:J16) -> 0 | K16: =IFERROR(E16/$C$6,"") | L16: =IFERROR(E16/$C$7,"") | O16: =INDIRECT(CONCATENATE("B",R16)) -> בחר | P16: =IFERROR(VLOOKUP(O16,Groups,1,0),1) -> 1 | Q16: אלביט מערכות | R16: 116
A17: =IF(E17<>0,1,0) -> 0 | C17: תאגיד 5 | E17: =SUM(F17:J17) -> 0 | K17: =IFERROR(E17/$C$6,"") | L17: =IFERROR(E17/$C$7,"") | O17: =INDIRECT(CONCATENATE("B",R17)) -> בחר | P17: =IFERROR(VLOOKUP(O17,Groups,1,0),1) -> 1 | Q17: אלוביץ' | R17: 142
A18: =IF(E18<>0,1,0) -> 0 | C18: תאגיד 6 | E18: =SUM(F18:J18) -> 0 | K18: =IFERROR(E18/$C$6,"") | L18: =IFERROR(E18/$C$7,"") | O18: =INDIRECT(CONCATENATE("B",R18)) -> 0 | P18: =IFERROR(VLOOKUP(O18,Groups,1,0),1) -> 1 | Q18: אליהו | R18: 168
A19: =IF(E19<>0,1,0) -> 0 | C19: תאגיד 7 | E19: =SUM(F19:J19) -> 0 | K19: =IFERROR(E19/$C$6,"") | L19: =IFERROR(E19/$C$7,"") | O19: =INDIRECT(CONCATENATE("B",R19)) -> בחר | P19: =IFERROR(VLOOKUP(O19,Groups,1,0),1) -> 1 | Q19: אלייד | R19: 194
A20: =IF(E20<>0,1,0) -> 0 | C20: תאגיד 8 | E20: =SUM(F20:J20) -> 0 | K20: =IFERROR(E20/$C$6,"") | L20: =IFERROR(E20/$C$7,"") | O20: =INDIRECT(CONCATENATE("B",R20)) -> בחר | P20: =IFERROR(VLOOKUP(O20,Groups,1,0),1) -> 1 | Q20: אלעזרא | R20: 220
A21: =IF(E21<>0,1,0) -> 0 | C21: תאגיד 9 | E21: =SUM(F21:J21) -> 0 | K21: =IFERROR(E21/$C$6,"") | L21: =IFERROR(E21/$C$7,"") | O21: =INDIRECT(CONCATENATE("B",R21)) -> בחר | P21: =IFERROR(VLOOKUP(O21,Groups,1,0),1) -> 1 | Q21: אלפא מים השקעות | R21: 246
A22: =IF(E22<>0,1,0) -> 0 | C22: תאגיד 10 | E22: =SUM(F22:J22) -> 0 | K22: =IFERROR(E22/$C$6,"") | L22: =IFERROR(E22/$C$7,"") | O22: =INDIRECT(CONCATENATE("B",R22)) -> בחר | P22: =IFERROR(VLOOKUP(O22,Groups,1,0),1) -> 1 | Q22: אלשטיין | R22: 272
A23: =IF(E23<>0,1,0) -> 0 | C23: תאגיד 11 | E23: =SUM(F23:J23) -> 0 | K23: =IFERROR(E23/$C$6,"") | L23: =IFERROR(E23/$C$7,"") | O23: =INDIRECT(CONCATENATE("B",R23)) -> בחר | P23: =IFERROR(VLOOKUP(O23,Groups,1,0),1) -> 1 | Q23: אנלייט | R23: 298
A24: =IF(E24<>0,1,0) -> 0 | C24: תאגיד 12 | E24: =SUM(F24:J24) -> 0 | K24: =IFERROR(E24/$C$6,"") | L24: =IFERROR(E24/$C$7,"") | O24: =INDIRECT(CONCATENATE("B",R24)) -> בחר | P24: =IFERROR(VLOOKUP(O24,Groups,1,0),1) -> 1 | Q24: אנרגיאן | R24: 324
... A37: =IF(E37<>0,1,0) -> 0 | C37: תאגיד 25 | E37: =SUM(F37:J37) -> 0 | K37: =IFERROR(E37/$C$6,"") | L37: =IFERROR(E37/$C$7,"") | O37: =INDIRECT(CONCATENATE("B",R37)) -> בחר | P37: =IFERROR(VLOOKUP(O37,Groups,1,0),1) -> 1 | Q37: דיין | R37: 662
A38: =A12+1 -> 2 | B38: בחר | E38: =SUM(F38:J38) -> 0 | F38: =SUM(F39:F63) -> 0 | G38: =SUM(G39:G63) -> 0 | H38: =SUM(H39:H63) -> 0 | I38: =SUM(I39:I63) -> 0 | J38: =SUM(J39:J63) -> 0 | K38: =IFERROR(E38/$C$6,"") | L38: =IFERROR(E38/$C$7,"") | M38: =SUM(M39:M63) -> 0 | O38: =INDIRECT(CONCATENATE("B",R38)) -> בחר | P38: =IFERROR(VLOOKUP(O38,Groups,1,0),1) -> 1 | Q38: דיסקונט | R38: 688
A39: =IF(E39<>0,1,0) -> 0 | C39: תאגיד 1 | E39: =SUM(F39:J39) -> 0 | K39: =IFERROR(E39/$C$6,"") | L39: =IFERROR(E39/$C$7,"") | O39: =INDIRECT(CONCATENATE("B",R39)) -> בחר | P39: =IFERROR(VLOOKUP(O39,Groups,1,0),1) -> 1 | Q39: דנון | R39: 714
A40: =IF(E40<>0,1,0) -> 0 | C40: תאגיד 2 | E40: =SUM(F40:J40) -> 0 | K40: =IFERROR(E40/$C$6,"") | L40: =IFERROR(E40/$C$7,"") | O40: =INDIRECT(CONCATENATE("B",R40)) -> בחר | P40: =IFERROR(VLOOKUP(O40,Groups,1,0),1) -> 1 | Q40: דנירקו | R40: 740
A41: =IF(E41<>0,1,0) -> 0 | C41: תאגיד 3 | E41: =SUM(F41:J41) -> 0 | K41: =IFERROR(E41/$C$6,"") | L41: =IFERROR(E41/$C$7,"") | O41: =INDIRECT(CONCATENATE("B",R41)) -> בחר | P41: =IFERROR(VLOOKUP(O41,Groups,1,0),1) -> 1 | Q41: דנקנר | R41: 766
A42: =IF(E42<>0,1,0) -> 0 | C42: תאגיד 4 | E42: =SUM(F42:J42) -> 0 | K42: =IFERROR(E42/$C$6,"") | L42: =IFERROR(E42/$C$7,"") | O42: =INDIRECT(CONCATENATE("B",R42)) -> בחר | P42: =IFERROR(VLOOKUP(O42,Groups,1,0),1) -> 1 | Q42: דסק"ש | R42: 792
A43: =IF(E43<>0,1,0) -> 0 | C43: תאגיד 5 | E43: =SUM(F43:J43) -> 0 | K43: =IFERROR(E43/$C$6,"") | L43: =IFERROR(E43/$C$7,"") | O43: =INDIRECT(CONCATENATE("B",R43)) -> בחר | P43: =IFERROR(VLOOKUP(O43,Groups,1,0),1) -> 1 | Q43: המבורגר | R43: 818
A44: =IF(E44<>0,1,0) -> 0 | C44: תאגיד 6 | E44: =SUM(F44:J44) -> 0 | K44: =IFERROR(E44/$C$6,"") | L44: =IFERROR(E44/$C$7,"") | O44: =INDIRECT(CONCATENATE("B",R44)) -> בחר | P44: =IFERROR(VLOOKUP(O44,Groups,1,0),1) -> 1 | Q44: הפועלים | R44: 844
A45: =IF(E45<>0,1,0) -> 0 | C45: תאגיד 7 | E45: =SUM(F45:J45) -> 0 | K45: =IFERROR(E45/$C$6,"") | L45: =IFERROR(E45/$C$7,"") | O45: =INDIRECT(CONCATENATE("B",R45)) -> בחר | P45: =IFERROR(VLOOKUP(O45,Groups,1,0),1) -> 1 | Q45: וינר | R45: 870
A46: =IF(E46<>0,1,0) -> 0 | C46: תאגיד 8 | E46: =SUM(F46:J46) -> 0 | K46: =IFERROR(E46/$C$6,"") | L46: =IFERROR(E46/$C$7,"") | O46: =INDIRECT(CONCATENATE("B",R46)) -> בחר | P46: =IFERROR(VLOOKUP(O46,Groups,1,0),1) -> 1 | Q46: ויצמן | R46: 896
A47: =IF(E47<>0,1,0) -> 0 | C47: תאגיד 9 | E47: =SUM(F47:J47) -> 0 | K47: =IFERROR(E47/$C$6,"") | L47: =IFERROR(E47/$C$7,"") | O47: =INDIRECT(CONCATENATE("B",R47)) -> בחר | P47: =IFERROR(VLOOKUP(O47,Groups,1,0),1) -> 1 | Q47: ורטהיים, דוד | R47: 922
A48: =IF(E48<>0,1,0) -> 0 | C48: תאגיד 10 | E48: =SUM(F48:J48) -> 0 | K48: =IFERROR(E48/$C$6,"") | L48: =IFERROR(E48/$C$7,"") | O48: =INDIRECT(CONCATENATE("B",R48)) -> בחר | P48: =IFERROR(VLOOKUP(O48,Groups,1,0),1) -> 1 | Q48: ורטהיים, דרורית | R48: 948
A49: =IF(E49<>0,1,0) -> 0 | C49: תאגיד 11 | E49: =SUM(F49:J49) -> 0 | K49: =IFERROR(E49/$C$6,"") | L49: =IFERROR(E49/$C$7,"") | O49: =INDIRECT(CONCATENATE("B",R49)) -> בחר | P49: =IFERROR(VLOOKUP(O49,Groups,1,0),1) -> 1 | Q49: זורולו | R49: 974
A50: =IF(E50<>0,1,0) -> 0 | C50: תאגיד 12 | E50: =SUM(F50:J50) -> 0 | K50: =IFERROR(E50/$C$6,"") | L50: =IFERROR(E50/$C$7,"") | O50: =INDIRECT(CONCATENATE("B",R50)) -> בחר | P50: =IFERROR(VLOOKUP(O50,Groups,1,0),1) -> 1 | Q50: זלקינד | R50: 1000
... A63: =IF(E63<>0,1,0) -> 0 | C63: תאגיד 25 | E63: =SUM(F63:J63) -> 0 | K63: =IFERROR(E63/$C$6,"") | L63: =IFERROR(E63/$C$7,"") | O63: =INDIRECT(CONCATENATE("B",R63)) -> בחר | P63: =IFERROR(VLOOKUP(O63,Groups,1,0),1) -> 1 | Q63: לסר | R63: 1338
A64: =A38+1 -> 3 | B64: בחר | E64: =SUM(E65:E89) -> 0 | F64: =SUM(F65:F89) -> 0 | G64: =SUM(G65:G89) -> 0 | H64: =SUM(H65:H89) -> 0 | I64: =SUM(I65:I89) -> 0 | J64: =SUM(J65:J89) -> 0 | K64: =IFERROR(E64/$C$6,"") | L64: =IFERROR(E64/$C$7,"") | M64: =SUM(M65:M89) -> 0 | O64: =INDIRECT(CONCATENATE("B",R64)) -> בחר | P64: =IFERROR(VLOOKUP(O64,Groups,1,0),1) -> 1 | Q64: מבנה | R64: 1364
A65: =IF(E65<>0,1,0) -> 0 | C65: תאגיד 1 | E65: =SUM(F65:J65) -> 0 | K65: =IFERROR(E65/$C$6,"") | L65: =IFERROR(E65/$C$7,"") | Q65: מויניאן | R65: =R64+R$9 -> 1390
A66: =IF(E66<>0,1,0) -> 0 | C66: תאגיד 2 | E66: =SUM(F66:J66) -> 0 | K66: =IFERROR(E66/$C$6,"") | L66: =IFERROR(E66/$C$7,"") | Q66: מזרחי
A67: =IF(E67<>0,1,0) -> 0 | C67: תאגיד 3 | E67: =SUM(F67:J67) -> 0 | K67: =IFERROR(E67/$C$6,"") | L67: =IFERROR(E67/$C$7,"") | Q67: מימון
A68: =IF(E68<>0,1,0) -> 0 | C68: תאגיד 4 | E68: =SUM(F68:J68) -> 0 | K68: =IFERROR(E68/$C$6,"") | L68: =IFERROR(E68/$C$7,"") | Q68: מניבים קרן הריט החדשה
A69: =IF(E69<>0,1,0) -> 0 | C69: תאגיד 5 | E69: =SUM(F69:J69) -> 0 | K69: =IFERROR(E69/$C$6,"") | L69: =IFERROR(E69/$C$7,"") | Q69: נוסבאום
A70: =IF(E70<>0,1,0) -> 0 | C70: תאגיד 6 | E70: =SUM(F70:J70) -> 0 | K70: =IFERROR(E70/$C$6,"") | L70: =IFERROR(E70/$C$7,"") | Q70: נחמיאס
A71: =IF(E71<>0,1,0) -> 0 | C71: תאגיד 7 | E71: =SUM(F71:J71) -> 0 | K71: =IFERROR(E71/$C$6,"") | L71: =IFERROR(E71/$C$7,"") | Q71: נייס
A72: =IF(E72<>0,1,0) -> 0 | C72: תאגיד 8 | E72: =SUM(F72:J72) -> 0 | K72: =IFERROR(E72/$C$6,"") | L72: =IFERROR(E72/$C$7,"") | Q72: נפתלי
A73: =IF(E73<>0,1,0) -> 0 | C73: תאגיד 9 | E73: =SUM(F73:J73) -> 0 | K73: =IFERROR(E73/$C$6,"") | L73: =IFERROR(E73/$C$7,"") | Q73: נקש
A74: =IF(E74<>0,1,0) -> 0 | C74: תאגיד 10 | E74: =SUM(F74:J74) -> 0 | K74: =IFERROR(E74/$C$6,"") | L74: =IFERROR(E74/$C$7,"") | Q74: סבן
A75: =IF(E75<>0,1,0) -> 0 | C75: תאגיד 11 | E75: =SUM(F75:J75) -> 0 | K75: =IFERROR(E75/$C$6,"") | L75: =IFERROR(E75/$C$7,"") | Q75: סופטוייל
A76: =IF(E76<>0,1,0) -> 0 | C76: תאגיד 12 | E76: =SUM(F76:J76) -> 0 | K76: =IFERROR(E76/$C$6,"") | L76: =IFERROR(E76/$C$7,"") | Q76: סטפק
A77: =IF(E77<>0,1,0) -> 0 | C77: תאגיד 13 | E77: =SUM(F77:J77) -> 0 | K77: =IFERROR(E77/$C$6,"") | L77: =IFERROR(E77/$C$7,"") | Q77: סטרווד ווסט
... A89: =IF(E89<>0,1,0) -> 0 | C89: תאגיד 25 | E89: =SUM(F89:J89) -> 0 | K89: =IFERROR(E89/$C$6,"") | L89: =IFERROR(E89/$C$7,"") | Q89: פורמולה
A90: =A64+1 -> 4 | B90: בחר | E90: =SUM(E91:E115) -> 0 | F90: =SUM(F91:F115) -> 0 | G90: =SUM(G91:G115) -> 0 | H90: =SUM(H91:H115) -> 0 | I90: =SUM(I91:I115) -> 0 | J90: =SUM(J91:J115) -> 0 | K90: =IFERROR(E90/$C$6,"") | L90: =IFERROR(E90/$C$7,"") | M90: =SUM(M91:M115) -> 0 | Q90: פורר
A91: =IF(E91<>0,1,0) -> 0 | C91: תאגיד 1 | E91: =SUM(F91:J91) -> 0 | K91: =IFERROR(E91/$C$6,"") | L91: =IFERROR(E91/$C$7,"") | Q91: פז
A92: =IF(E92<>0,1,0) -> 0 | C92: תאגיד 2 | E92: =SUM(F92:J92) -> 0 | K92: =IFERROR(E92/$C$6,"") | L92: =IFERROR(E92/$C$7,"") | Q92: פרוכטר
A93: =IF(E93<>0,1,0) -> 0 | C93: תאגיד 3 | E93: =SUM(F93:J93) -> 0 | K93: =IFERROR(E93/$C$6,"") | L93: =IFERROR(E93/$C$7,"") | Q93: פרידמן
A94: =IF(E94<>0,1,0) -> 0 | C94: תאגיד 4 | E94: =SUM(F94:J94) -> 0 | K94: =IFERROR(E94/$C$6,"") | L94: =IFERROR(E94/$C$7,"") | Q94: פתאל
A95: =IF(E95<>0,1,0) -> 0 | C95: תאגיד 5 | E95: =SUM(F95:J95) -> 0 | K95: =IFERROR(E95/$C$6,"") | L95: =IFERROR(E95/$C$7,"") | Q95: צוף
A96: =IF(E96<>0,1,0) -> 0 | C96: תאגיד 6 | E96: =SUM(F96:J96) -> 0 | K96: =IFERROR(E96/$C$6,"") | L96: =IFERROR(E96/$C$7,"") | Q96: קבוצת ברם
A97: =IF(E97<>0,1,0) -> 0 | C97: תאגיד 7 | E97: =SUM(F97:J97) -> 0 | K97: =IFERROR(E97/$C$6,"") | L97: =IFERROR(E97/$C$7,"") | Q97: קרן Macquarie
A98: =IF(E98<>0,1,0) -> 0 | C98: תאגיד 8 | E98: =SUM(F98:J98) -> 0 | K98: =IFERROR(E98/$C$6,"") | L98: =IFERROR(E98/$C$7,"") | Q98: קרן אלפא
A99: =IF(E99<>0,1,0) -> 0 | C99: תאגיד 9 | E99: =SUM(F99:J99) -> 0 | K99: =IFERROR(E99/$C$6,"") | L99: =IFERROR(E99/$C$7,"") | Q99: קרן הליוס
A100: =IF(E100<>0,1,0) -> 0 | C100: תאגיד 10 | E100: =SUM(F100:J100) -> 0 | K100: =IFERROR(E100/$C$6,"") | L100: =IFERROR(E100/$C$7,"") | Q100: קרן נוי
A101: =IF(E101<>0,1,0) -> 0 | C101: תאגיד 11 | E101: =SUM(F101:J101) -> 0 | K101: =IFERROR(E101/$C$6,"") | L101: =IFERROR(E101/$C$7,"") | Q101: קרן נוקד
A102: =IF(E102<>0,1,0) -> 0 | C102: תאגיד 12 | E102: =SUM(F102:J102) -> 0 | K102: =IFERROR(E102/$C$6,"") | L102: =IFERROR(E102/$C$7,"") | Q102: קרן תש"י
... A115: =IF(E115<>0,1,0) -> 0 | C115: תאגיד 25 | E115: =SUM(F115:J115) -> 0 | K115: =IFERROR(E115/$C$6,"") | L115: =IFERROR(E115/$C$7,"") | Q115: Alphabet
A116: =A90+1 -> 5 | B116: בחר | E116: =SUM(E117:E141) -> 0 | F116: =SUM(F117:F141) -> 0 | G116: =SUM(G117:G141) -> 0 | H116: =SUM(H117:H141) -> 0 | I116: =SUM(I117:I141) -> 0 | J116: =SUM(J117:J141) -> 0 | K116: =IFERROR(E116/$C$6,"") | L116: =IFERROR(E116/$C$7,"") | M116: =SUM(M117:M141) -> 0 | Q116: Amazon
A117: =IF(E117<>0,1,0) -> 0 | C117: תאגיד 1 | E117: =SUM(F117:J117) -> 0 | K117: =IFERROR(E117/$C$6,"") | L117: =IFERROR(E117/$C$7,"") | Q117: American Airlines
A118: =IF(E118<>0,1,0) -> 0 | C118: תאגיד 2 | E118: =SUM(F118:J118) -> 0 | K118: =IFERROR(E118/$C$6,"") | L118: =IFERROR(E118/$C$7,"") | Q118: Apollo
A119: =IF(E119<>0,1,0) -> 0 | C119: תאגיד 3 | E119: =SUM(F119:J119) -> 0 | K119: =IFERROR(E119/$C$6,"") | L119: =IFERROR(E119/$C$7,"") | Q119: Apple
A120: =IF(E120<>0,1,0) -> 0 | C120: תאגיד 4 | E120: =SUM(F120:J120) -> 0 | K120: =IFERROR(E120/$C$6,"") | L120: =IFERROR(E120/$C$7,"") | Q120: Arclight
A121: =IF(E121<>0,1,0) -> 0 | C121: תאגיד 5 | E121: =SUM(F121:J121) -> 0 | K121: =IFERROR(E121/$C$6,"") | L121: =IFERROR(E121/$C$7,"") | Q121: Ares
A122: =IF(E122<>0,1,0) -> 0 | C122: תאגיד 6 | E122: =SUM(F122:J122) -> 0 | K122: =IFERROR(E122/$C$6,"") | L122: =IFERROR(E122/$C$7,"") | Q122: AroundTown
A123: =IF(E123<>0,1,0) -> 0 | C123: תאגיד 7 | E123: =SUM(F123:J123) -> 0 | K123: =IFERROR(E123/$C$6,"") | L123: =IFERROR(E123/$C$7,"") | Q123: Bank of America
A124: =IF(E124<>0,1,0) -> 0 | C124: תאגיד 8 | E124: =SUM(F124:J124) -> 0 | K124: =IFERROR(E124/$C$6,"") | L124: =IFERROR(E124/$C$7,"") | Q124: Barclays
A125: =IF(E125<>0,1,0) -> 0 | C125: תאגיד 9 | E125: =SUM(F125:J125) -> 0 | K125: =IFERROR(E125/$C$6,"") | L125: =IFERROR(E125/$C$7,"") | Q125: BlackRock
A126: =IF(E126<>0,1,0) -> 0 | C126: תאגיד 10 | E126: =SUM(F126:J126) -> 0 | K126: =IFERROR(E126/$C$6,"") | L126: =IFERROR(E126/$C$7,"") | Q126: Blue Atlan
A127: =IF(E127<>0,1,0) -> 0 | C127: תאגיד 11 | E127: =SUM(F127:J127) -> 0 | K127: =IFERROR(E127/$C$6,"") | L127: =IFERROR(E127/$C$7,"") | Q127: Boeing
A128: =IF(E128<>0,1,0) -> 0 | C128: תאגיד 12 | E128: =SUM(F128:J128) -> 0 | K128: =IFERROR(E128/$C$6,"") | L128: =IFERROR(E128/$C$7,"") | Q128: Brookfield
... A141: =IF(E141<>0,1,0) -> 0 | C141: תאגיד 25 | E141: =SUM(F141:J141) -> 0 | K141: =IFERROR(E141/$C$6,"") | L141: =IFERROR(E141/$C$7,"") | Q141: Ing Bank
A142: =A116+1 -> 6 | B142: בחר | E142: =SUM(E143:E167) -> 0 | F142: =SUM(F143:F167) -> 0 | G142: =SUM(G143:G167) -> 0 | H142: =SUM(H143:H167) -> 0 | I142: =SUM(I143:I167) -> 0 | J142: =SUM(J143:J167) -> 0 | K142: =IFERROR(E142/$C$6,"") | L142: =IFERROR(E142/$C$7,"") | M142: =SUM(M143:M167) -> 0 | Q142: Intel
A143: =IF(E143<>0,1,0) -> 0 | C143: תאגיד 1 | E143: =SUM(F143:J143) -> 0 | K143: =IFERROR(E143/$C$6,"") | L143: =IFERROR(E143/$C$7,"") | Q143: J.P. Morgan
A144: =IF(E144<>0,1,0) -> 0 | C144: תאגיד 2 | E144: =SUM(F144:J144) -> 0 | K144: =IFERROR(E144/$C$6,"") | L144: =IFERROR(E144/$C$7,"") | Q144: LLOYDS
A145: =IF(E145<>0,1,0) -> 0 | C145: תאגיד 3 | E145: =SUM(F145:J145) -> 0 | K145: =IFERROR(E145/$C$6,"") | L145: =IFERROR(E145/$C$7,"") | Q145: Mastercard
A146: =IF(E146<>0,1,0) -> 0 | C146: תאגיד 4 | E146: =SUM(F146:J146) -> 0 | K146: =IFERROR(E146/$C$6,"") | L146: =IFERROR(E146/$C$7,"") | Q146: Micron Technology
A147: =IF(E147<>0,1,0) -> 0 | C147: תאגיד 5 | E147: =SUM(F147:J147) -> 0 | K147: =IFERROR(E147/$C$6,"") | L147: =IFERROR(E147/$C$7,"") | Q147: Microsoft
A148: =IF(E148<>0,1,0) -> 0 | C148: תאגיד 6 | E148: =SUM(F148:J148) -> 0 | K148: =IFERROR(E148/$C$6,"") | L148: =IFERROR(E148/$C$7,"") | Q148: MIGS
A149: =IF(E149<>0,1,0) -> 0 | C149: תאגיד 7 | E149: =SUM(F149:J149) -> 0 | K149: =IFERROR(E149/$C$6,"") | L149: =IFERROR(E149/$C$7,"") | Q149: Milestone Mrei 4
A150: =IF(E150<>0,1,0) -> 0 | C150: תאגיד 8 | E150: =SUM(F150:J150) -> 0 | K150: =IFERROR(E150/$C$6,"") | L150: =IFERROR(E150/$C$7,"") | Q150: Nestle
A151: =IF(E151<>0,1,0) -> 0 | C151: תאגיד 9 | E151: =SUM(F151:J151) -> 0 | K151: =IFERROR(E151/$C$6,"") | L151: =IFERROR(E151/$C$7,"") | Q151: Nvidia
A152: =IF(E152<>0,1,0) -> 0 | C152: תאגיד 10 | E152: =SUM(F152:J152) -> 0 | K152: =IFERROR(E152/$C$6,"") | L152: =IFERROR(E152/$C$7,"") | Q152: Palo Alto
A153: =IF(E153<>0,1,0) -> 0 | C153: תאגיד 11 | E153: =SUM(F153:J153) -> 0 | K153: =IFERROR(E153/$C$6,"") | L153: =IFERROR(E153/$C$7,"") | Q153: Pantheon
A154: =IF(E154<>0,1,0) -> 0 | C154: תאגיד 12 | E154: =SUM(F154:J154) -> 0 | K154: =IFERROR(E154/$C$6,"") | L154: =IFERROR(E154/$C$7,"") | Q154: Paramount
... A167: =IF(E167<>0,1,0) -> 0 | C167: תאגיד 25 | E167: =SUM(F167:J167) -> 0 | K167: =IFERROR(E167/$C$6,"") | L167: =IFERROR(E167/$C$7,"") | Q167: הכנס שם חדש
A168: =A142+1 -> 7 | E168: =SUM(E169:E193) -> 0 | F168: =SUM(F169:F193) -> 0 | G168: =SUM(G169:G193) -> 0 | H168: =SUM(H169:H193) -> 0 | I168: =SUM(I169:I193) -> 0 | J168: =SUM(J169:J193) -> 0 | K168: =IFERROR(E168/$C$6,"") | L168: =IFERROR(E168/$C$7,"") | M168: =SUM(M169:M193) -> 0 | Q168: הכנס שם חדש
A169: =IF(E169<>0,1,0) -> 0 | C169: תאגיד 1 | E169: =SUM(F169:J169) -> 0 | K169: =IFERROR(E169/$C$6,"") | L169: =IFERROR(E169/$C$7,"") | Q169: הכנס שם חדש
A170: =IF(E170<>0,1,0) -> 0 | C170: תאגיד 2 | E170: =SUM(F170:J170) -> 0 | K170: =IFERROR(E170/$C$6,"") | L170: =IFERROR(E170/$C$7,"") | Q170: הכנס שם חדש
A171: =IF(E171<>0,1,0) -> 0 | C171: תאגיד 3 | E171: =SUM(F171:J171) -> 0 | K171: =IFERROR(E171/$C$6,"") | L171: =IFERROR(E171/$C$7,"") | Q171: הכנס שם חדש
...

Sheet T16 הנחיות
A1: הנחיות כלליות
A2: סכומים כספיים ידווחו באלפי ₪
A4: שדה | C4: הנחיות למילוי השדה
B5: סה"כ היקף חוב הקונצרני | C5: סה"כ היקף ההשקעה של הגוף המוסדי בהלוואות (לרבות קונסורציום) ובאג"ח קונצרניות
A6: (1) | B6: ח.פ לווה | C6: יש להזין את מספר התאגיד כפי שמופיע ברשם החברות בתאגיד הרשום בישראל ולפי המקובל במדינת ההתאגדות, בתאגיד שאינו רשום בישראל. כאשר מדובר בלווה שאינו תאגיד - מספר תעודת הזהות של הלווה. במקרה של שותפות- יש להזין את מספר השותפות כפי שמופיע ברשם השותפויות בשותפות הרשומה בישראל, ולפי המקובל במדינה המפקחת עבור שותפות זרה.
A7: (2) | B7: שם הלווה | C7: יש להזין את שם מקבל האשראי.
A8: (3) | B8: שם קבוצת התאגידים | C8: יש להזין את שם קבוצת התאגידים המחזיקה במקבלי האשראי.
A9: (4) | B9: סיווג החוב (חוב בהשגחה מיוחדת, חוב בפיגור, חוב מסופק) | C9: יש לציין את הסיווג שניתן על ידי הגוף המוסדי - חוב בהשגחה מיוחדת, חוב בפיגור, חוב מסופק (עבור חוב בישראל בלבד).
A10: (5) | B10: תאריך סיווג | C10: יש לציין את התאריך שבו החוב סווג כחוב בעייתי. במידה שחל שינוי בסיווג, יש לציין במועד הדיווח את תאריך הסיווג האחרון (עבור חוב בישראל בלבד). התאריך ידווח בפורמט הבא: dd/mm/yyyy
A11: (6) | B11: אופן הטיפול בחוב למועד הדיווח | C11: משתתף- התקיים דיון בועדת השקעות/לא התקיים דיון בועדת השקעות/ התקיים דיון בועדת אשראי/לא התקיים דיון בועדת אשראי. נוסטרו- מחיקות/ הפרשות לחומ"ס/ אין
A12: (7) | B12: האם במהלך הרבעון בוצע שינוי מהותי בחוב שלא הביא לכדי שינוי סיווגו? | C12: כן/לא (עבור חוב בישראל בלבד)
A13: (8) | B13: ענף משק | C13: יש להציג את ענף המשק הרלוונטי כפי שמופיע בבורסה (ככל שמוצג תת ענף יצוין תת הענף). תאגידים שאינם נסחרים יסווגו, ע"י הגופים המוסדיים, בהתאם לרשימה המצורפת להלן. יובהר כי תאגיד המסווג לענף משק שאינו מופיע ברשימה, יסווג כ"אחר". כאשר לא ניתן לסווג ענף משק, יסווג כ"ל.ר" (לא רלוונטי).
A14: (9) | B14: סוג העסקה | C14: הלוואה מותאמת/ סינדיקציה/ קונסורציום/ אג"ח סחיר/ אג"ח לא סחיר
A15: (10) | B15: תאריך מתן האשראי המקורי | C15: יש להזין את תאריך יצירת החוב לראשונה, לרבות הרחבות. בהלוואות יוזן תאריך מתן ההלוואה. באג"ח (סחיר ולא סחיר) יוזן התאריך בו האיגרת נרכשה לראשונה.
A16: (11) | B16: היקף האשראי המקורי | C16: יש להציג את הסכום המקורי של החוב, ואם מדובר בהשקעה לשיעורין אזי הסכום המצטבר. במידה שלא כל החוב שניתן מוגדר כבעייתי, יש לציין בטופס אך ורק את הרכיב שנמצא בעייתי.
A17: (12) | B17: שיעור תשואה לפידיון במועד העמדת האשראי | C17: יש להציג שיעורי תשואה כמספר (ולא, לדוגמא, כ-"פריים+1%") ובאחוזים עם שתי ספרות לאחר הנקודה העשרונית.
... A36: (31) | B36: הסבר בדבר הנסיבות שהובילו לשינוי המהותי במצב החוב, לרבות פירוט שינויים שחלו ממועד הדיווח הקודם | C36: הסבר מילולי
B39: בישראל
B40: · ביוטכנולוגיה
B41: · מכשור רפואי
B42: · השקעות במדעי החיים
B43: · פארמה
B44: · שירותי מידע
B45: · תוכנה ואינטרנט
B46: · אלקטרוניקה ואופטיקה
B47: · ביטחוניות
B48: · ציוד תקשורת
B49: · מוליכים למחצה
B50: · קלינטק
... B102: · Other

Sheet T16
A1: 1 | B1: =SUM(D5:AJ11) -> 0 | C1: =company -> _____חברה מנהלת | K1: חזרה
A2: 1 | C2: טופס 16 דיווח אודות חובות בעייתיים - משתתף | F2: ליום | G2: =Date1 -> 31.12.2021
A3: 1 | C3: הנתונים באלפי ₪
A4: 1 | C4: 16א חובות בעייתיים - ישראל | G4: תיקון פרק 3 לחלק 4 של שער 5 לחוזר המאוחד (דיווח לממונה על שוק ההון) - דיווח אודות חובות בעייתיים
A5: 1 | C5: סה"כ היקף חוב בהשגחה מיוחדת
A6: 1 | C6: סה"כ היקף חוב בפיגור
A7: 1 | C7: סה"כ היקף חוב מסופק | G7: 16ב חובות בעייתיים משתתף - חו"ל
A8: 1 | C8: סה"כ היקף חובות בעייתיים | E8: =SUM(E5:E7) -> 0 | G8: סה"כ היקף חובות בעייתיים
A9: 1 | C9: סה"כ היקף החוב הקונצרני | G9: סה"כ היקף החוב הקונצרני | AC9: ארגון מחדש בתנאי החוב בדרך של שינוי
A10: 1 | C10: 16ג חובות בעייתיים משתתף | S10: =SUBTOTAL(9,S14:S314) -> 0
A11: 1 | C11: ח.פ לווה | D11: שם הלווה | E11: שם קבוצת התאגידים | F11: סיווג חוב בישראל (חוב בהשגחה מיוחדת, חוב בפיגור, חוב מסופק) | G11: תאריך סיווג | H11: אופן הטיפול בחוב בספרי הגוף המוסדי למועד הדיווח | I11: האם במהלך הרבעון בוצע שינוי מהותי בחוב בישראל שלא הביא לכדי שינוי סיווגו? | J11: ענף משק | K11: סוג העסקה | L11: תאריך מתן האשראי המקורי | M11: היקף האשראי המקורי | N11: שיעור תשואה לפידיון במועד העמדת האשראי | O11: שיעור תשואה לפידיון למועד הדיווח | P11: מח"מ מקורי (שנים) | Q11: מח"מ למועד הדיווח (שנים) | R11: הצמדה | S11: יתרת חוב מתואם למועד הדיווח | T11: דירוג פנימי במועד השקעה ראשונית | U11: דירוג חיצוני במועד השקעה ראשונית | V11: דירוג פנימי עדכני למועד הדיווח | W11: דירוג חיצוני עדכני מועד הדיווח | X11: דירוג מקומי/ זר | Y11: סוג בטוחה | Z11: בטוחה בישראל/בחו"ל | AA11: שווי בטוחות למועד הדיווח | AB11: מועד עדכון אחרון לשווי בטוחות | AC11: תנאי הקרן (לרבות מחיקות) | AD11: תנאי ריבית | AE11: אמות מידה פיננסיות | AF11: באופן אחר | AG11: הסבר בדבר הנסיבות שהובילו לשינוי המהותי במצב החוב, לרבות פירוט שינויים שחלו ממועד הדיווח הקודם
A12: 1 | C12: (1) | D12: (2) | E12: (3) | F12: (4) | G12: (5) | H12: (6) | I12: (7) | J12: (8) | K12: (9) | L12: (10) | M12: (11) | N12: (12) | O12: (13) | P12: (14) | Q12: (15) | R12: (16) | S12: (17) | T12: (18) | U12: (19) | V12: (20) | W12: (21) | X12: (22) | Y12: (23) | Z12: (24) | AA12: (25) | AB12: (26) | AC12: (27) | AD12: (28) | AE12: (29) | AF12: (30) | AG12: (31) | AN12: Type_Industry | AO12: Type_Debt | AP12: Indexed | AQ12: Rating | AR12: B_List | AS12: CH_List | AT12: Change | AU12: Category | AV12: Rating_Agency | AW12: Groups | AX12: location | AY12: Discuss
A13: 1 | D13: סה"כ | G13: dd/mm/yyyy | L13: dd/mm/yyyy | M13: =SUM(M14:M501) -> 0 | S13: =SUM(S14:S501) -> 0 | AB13: dd/mm/yyyy | AN13: ביוטכנולוגיה | AO13: הלוואה מותאמת | AP13: צמוד למדד | AQ13: AAA / Aaa | AR13: מזומנים ופקדונות | AS13: מחיקות | AT13: כן | AU13: השגחה מיוחדת | AV13: מידרוג | AW13: ='T18'!Q12 -> אדלסברג | AX13: ישראל | AY13: התקיים דיון בועדת השקעות
A14: 1 | B14: 1 | AN14: מכשור רפואי | AO14: סינדיקציה/ קונסורציום | AP14: צמוד למט"ח | AQ14: AA+ / Aa1 | AR14: אג"ח | AS14: הפרשות לחומ"ס | AT14: לא | AU14: בפיגור | AV14: S&P מעלות | AW14: ='T18'!Q13 -> אורמת | AX14: חו"ל | AY14: לא התקיים דיון בועדת השקעות
A15: 1 | B15: =B14+1 -> 2 | AN15: השקעות במדעי החיים | AO15: אג"ח סחיר | AP15: לא צמוד | AQ15: AA / Aa2 | AR15: נדל"ן | AS15: ארגון מחדש של החוב | AU15: מסופק | AV15: חו"ל | AW15: ='T18'!Q14 -> איזנברג שלמה | AX15: ישראל וחו"ל | AY15: התקיים דיון בועדת אשראי
A16: 1 | B16: =B15+1 -> 3 | AN16: פארמה | AO16: אג"ח לא סחיר | AP16: נקוב במט"ח | AQ16: AA- / Aa3 | AR16: מניות | AS16: שינויים באמות מידה פיננסיות | AW16: ='T18'!Q15 -> איסתא | AY16: לא התקיים דיון בועדת אשראי
A17: 1 | B17: =B16+1 -> 4 | AN17: שירותי מידע | AQ17: A+ / A1 | AR17: אחר | AS17: אחר | AW17: ='T18'!Q16 -> אלביט מערכות | AY17: התקיים דיון בועדת אשראי ובועדת השקעות
A18: 1 | B18: =B17+1 -> 5 | AN18: תוכנה ואינטרנט | AQ18: A / A2 | AR18: אין | AW18: ='T18'!Q17 -> אלוביץ' | AY18: לא התקיים דיון בועדת אשראי ובועדת השקעות
A19: 1 | B19: =B18+1 -> 6 | AN19: אלקטרוניקה ואופטיקה | AQ19: A- / A3 | AW19: ='T18'!Q18 -> אליהו
A20: 1 | B20: =B19+1 -> 7 | AN20: ביטחוניות | AQ20: BBB+ / Baa1 | AW20: ='T18'!Q19 -> אלייד
A21: 1 | B21: =B20+1 -> 8 | AN21: ציוד תקשורת | AQ21: BBB / Baa2 | AW21: ='T18'!Q20 -> אלעזרא
A22: 1 | B22: =B21+1 -> 9 | AN22: מוליכים למחצה | AQ22: BBB- / Baa3 | AW22: ='T18'!Q21 -> אלפא מים השקעות
A23: 1 | B23: =B22+1 -> 10 | AN23: קלינטק | AQ23: BB+ / Ba1 | AW23: ='T18'!Q22 -> אלשטיין
A24: 1 | B24: =B23+1 -> 11 | AN24: השקעות בהיי-טק | AQ24: BB / Ba2 | AW24: ='T18'!Q23 -> אנלייט
A25: 1 | B25: =B24+1 -> 12 | AN25: קרנות היי טק | AQ25: BB- / Ba3 | AW25: ='T18'!Q24 -> אנרגיאן
A26: 1 | B26: =B25+1 -> 13 | AN26: בנקים | AQ26: B+ / B1 | AW26: ='T18'!Q25 -> אקירוב
A27: 1 | B27: =B26+1 -> 14 | AN27: ביטוח | AQ27: B / B2 | AW27: ='T18'!Q26 -> אריסון
A28: 1 | B28: =B27+1 -> 15 | AN28: שירותים פיננסיים | AQ28: B- / B3 | AW28: ='T18'!Q27 -> בוימלגרין קפיטל
A29: 1 | B29: =B28+1 -> 16 | AN29: מסחר | AQ29: CCC+ / Caa1 | AW29: ='T18'!Q28 -> בינו
A30: 1 | B30: =B29+1 -> 17 | AN30: שירותים | AQ30: CCC / Caa2 | AW30: ='T18'!Q29 -> בלווטניק
... A35: 1 | B35: =B34+1 -> 22 | AN35: מזון | AQ35: NR/ NA | AW35: ='T18'!Q34 -> גלטין
A36: 1 | B36: =B35+1 -> 23 | AN36: אופנה והלבשה | AW36: ='T18'!Q35 -> דבח
A37: 1 | B37: =B36+1 -> 24 | AN37: מתכת ומוצרי בניה | AW37: ='T18'!Q36 -> דהן
A38: 1 | B38: =B37+1 -> 25 | AN38: חשמל | AW38: ='T18'!Q37 -> דיין
A39: 1 | B39: =B38+1 -> 26 | AN39: כימיה, גומי ופלסטיק | AW39: ='T18'!Q38 -> דיסקונט
A40: 1 | B40: =B39+1 -> 27 | AN40: עץ, ניייר ודפוס | AW40: ='T18'!Q39 -> דנון
A41: 1 | B41: =B40+1 -> 28 | AN41: השקעה ואחזקות | AW41: ='T18'!Q40 -> דנירקו
A42: 1 | B42: =B41+1 -> 29 | AN42: חברות מעטפת | AW42: ='T18'!Q41 -> דנקנר
A43: 1 | B43: =B42+1 -> 30 | AN43: חיפושי נפט וגז | AW43: ='T18'!Q42 -> דסק"ש
A44: 1 | B44: =B43+1 -> 31 | AN44: אנרגיה | AW44: ='T18'!Q43 -> המבורגר
A45: 1 | B45: =B44+1 -> 32 | AN45: קרנות סל | AW45: ='T18'!Q44 -> הפועלים
A46: 1 | B46: =B45+1 -> 33 | AN46: אג"ח מובנות | AW46: ='T18'!Q45 -> וינר
A47: 1 | B47: =B46+1 -> 34 | AN47: רשויות מקומות | AW47: ='T18'!Q46 -> ויצמן
... A63: 1 | B63: =B62+1 -> 50 | AN63: Health Care Equipment & Services | AW63: ='T18'!Q62 -> לנדאו
A64: =IF(M64>0,1,0) -> 0 | B64: =B63+1 -> 51 | AN64: Pharmaceuticals & Biotechnology | AW64: ='T18'!Q63 -> לסר
A65: =IF(M65>0,1,0) -> 0 | B65: =B64+1 -> 52 | AN65: Banks | AW65: ='T18'!Q64 -> מבנה
A66: =IF(M66>0,1,0) -> 0 | B66: =B65+1 -> 53 | AN66: Diversified Financials | AW66: ='T18'!Q65 -> מויניאן
A67: =IF(M67>0,1,0) -> 0 | B67: =B66+1 -> 54 | AN67: Insurance | AW67: ='T18'!Q66 -> מזרחי
A68: =IF(M68>0,1,0) -> 0 | B68: =B67+1 -> 55 | AN68: Real Estate | AW68: ='T18'!Q67 -> מימון
A69: =IF(M69>0,1,0) -> 0 | B69: =B68+1 -> 56 | AN69: Software & Services | AW69: ='T18'!Q68 -> מניבים קרן הריט החדשה
A70: =IF(M70>0,1,0) -> 0 | B70: =B69+1 -> 57 | AN70: Technology Hardware & Equipment | AW70: ='T18'!Q69 -> נוסבאום
A71: =IF(M71>0,1,0) -> 0 | B71: =B70+1 -> 58 | AN71: Semiconductors & Semiconductor Equipment | AW71: ='T18'!Q70 -> נחמיאס
A72: =IF(M72>0,1,0) -> 0 | B72: =B71+1 -> 59 | AN72: Telecommunication Services | AW72: ='T18'!Q71 -> נייס
A73: =IF(M73>0,1,0) -> 0 | B73: =B72+1 -> 60 | AN73: Utilities | AW73: ='T18'!Q72 -> נפתלי
A74: =IF(M74>0,1,0) -> 0 | B74: =B73+1 -> 61 | AN74: Other | AW74: ='T18'!Q73 -> נקש
A75: =IF(M75>0,1,0) -> 0 | B75: =B74+1 -> 62 | AW75: ='T18'!Q74 -> סבן
A76: =IF(M76>0,1,0) -> 0 | B76: =B75+1 -> 63 | AW76: ='T18'!Q75 -> סופטוייל
A77: =IF(M77>0,1,0) -> 0 | B77: =B76+1 -> 64
A78: =IF(M78>0,1,0) -> 0 | B78: =B77+1 -> 65
A79: =IF(M79>0,1,0) -> 0 | B79: =B78+1 -> 66
A80: =IF(M80>0,1,0) -> 0 | B80: =B79+1 -> 67
A81: =IF(M81>0,1,0) -> 0 | B81: =B80+1 -> 68
A82: =IF(M82>0,1,0) -> 0 | B82: =B81+1 -> 69
A83: =IF(M83>0,1,0) -> 0 | B83: =B82+1 -> 70
A84: =IF(M84>0,1,0) -> 0 | B84: =B83+1 -> 71
A85: =IF(M85>0,1,0) -> 0 | B85: =B84+1 -> 72
A86: =IF(M86>0,1,0) -> 0 | B86: =B85+1 -> 73
A87: =IF(M87>0,1,0) -> 0 | B87: =B86+1 -> 74
A88: =IF(M88>0,1,0) -> 0 | B88: =B87+1 -> 75
... A313: =IF(M313>0,1,0) -> 0 | B313: =B312+1 -> 300
A314: =IF(M314>0,1,0) -> 1

Sheet Gen_Int
C1: ='S1'!B1 -> _____חברה מנהלת | D1: =CONCATENATE(M1,L1) -> דיווח לשנת 2019 | L1: =Period5 -> שנת 2019 | M1: דיווח ל | O1: חסר הסבר על אחת או יותר מהשאלות | P1: mess1
C2: =Information!F14 -> דוח שנתי על יישום הוראות הדין בוטל | F2: חוזר 2015-9-25 | P2: mess2
L4: answer | P4: mess3
B5: בדיקה | C5: =IF(H5>0,mess1,"") | E5: חזרה | F5: דוח לדוגמה | H5: =SUM(H8:H22) -> 0 | L5: כן | O5: לא
C6: הערות | D6: תשובה | F6: פירוט \ הסברים \ הערות | L6: לא
B7: ממשל תאגידי | L7: ל.ר.
B8: 1 | C8: האם התקיימו דיונים בוועדת ביקורת לבקשת אחד או יותר מבעלי התפקידים המנויים בתקנה 20 לתקנות הפיקוח על שירותים פיננסיים (ביטוח) (דירקטוריון וועדותיו). תשס"ז-2007, למעט דיונים שוטפים בדוחות המבקר הפנימי? אם כן, פרט תוכנם: | H8: =IF(OR(AND(D8=$L$5,F8=""),AND(D8=$L$5,I8=0)),1,0) -> 0 | I8: =LEN(J8) -> 0 | J8: =TRIM(F8)
B9: =B8+1 -> 2 | C9: האם בדוח המפורט של רו"ח (long form report) עלו ממצאים משמעותיים שלא הגיעו לכדי חולשה מהותית, אשר לדעת רו"ח מחייבים תשומת לב ועדת הביקורת וועדת המאזן? אם כן, פרט: | H9: =IF(OR(AND(D9=$L$5,F9=""),AND(D9=$L$5,I9=0)),1,0) -> 0 | I9: =LEN(J9) -> 0 | J9: =TRIM(F9)
B10: =B9+1 -> 3 | C10: האם בוצעו ביקורות שלא על פי התוכנית השנתית או הרב שנתית או שלא על פי התדירות כפי שמופיעה בתוכנית הרב שנתית בהתאם לשער 5- עקרונות לניהול עסקים,חלק 1- ממשל תאגידי וניהול סיכונים, פרק 8 סעיף 3.2.4 ג' לחוזר המאוחד? אם כן, נא פרט את נושאי הביקורת / הבדיקה. | H10: =IF(OR(AND(D10=$L$5,F10=""),AND(D10=$L$5,I10=0)),1,0) -> 0 | I10: =LEN(J10) -> 0 | J10: =TRIM(F10)
B11: =B10+1 -> 4 | C11: האם נמסרו דיווחים בהתאם לשער 5- עקרונות לניהול עסקים,חלק 1- ממשל תאגידי וניהול סיכונים, פרק 8 סעיף 3.2.4 ו'(1)(ד') לחוזר המאוחד? אם כן, פרט. | H11: =IF(OR(AND(D11=$L$5,F11=""),AND(D11=$L$5,I11=0)),1,0) -> 0 | I11: =LEN(J11) -> 0 | J11: =TRIM(F11)
B12: =B11+1 -> 5 | C12: עבור חברה מנהלת של קופת גמל: מהו היקף שעות ביקורת השנתי של מערך הביקורת הפנימית בכל אחת מהשנים 2010-2015? ככל ששעות הביקורות הפנימית בוצעו שלא על ידי החברה המנהלת כגון בנקים מתפעלים, מנהלי השקעות וכד' נא לפרט. | H12: =IF(OR(AND(D12=$L$5,F12=""),AND(D12=$L$5,I12=0)),1,0) -> 0 | I12: =LEN(J12) -> 0 | J12: =TRIM(F12)
B13: =B12+1 -> 6 | C13: מהו מספר העובדים במערך ציות ואכיפה של הגוף המוסדי? האם עובדים אלו מבצעים תפקידים נוספים בגוף המוסדי, נא פרט.
B14: =B13+1 -> 7 | C14: האם גוף מוסדי היה מצוי בחקירה או בבירור של הפרה מנהלית של רשות פיקוחית שאינה הממונה על שוק ההון, ביטוח וחיסכון בתקופה שבין 1/1/2013 לבין 30/6/2015? אם כן, פרט. | H14: =IF(OR(AND(D14=$L$5,F14=""),AND(D14=$L$5,I14=0)),1,0) -> 0 | I14: =LEN(J14) -> 0 | J14: =TRIM(F14)
B15: השקעות
B16: =B14+1 -> 8 | C16: האם בוצע שינוי/עדכון, למעט שינויי נוסח, בנוהל לפיקוח, מעקב ובקרה אחר פעילות מנהל ההשקעות של הגוף המוסדי? אם כן פרט באלו נהלים בוצע עדכון ומדוע | H16: =IF(OR(AND(D16=$L$5,F16=""),AND(D16=$L$5,I16=0)),1,0) -> 0 | I16: =LEN(J16) -> 0 | J16: =TRIM(F16)
B17: =B16+1 -> 9 | C17: האם נבדקה התאמה בין העמלות המשולמות בפועל, לבין הקבוע בהסכם בין הגוף המוסדי לברוקרים? | I17: =LEN(J17) -> 0 | J17: =TRIM(F17) | L17: לא
B18: =B17+1 -> 10 | C18: אם התשובה לשאלה- 11 היא "כן", האם נמצאו חריגות וכמה? | H18: =IF(OR(AND(D18=$L$5,F18=""),AND(D18=$L$5,I18=0)),1,0) -> 0 | I18: =LEN(J18) -> 0 | J18: =TRIM(F18)
B19: =B18+1 -> 11 | C19: האם שונתה מדיניות השקעה עליה הצהרתם בתחילת השנה בהתאם לחוזר 2009-9-13 "הצהרה מראש של גוף מוסדי על מדיניות השקעה שלו" באחד המסלולים? אם כן פרט באילו מסלולים המדיניות שונתה: (רשום את הקוד המלא של המסלול כנדרש בחוזר 2010-9-9) | H19: =IF(OR(AND(D19=$L$5,F19=""),AND(D19=$L$5,I19=0)),1,0) -> 0 | I19: =LEN(J19) -> 0 | J19: =TRIM(F19)
B20: הלבנת הון
B21: =B19+1 -> 12 | C21: האם מונה אחראי איסור הלבנת הון כנדרש בסעיף 8 לחוק איסור הלבנת הון, התש"ס-2000 והאם קיימת בעבורו תכנית עבודה כתובה? | H21: =IF(OR(AND(D21=$L$5,F21=""),AND(D21=$L$5,I21=0)),1,0) -> 0 | I21: =LEN(J21) -> 0 | J21: =TRIM(F21)
B22: =B21+1 -> 13 | C22: כמה דיווחים בלתי רגילים, בהתאם לסעיף 6.ג. לצו איסור הלבנת הון (חובות זיהוי, דיווח וניהול רישומים של מבטח וסוכן ביטוח), התשס"ב-2001 ולסעיף 6(10) ולצו איסור הלבנת הון (חובות זיהוי, דיווח וניהול רישומים של קופת גמל וחברה המנהלת קופת גמל), התשס"ב-2001, דיווח הגוף המוסדי במהלך השנה? | I22: =LEN(J22) -> 0 | J22: =TRIM(F22)
I23: =LEN(J23) -> 0 | J23: =TRIM(F23)
I24: =LEN(J24) -> 0 | J24: =TRIM(F24)
I25: =LEN(J25) -> 0 | J25: =TRIM(F25)
I26: =LEN(J26) -> 0 | J26: =TRIM(F26)
I27: =LEN(J27) -> 0 | J27: =TRIM(F27)
I28: =LEN(J28) -> 0 | J28: =TRIM(F28)
I29: =LEN(J29) -> 0 | J29: =TRIM(F29)
I30: =LEN(J30) -> 0 | J30: =TRIM(F30)
I31: =LEN(J31) -> 0 | J31: =TRIM(F31)
I32: =LEN(J32) -> 0 | J32: =TRIM(F32)
I33: =LEN(J33) -> 0 | J33: =TRIM(F33)
I34: =LEN(J34) -> 0

Sheet Dir2
A1: , | B1: =company -> _____חברה מנהלת | D1: חזרה
B3: מספר אנשים לא באלפי ₪ שאר הנתנונים באלפי ₪
B4: =Information!$C$54 -> ד2. עמיתים לא פעילים
B5: חשבונות מנותקי קשר
C6: קרנות פנסיה ותיקות | D6: קרנות פנסיה חדשות | F6: קופות גמל אישיות לתגמולים ופיצויים | G6: קרנות השלתמות | H6: אחר 1 | I6: סך הכל
D7: מקיפות | E7: כלליות
C8: (1) | D8: (2) | E8: (3) | F8: (4) | G8: (5) | H8: (6) | I8: (7)
B9: =Date1 -> 31.12.2021
A10: =ROW()-8 -> 2 | B10: חשבונות מנותקי קשר 2
A11: =ROW()-8 -> 3 | B11: מספר חשבונות | I11: =SUM(C11:H11) -> 0
A12: =ROW()-8 -> 4 | B12: נכסים מנוהלים נטו (באלפי ש"ח) | I12: =SUM(C12:H12) -> 0
A13: =ROW()-8 -> 5 | B13: דמי ניהול שנגבו מנכסים (באלפי ש"ח) | I13: =SUM(C13:H13) -> 0
A14: =ROW()-8 -> 6 | B14: שיעור דמי ניהול ממוצע שנגבו מנכסים (אחוזים)
A15: =ROW()-8 -> 7
A16: =ROW()-8 -> 8 | B16: חשבונות לא פעילים- ביתרה של עד 8,000 ש"ח | J16: דיווח החל משנת 2016
A17: =ROW()-8 -> 9 | B17: מספר חשבונות | I17: =SUM(C17:H17) -> 0
A18: =ROW()-8 -> 10 | B18: נכסים מנוהלים נטו (באלפי ש"ח) | I18: =SUM(C18:H18) -> 0
A19: =ROW()-8 -> 11 | B19: דמי ניהול שנגבו מנכסים (באלפי ש"ח) | I19: =SUM(C19:H19) -> 0
A20: =ROW()-8 -> 12 | B20: שיעור דמי ניהול ממוצע שנגבו מנכסים (אחוזים)
A21: =ROW()-8 -> 13 | B21: =IF(Information!$P$3=4,Date3,Date2) -> 31.12.2020
A22: =ROW()-8 -> 14 | B22: חשבונות מנותקי קשר 2
A23: =ROW()-8 -> 15 | B23: מספר חשבונות | I23: =SUM(C23:H23) -> 0
A24: =ROW()-8 -> 16 | B24: נכסים מנוהלים נטו (באלפי ש"ח) | I24: =SUM(C24:H24) -> 0
A25: =ROW()-8 -> 17 | B25: דמי ניהול שנגבו מנכסים (באלפי ש"ח) | I25: =SUM(C25:H25) -> 0
A26: =ROW()-8 -> 18 | B26: שיעור דמי ניהול ממוצע שנגבו מנכסים (אחוזים)
A27: =ROW()-8 -> 19
A28: =ROW()-8 -> 20 | B28: חשבונות לא פעילים- ביתרה של עד 8,000 ש"ח
A29: =ROW()-8 -> 21 | B29: מספר חשבונות | I29: =SUM(C29:H29) -> 0
A30: =ROW()-8 -> 22 | B30: נכסים מנוהלים נטו (באלפי ש"ח) | I30: =SUM(C30:H30) -> 0
A31: =ROW()-8 -> 23 | B31: דמי ניהול שנגבו מנכסים (באלפי ש"ח) | I31: =SUM(C31:H31) -> 0
A32: =ROW()-8 -> 24 | B32: שיעור דמי ניהול ממוצע שנגבו מנכסים (אחוזים)
A33: =ROW()-8 -> 25 | B33: =IF(Information!$P$3=4,Date4,Date3) -> 31.12.2019
A34: =ROW()-8 -> 26 | B34: חשבונות מנותקי קשר 2
A35: =ROW()-8 -> 27 | B35: מספר חשבונות | I35: =SUM(C35:H35) -> 0
A36: =ROW()-8 -> 28 | B36: נכסים מנוהלים נטו (באלפי ש"ח) | I36: =SUM(C36:H36) -> 0
A37: =ROW()-8 -> 29 | B37: דמי ניהול שנגבו מנכסים (באלפי ש"ח) | I37: =SUM(C37:H37) -> 0
A38: =ROW()-8 -> 30 | B38: שיעור דמי ניהול ממוצע שנגבו מנכסים (אחוזים)
A39: =ROW()-8 -> 31
A40: =ROW()-8 -> 32 | B40: חשבונות לא פעילים- ביתרה של עד 8,000 ש"ח
A41: =ROW()-8 -> 33 | B41: מספר חשבונות | I41: =SUM(C41:H41) -> 0
A42: =ROW()-8 -> 34 | B42: נכסים מנוהלים נטו (באלפי ש"ח) | I42: =SUM(C42:H42) -> 0
A43: =ROW()-8 -> 35 | B43: דמי ניהול שנגבו מנכסים (באלפי ש"ח) | I43: =SUM(C43:H43) -> 0
A44: =ROW()-8 -> 36 | B44: שיעור דמי ניהול ממוצע שנגבו מנכסים (אחוזים)
B45: [1] יש לפרט את סוגי הקופות והקרנות שנכללו בקבוצה זו.
B46: [2] מנותק קשר- "עמית שהקשר עמו נותק" כהגדרתו בתקנות הפיקוח על שירותים פיננסיים(קופות גמל)(איתור עמיתים ומוטבים), התשע"ב- 2012. הגדרת מנותק קשר הינה נכון לסוף תקופה.
B49: =Information!$C$55 -> ד3. עמלות | D49: חזרה
C50: עמלות נפרעים1 כולל הוצאות משרד2 | D50: עמלות יעד 3 | E50: סה"כ עמלות | F50: עמלות נפרעים1 כולל הוצאות משרד2 | G50: עמלות יעד 3 | H50: סה"כ עמלות | I50: עמלות נפרעים1 כולל הוצאות משרד2 | J50: עמלות יעד 3 | K50: סה"כ עמלות
C51: (1) | D51: (2) | E51: (3) | F51: (1) | G51: (2) | H51: (3) | I51: (1) | J51: (2) | K51: (3)
C52: =Period1 -> שנת 2021 | F52: =Period2 -> שנת 2020 | I52: =Period5 -> שנת 2019
A53: =ROW()-38 -> 15 | B53: סוכן/סוכנות: | C53: =SUM(C54:C55) -> 0 | D53: =SUM(D54:D55) -> 0 | E53: =SUM(E54:E55) -> 0 | F53: =SUM(F54:F55) -> 0 | G53: =SUM(G54:G55) -> 0 | H53: =SUM(H54:H55) -> 0 | I53: =SUM(I54:I55) -> 0 | J53: =SUM(J54:J55) -> 0 | K53: =SUM(K54:K55) -> 0
A54: =ROW()-38 -> 16 | B54: צד קשור ו/או בשליטת הקבוצה | E54: =SUM(C54:D54) -> 0 | H54: =SUM(F54:G54) -> 0 | K54: =SUM(I54:J54) -> 0
A55: =ROW()-38 -> 17 | B55: אחר | E55: =SUM(C55:D55) -> 0 | H55: =SUM(F55:G55) -> 0 | K55: =SUM(I55:J55) -> 0
A56: =ROW()-38 -> 18 | B56: יועץ פנסיוני: | C56: =SUM(C57:C58) -> 0 | D56: =SUM(D57:D58) -> 0 | E56: =SUM(E57:E58) -> 0 | F56: =SUM(F57:F58) -> 0 | G56: =SUM(G57:G58) -> 0 | H56: =SUM(H57:H58) -> 0 | I56: =SUM(I57:I58) -> 0 | J56: =SUM(J57:J58) -> 0 | K56: =SUM(K57:K58) -> 0
A57: =ROW()-38 -> 19 | B57: בנקים | E57: =SUM(C57:D57) -> 0 | H57: =SUM(F57:G57) -> 0 | K57: =SUM(I57:J57) -> 0
A58: =ROW()-38 -> 20 | B58: אחרים | E58: =SUM(C58:D58) -> 0 | H58: =SUM(F58:G58) -> 0 | K58: =SUM(I58:J58) -> 0
A59: =ROW()-38 -> 21 | B59: סך הכל עמלות | C59: =C53+C56 -> 0 | D59: =D53+D56 -> 0 | E59: =E53+E56 -> 0 | F59: =F53+F56 -> 0 | G59: =G53+G56 -> 0 | H59: =H53+H56 -> 0 | I59: =I53+I56 -> 0 | J59: =J53+J56 -> 0 | K59: =K53+K56 -> 0
B61: [1] עמלות נפרעים – "עמלת הפצה", כמשמעותה בסעיף) 32 ה)(1)(א (לחוק הפיקוח על שירותים פיננסיים (קופות גמל) התשס"ה- 2005 ו"דמי עמילות" כהגדרתן בסעיף ו-41 ה לחוק הפיקוח על שירותים פיננסיים (ביטוח(, התשמ"א- 1981 שאינן עמלות יעד .
B62: [2] הוצאות משרד - סכומים שנרשמו עבור סוכן ביטוח בעבור החזקת משרדו בשל פעילותו כסוכן ביטוח.
B63: [3] עמלת יעד - דמי עמילות בשל עמידה ביעד מכירות לרבות פרסים ומענקים.
B64: [4] בשליטת הקבוצה וצד קשור בקבוצה- כפי שנכלל במבנה האחזקות של הקבוצה בסעיף א2. לחלק א' בנספח זה. לעניין שליטה וצד קשור- בהתאם לתקני חשבונאות בינלאומיים.

Sheet Dir1C
B1: =company -> _____חברה מנהלת | D1: חזרה
B3: מספר אנשים לא באלפי ₪ שאר הנתונים באלפי ₪ | G3: מספרי השוואה
B4: =Information!$C$53 -> ד1. נתונים כללים | D4: =IF(Information!P3=4,Date4,Date3) -> 31.12.2019 | G4: =Dir1A!D4 -> 31.12.2021 | J4: =Dir1B!$D$4 -> 31.12.2020
C5: קרנות פנסיה ותיקות | D5: קרנות פנסיה חדשות | F5: קופות גמל אישיות לתגמולים ופיצויים | G5: קרנות השתלמות | H5: קופת גמל להשקעה | I5: קופת גמל להשקעה לחסכון ארוך טווח לילד | J5: אחר 1 | K5: סך הכל
D6: מקיפות | E6: כלליות
C7: (1) | D7: (2) | E7: (3) | F7: (4) | G7: (5) | H7: (6) | I7: (7) | J7: (8) | K7: (9)
A8: =ROW()-7 -> 1 | B8: מספר עמיתים / חשבונות | C8: =SUM(C9:C10) -> 0 | D8: =SUM(D9:D10) -> 0 | E8: =SUM(E9:E10) -> 0 | F8: =SUM(F9:F10) -> 0 | G8: =SUM(G9:G10) -> 0 | H8: =SUM(H9:H10) -> 0 | I8: =SUM(I9:I10) -> 0 | J8: =SUM(J9:J10) -> 0 | K8: =SUM(C8:J8) -> 0
A9: =ROW()-7 -> 2 | B9: פעילים | K9: =SUM(C9:J9) -> 0
A10: =ROW()-7 -> 3 | B10: לא פעילים | K10: =SUM(C10:J10) -> 0
A11: =ROW()-7 -> 4 | B11: מקבלי קצבה | C11: =SUM(C12,C16,C20) -> 0 | D11: =SUM(D12,D16,D20) -> 0 | E11: =SUM(E12,E16,E20) -> 0 | F11: =SUM(F12,F16,F20) -> 0 | G11: =SUM(G12,G16,G20) -> 0 | H11: =SUM(H12,H16,H20) -> 0 | I11: =SUM(I12,I16,I20) -> 0 | J11: =SUM(J12,J16,J20) -> 0 | K11: =SUM(K12,K16,K20) -> 0
A12: =ROW()-7 -> 5 | B12: זכאים קיימים לקצבה/פנסיה (עד 2003) | C12: =SUM(C13:C15) -> 0 | D12: =SUM(D13:D15) -> 0 | E12: =SUM(E13:E15) -> 0 | F12: =SUM(F13:F15) -> 0 | G12: =SUM(G13:G15) -> 0 | H12: =SUM(H13:H15) -> 0 | I12: =SUM(I13:I15) -> 0 | J12: =SUM(J13:J15) -> 0 | K12: =SUM(C12:J12) -> 0
A13: =ROW()-7 -> 6 | B13: זקנה | K13: =SUM(C13:J13) -> 0
A14: =ROW()-7 -> 7 | B14: שארים | K14: =SUM(C14:J14) -> 0
A15: =ROW()-7 -> 8 | B15: נכות | K15: =SUM(C15:J15) -> 0
A16: =A15+1 -> 9 | B16: מקבלי קצבה קיימים (2004-2017) | C16: =SUM(C17:C19) -> 0 | D16: =SUM(D17:D19) -> 0 | E16: =SUM(E17:E19) -> 0 | F16: =SUM(F17:F19) -> 0 | G16: =SUM(G17:G19) -> 0 | H16: =SUM(H17:H19) -> 0 | I16: =SUM(I17:I19) -> 0 | J16: =SUM(J17:J19) -> 0 | K16: =SUM(C16:J16) -> 0
A17: =ROW()-7 -> 10 | B17: זקנה | K17: =SUM(C17:J17) -> 0
A18: =ROW()-7 -> 11 | B18: שארים | K18: =SUM(C18:J18) -> 0
A19: =ROW()-7 -> 12 | B19: נכות | K19: =SUM(C19:J19) -> 0
A20: =ROW()-7 -> 13 | B20: פנסיונרים (2018+) | C20: =SUM(C21:C23) -> 0 | D20: =SUM(D21:D23) -> 0 | E20: =SUM(E21:E23) -> 0 | F20: =SUM(F21:F23) -> 0 | G20: =SUM(G21:G23) -> 0 | H20: =SUM(H21:H23) -> 0 | I20: =SUM(I21:I23) -> 0 | J20: =SUM(J21:J23) -> 0 | K20: =SUM(C20:J20) -> 0
A21: =ROW()-7 -> 14 | B21: זקנה | K21: =SUM(C21:J21) -> 0
A22: =ROW()-7 -> 15 | B22: שארים | K22: =SUM(C22:J22) -> 0
A23: =ROW()-7 -> 16 | B23: נכות | K23: =SUM(C23:J23) -> 0
A24: =ROW()-7 -> 17 | B24: סה"כ מספר עמיתים | C24: =SUM(C8,C12,C16,C20) -> 0 | D24: =SUM(D8,D12,D16,D20) -> 0 | E24: =SUM(E8,E12,E16,E20) -> 0 | F24: =SUM(F8,F12,F16,F20) -> 0 | G24: =SUM(G8,G12,G16,G20) -> 0 | H24: =SUM(H8,H12,H16,H20) -> 0 | I24: =SUM(I8,I12,I16,I20) -> 0 | J24: =SUM(J8,J12,J16,J20) -> 0 | K24: =SUM(K8,K12,K16,K20) -> 0
A25: =ROW()-7 -> 18
A26: =ROW()-7 -> 19 | B26: נכסים מנוהלים, נטו | C26: =SUM(C27:C28) -> 0 | D26: =SUM(D27:D28) -> 0 | E26: =SUM(E27:E28) -> 0 | F26: =SUM(F27:F28) -> 0 | G26: =SUM(G27:G28) -> 0 | H26: =SUM(H27:H28) -> 0 | I26: =SUM(I27:I28) -> 0 | J26: =SUM(J27:J28) -> 0 | K26: =SUM(C26:J26) -> 0
A27: =ROW()-7 -> 20 | B27: פעילים | K27: =SUM(C27:J27) -> 0
A28: =ROW()-7 -> 21 | B28: לא פעילים | K28: =SUM(C28:J28) -> 0
A29: =ROW()-7 -> 22 | B29: מקבלי קצבה | C29: =SUM(C30,C38,C34) -> 0 | D29: =SUM(D30,D38,D34) -> 0 | E29: =SUM(E30,E38,E34) -> 0 | F29: =SUM(F30,F38,F34) -> 0 | G29: =SUM(G30,G38,G34) -> 0 | H29: =SUM(H30,H38,H34) -> 0 | I29: =SUM(I30,I38,I34) -> 0 | J29: =SUM(J30,J38,J34) -> 0 | K29: =SUM(K30,K38,K34) -> 0
A30: =ROW()-7 -> 23 | B30: זכאים קיימים לקצבה/פנסיה (עד 2003) | C30: =SUM(C31:C33) -> 0 | D30: =SUM(D31:D33) -> 0 | E30: =SUM(E31:E33) -> 0 | F30: =SUM(F31:F33) -> 0 | G30: =SUM(G31:G33) -> 0 | H30: =SUM(H31:H33) -> 0 | I30: =SUM(I31:I33) -> 0 | J30: =SUM(J31:J33) -> 0 | K30: =SUM(C30:J30) -> 0
A31: =ROW()-7 -> 24 | B31: זקנה | K31: =SUM(C31:J31) -> 0
A32: =ROW()-7 -> 25 | B32: שארים | K32: =SUM(C32:J32) -> 0
A33: =ROW()-7 -> 26 | B33: נכות | K33: =SUM(C33:J33) -> 0
A34: =A33+1 -> 27 | B34: מקבלי קצבה קיימים (2004-2017) | C34: =SUM(C35:C37) -> 0 | D34: =SUM(D35:D37) -> 0 | E34: =SUM(E35:E37) -> 0 | F34: =SUM(F35:F37) -> 0 | G34: =SUM(G35:G37) -> 0 | H34: =SUM(H35:H37) -> 0 | I34: =SUM(I35:I37) -> 0 | J34: =SUM(J35:J37) -> 0 | K34: =SUM(C34:J34) -> 0
A35: =A34+1 -> 28 | B35: זקנה | K35: =SUM(C35:J35) -> 0
A36: =A35+1 -> 29 | B36: שארים | K36: =SUM(C36:J36) -> 0
A37: =A36+1 -> 30 | B37: נכות | K37: =SUM(C37:J37) -> 0
A38: =A37+1 -> 31 | B38: פנסיונרים (2018+) | C38: =SUM(C39:C41) -> 0 | D38: =SUM(D39:D41) -> 0 | E38: =SUM(E39:E41) -> 0 | F38: =SUM(F39:F41) -> 0 | G38: =SUM(G39:G41) -> 0 | H38: =SUM(H39:H41) -> 0 | I38: =SUM(I39:I41) -> 0 | J38: =SUM(J39:J41) -> 0 | K38: =SUM(C38:J38) -> 0
A39: =A38+1 -> 32 | B39: זקנה | K39: =SUM(C39:J39) -> 0
A40: =ROW()-7 -> 33 | B40: שארים | K40: =SUM(C40:J40) -> 0
A41: =ROW()-7 -> 34 | B41: נכות | K41: =SUM(C41:J41) -> 0
A42: =ROW()-7 -> 35 | B42: סה"כ נכסים מנוהלים | C42: =SUM(C26,C30,C38,C34) -> 0 | D42: =SUM(D26,D30,D38,D34) -> 0 | E42: =SUM(E26,E30,E38,E34) -> 0 | F42: =SUM(F26,F30,F38,F34) -> 0 | G42: =SUM(G26,G30,G38,G34) -> 0 | H42: =SUM(H26,H30,H38,H34) -> 0 | I42: =SUM(I26,I30,I38,I34) -> 0 | J42: =SUM(J26,J30,J38,J34) -> 0 | K42: =SUM(K26,K30,K38,K34) -> 0
A43: =ROW()-7 -> 36
A44: =ROW()-7 -> 37 | B44: נתונים תוצאתיים
A45: =ROW()-7 -> 38 | B45: דמי גמולים משונתים עבור מצטרפים חדשים | K45: =SUM(C45:J45) -> 0
A46: =ROW()-7 -> 39 | B46: תקבולים מדמי גמולים | K46: =SUM(C46:J46) -> 0
A47: =ROW()-7 -> 40 | B47: תקבולים מדמי גמולים חד פעמיים | K47: =SUM(C47:J47) -> 0
A48: =ROW()-7 -> 41 | B48: העברות צבירה לקופה/לקרן | K48: =SUM(C48:J48) -> 0
A49: =ROW()-7 -> 42 | B49: העברות צבירה מהקופה/מהקרן | K49: =SUM(C49:J49) -> 0
A50: =ROW()-7 -> 43 | B50: סה"כ תשלומים | C50: =SUM(C51:C52,C65) -> 0 | D50: =SUM(D51:D52,D65) -> 0 | E50: =SUM(E51:E52,E65) -> 0 | F50: =SUM(F51:F52,F65) -> 0 | G50: =SUM(G51:G52,G65) -> 0 | H50: =SUM(H51:H52,H65) -> 0 | I50: =SUM(I51:I52,I65) -> 0 | J50: =SUM(J51:J52,J65) -> 0 | K50: =SUM(K51:K52,K65) -> 0
A51: =ROW()-7 -> 44 | B51: פדיונות | K51: =SUM(C51:J51) -> 0
A52: =ROW()-7 -> 45 | B52: אחרים | K52: =SUM(C52:J52) -> 0
A53: =ROW()-7 -> 46 | B53: תשלומים לזכאים קיימים לפנסיה (עד 2003) | C53: =SUM(C54:C56) -> 0 | D53: =SUM(D54:D56) -> 0 | E53: =SUM(E54:E56) -> 0 | F53: =SUM(F54:F56) -> 0 | G53: =SUM(G54:G56) -> 0 | H53: =SUM(H54:H56) -> 0 | I53: =SUM(I54:I56) -> 0 | J53: =SUM(J54:J56) -> 0 | K53: =SUM(C53:J53) -> 0
A54: =ROW()-7 -> 47 | B54: פנסיית זקנה | K54: =SUM(C54:J54) -> 0
A55: =ROW()-7 -> 48 | B55: פנסיית נכות | K55: =SUM(C55:J55) -> 0
A56: =ROW()-7 -> 49 | B56: פנסיית שארים | K56: =SUM(C56:J56) -> 0
A57: =ROW()-7 -> 50 | B57: תשלומים למקבלי קצבה קיימים (2004-2017) | C57: =SUM(C58:C60) -> 0 | D57: =SUM(D58:D60) -> 0 | E57: =SUM(E58:E60) -> 0 | F57: =SUM(F58:F60) -> 0 | G57: =SUM(G58:G60) -> 0 | H57: =SUM(H58:H60) -> 0 | I57: =SUM(I58:I60) -> 0 | J57: =SUM(J58:J60) -> 0 | K57: =SUM(C57:J57) -> 0
A58: =ROW()-7 -> 51 | B58: פנסיית זקנה | K58: =SUM(C58:J58) -> 0
A59: =ROW()-7 -> 52 | B59: פנסיית נכות | K59: =SUM(C59:J59) -> 0
A60: =ROW()-7 -> 53 | B60: פנסיית שארים | K60: =SUM(C60:J60) -> 0
A61: =ROW()-7 -> 54 | B61: תשלומים לפנסיונרים (2018+) | C61: =SUM(C62:C64) -> 0 | D61: =SUM(D62:D64) -> 0 | E61: =SUM(E62:E64) -> 0 | F61: =SUM(F62:F64) -> 0 | G61: =SUM(G62:G64) -> 0 | H61: =SUM(H62:H64) -> 0 | I61: =SUM(I62:I64) -> 0 | J61: =SUM(J62:J64) -> 0 | K61: =SUM(C61:J61) -> 0
A62: =ROW()-7 -> 55 | B62: פנסיית זקנה | K62: =SUM(C62:J62) -> 0
A63: =ROW()-7 -> 56 | B63: פנסיית נכות | K63: =SUM(C63:J63) -> 0
A64: =ROW()-7 -> 57 | B64: פנסיית שארים | K64: =SUM(C64:J64) -> 0
A65: =ROW()-7 -> 58 | B65: סה"כ תשלומים למקבלי קצבה | C65: =SUM(C61,C57,C53) -> 0 | D65: =SUM(D61,D57,D53) -> 0 | E65: =SUM(E61,E57,E53) -> 0 | F65: =SUM(F61,F57,F53) -> 0 | G65: =SUM(G61,G57,G53) -> 0 | H65: =SUM(H61,H57,H53) -> 0 | I65: =SUM(I61,I57,I53) -> 0 | J65: =SUM(J61,J57,J53) -> 0 | K65: =SUM(K61,K57,K53) -> 0
A66: =ROW()-7 -> 59 | B66: עודף הכנסות (הפסדים) על הוצאות לתקופה | K66: =SUM(C66:J66) -> 0
A67: =ROW()-7 -> 60
A68: =ROW()-7 -> 61 | B68: דמי ניהול שנגבו מנכסים | C68: =SUM(C69:C70) -> 0 | D68: =SUM(D69:D70) -> 0 | E68: =SUM(E69:E70) -> 0 | F68: =SUM(F69:F70) -> 0 | G68: =SUM(G69:G70) -> 0 | H68: =SUM(H69:H70) -> 0 | I68: =SUM(I69:I70) -> 0 | J68: =SUM(J69:J70) -> 0 | K68: =SUM(C68:J68) -> 0
A69: =ROW()-7 -> 62 | B69: פעילים ולא פעילים | K69: =SUM(C69:J69) -> 0
A70: =ROW()-7 -> 63 | B70: מקבלי קצבה | K70: =SUM(C70:J70) -> 0
A71: =ROW()-7 -> 64
A72: =ROW()-7 -> 65 | B72: דמי ניהול שנגבו מהפקדות | K72: =SUM(C72:J72) -> 0
A73: =ROW()-7 -> 66
A74: =ROW()-7 -> 67 | B74: שיעור דמי ניהול ממוצע מנכסים (באחוזים)
A75: =ROW()-7 -> 68 | B75: פעילים
A76: =ROW()-7 -> 69 | B76: לא פעילים
A77: =ROW()-7 -> 70 | B77: מקבלי קצבה
A78: =ROW()-7 -> 71
A79: =ROW()-7 -> 72 | B79: שיעור דמי ניהול ממוצע מהפקדות (באחוזים)
A80: =ROW()-7 -> 73
A81: =ROW()-7 -> 74 | B81: שיעור הוצאות ישירות ממוצע (באחוזים)
A82: =ROW()-7 -> 75 | B82: עמלות קניה ומכירה של ניירות ערך
A83: =ROW()-7 -> 76 | B83: עמלות דמי שמירה של ניירות ערך
A84: =ROW()-7 -> 77 | B84: בגין השקעות לא סחירות
A85: =ROW()-7 -> 78 | B85: עמלות ניהול חיצוני
A86: =ROW()-7 -> 79 | B86: עמלות אחרות
A87: =ROW()-7 -> 80 | B87: הוצאות מוגבלות
A88: =ROW()-7 -> 81
A89: =ROW()-7 -> 82 | B89: שיעור עודף/גרעון אקטוארי (באחוזים)
A90: =ROW()-7 -> 83 | B90: עמיתים/ מבוטחים
A91: =ROW()-7 -> 84 | B91: זכאים קיימים לפנסיה (עד 2003)
A92: =ROW()-7 -> 85 | B92: מקבלי קצבה קיימים (2004-2017)
A93: =ROW()-7 -> 86 | B93: פנסיונרים (2018+)

Sheet Dir1B
B1: =company -> _____חברה מנהלת | D1: חזרה
B3: מספר אנשים לא באלפי ₪ שאר הנתונים באלפי ₪ | G3: מספרי השוואה
B4: =Information!$C$53 -> ד1. נתונים כללים | D4: =IF(Information!$P$3=4,Date3,Date2) -> 31.12.2020 | G4: =Dir1A!D4 -> 31.12.2021 | J4: =Dir1C!D4 -> 31.12.2019
A5: Dir1A | C5: קרנות פנסיה ותיקות | D5: קרנות פנסיה חדשות | F5: קופות גמל אישיות לתגמולים ופיצויים | G5: קרנות השתלמות | H5: קופת גמל להשקעה | I5: קופת גמל להשקעה לחסכון ארוך טווח לילד | J5: אחר 1 | K5: סך הכל
D6: מקיפות | E6: כלליות
C7: (1) | D7: (2) | E7: (3) | F7: (4) | G7: (5) | H7: (6) | I7: (7) | J7: (8) | K7: (9)
A8: =ROW()-7 -> 1 | B8: מספר עמיתים / חשבונות | C8: =SUM(C9:C10) -> 0 | D8: =SUM(D9:D10) -> 0 | E8: =SUM(E9:E10) -> 0 | F8: =SUM(F9:F10) -> 0 | G8: =SUM(G9:G10) -> 0 | H8: =SUM(H9:H10) -> 0 | I8: =SUM(I9:I10) -> 0 | J8: =SUM(J9:J10) -> 0 | K8: =SUM(C8:J8) -> 0
A9: =ROW()-7 -> 2 | B9: פעילים | K9: =SUM(C9:J9) -> 0
A10: =ROW()-7 -> 3 | B10: לא פעילים | K10: =SUM(C10:J10) -> 0
A11: =ROW()-7 -> 4 | B11: מקבלי קצבה | C11: =SUM(C12,C16,C20) -> 0 | D11: =SUM(D12,D16,D20) -> 0 | E11: =SUM(E12,E16,E20) -> 0 | F11: =SUM(F12,F16,F20) -> 0 | G11: =SUM(G12,G16,G20) -> 0 | H11: =SUM(H12,H16,H20) -> 0 | I11: =SUM(I12,I16,I20) -> 0 | J11: =SUM(J12,J16,J20) -> 0 | K11: =SUM(K12,K16,K20) -> 0
A12: =ROW()-7 -> 5 | B12: זכאים קיימים לקצבה/פנסיה (עד 2003) | C12: =SUM(C13:C15) -> 0 | D12: =SUM(D13:D15) -> 0 | E12: =SUM(E13:E15) -> 0 | F12: =SUM(F13:F15) -> 0 | G12: =SUM(G13:G15) -> 0 | H12: =SUM(H13:H15) -> 0 | I12: =SUM(I13:I15) -> 0 | J12: =SUM(J13:J15) -> 0 | K12: =SUM(C12:J12) -> 0
A13: =ROW()-7 -> 6 | B13: זקנה | K13: =SUM(C13:J13) -> 0
A14: =ROW()-7 -> 7 | B14: שארים | K14: =SUM(C14:J14) -> 0
A15: =ROW()-7 -> 8 | B15: נכות | K15: =SUM(C15:J15) -> 0
A16: =A15+1 -> 9 | B16: מקבלי קצבה קיימים (2004-2017) | C16: =SUM(C17:C19) -> 0 | D16: =SUM(D17:D19) -> 0 | E16: =SUM(E17:E19) -> 0 | F16: =SUM(F17:F19) -> 0 | G16: =SUM(G17:G19) -> 0 | H16: =SUM(H17:H19) -> 0 | I16: =SUM(I17:I19) -> 0 | J16: =SUM(J17:J19) -> 0 | K16: =SUM(C16:J16) -> 0
A17: =ROW()-7 -> 10 | B17: זקנה | K17: =SUM(C17:J17) -> 0
A18: =ROW()-7 -> 11 | B18: שארים | K18: =SUM(C18:J18) -> 0
A19: =ROW()-7 -> 12 | B19: נכות | K19: =SUM(C19:J19) -> 0
A20: =ROW()-7 -> 13 | B20: פנסיונרים (2018+) | C20: =SUM(C21:C23) -> 0 | D20: =SUM(D21:D23) -> 0 | E20: =SUM(E21:E23) -> 0 | F20: =SUM(F21:F23) -> 0 | G20: =SUM(G21:G23) -> 0 | H20: =SUM(H21:H23) -> 0 | I20: =SUM(I21:I23) -> 0 | J20: =SUM(J21:J23) -> 0 | K20: =SUM(C20:J20) -> 0
A21: =ROW()-7 -> 14 | B21: זקנה | K21: =SUM(C21:J21) -> 0
A22: =ROW()-7 -> 15 | B22: שארים | K22: =SUM(C22:J22) -> 0
A23: =ROW()-7 -> 16 | B23: נכות | K23: =SUM(C23:J23) -> 0
A24: =ROW()-7 -> 17 | B24: סה"כ מספר עמיתים | C24: =SUM(C8,C12,C16,C20) -> 0 | D24: =SUM(D8,D12,D16,D20) -> 0 | E24: =SUM(E8,E12,E16,E20) -> 0 | F24: =SUM(F8,F12,F16,F20) -> 0 | G24: =SUM(G8,G12,G16,G20) -> 0 | H24: =SUM(H8,H12,H16,H20) -> 0 | I24: =SUM(I8,I12,I16,I20) -> 0 | J24: =SUM(J8,J12,J16,J20) -> 0 | K24: =SUM(K8,K12,K16,K20) -> 0
A25: =ROW()-7 -> 18
A26: =ROW()-7 -> 19 | B26: נכסים מנוהלים, נטו | C26: =SUM(C27:C28) -> 0 | D26: =SUM(D27:D28) -> 0 | E26: =SUM(E27:E28) -> 0 | F26: =SUM(F27:F28) -> 0 | G26: =SUM(G27:G28) -> 0 | H26: =SUM(H27:H28) -> 0 | I26: =SUM(I27:I28) -> 0 | J26: =SUM(J27:J28) -> 0 | K26: =SUM(C26:J26) -> 0
A27: =ROW()-7 -> 20 | B27: פעילים | K27: =SUM(C27:J27) -> 0
A28: =ROW()-7 -> 21 | B28: לא פעילים | K28: =SUM(C28:J28) -> 0
A29: =ROW()-7 -> 22 | B29: מקבלי קצבה | C29: =SUM(C30,C38,C34) -> 0 | D29: =SUM(D30,D38,D34) -> 0 | E29: =SUM(E30,E38,E34) -> 0 | F29: =SUM(F30,F38,F34) -> 0 | G29: =SUM(G30,G38,G34) -> 0 | H29: =SUM(H30,H38,H34) -> 0 | I29: =SUM(I30,I38,I34) -> 0 | J29: =SUM(J30,J38,J34) -> 0 | K29: =SUM(K30,K38,K34) -> 0
A30: =ROW()-7 -> 23 | B30: זכאים קיימים לקצבה/פנסיה (עד 2003) | C30: =SUM(C31:C33) -> 0 | D30: =SUM(D31:D33) -> 0 | E30: =SUM(E31:E33) -> 0 | F30: =SUM(F31:F33) -> 0 | G30: =SUM(G31:G33) -> 0 | H30: =SUM(H31:H33) -> 0 | I30: =SUM(I31:I33) -> 0 | J30: =SUM(J31:J33) -> 0 | K30: =SUM(C30:J30) -> 0
A31: =ROW()-7 -> 24 | B31: זקנה | K31: =SUM(C31:J31) -> 0
A32: =ROW()-7 -> 25 | B32: שארים | K32: =SUM(C32:J32) -> 0
A33: =ROW()-7 -> 26 | B33: נכות | K33: =SUM(C33:J33) -> 0
A34: =A33+1 -> 27 | B34: מקבלי קצבה קיימים (2004-2017) | C34: =SUM(C35:C37) -> 0 | D34: =SUM(D35:D37) -> 0 | E34: =SUM(E35:E37) -> 0 | F34: =SUM(F35:F37) -> 0 | G34: =SUM(G35:G37) -> 0 | H34: =SUM(H35:H37) -> 0 | I34: =SUM(I35:I37) -> 0 | J34: =SUM(J35:J37) -> 0 | K34: =SUM(C34:J34) -> 0
A35: =A34+1 -> 28 | B35: זקנה | K35: =SUM(C35:J35) -> 0
A36: =A35+1 -> 29 | B36: שארים | K36: =SUM(C36:J36) -> 0
A37: =A36+1 -> 30 | B37: נכות | K37: =SUM(C37:J37) -> 0
A38: =A37+1 -> 31 | B38: פנסיונרים (2018+) | C38: =SUM(C39:C41) -> 0 | D38: =SUM(D39:D41) -> 0 | E38: =SUM(E39:E41) -> 0 | F38: =SUM(F39:F41) -> 0 | G38: =SUM(G39:G41) -> 0 | H38: =SUM(H39:H41) -> 0 | I38: =SUM(I39:I41) -> 0 | J38: =SUM(J39:J41) -> 0 | K38: =SUM(C38:J38) -> 0
A39: =A38+1 -> 32 | B39: זקנה | K39: =SUM(C39:J39) -> 0
A40: =ROW()-7 -> 33 | B40: שארים | K40: =SUM(C40:J40) -> 0
A41: =ROW()-7 -> 34 | B41: נכות | K41: =SUM(C41:J41) -> 0
A42: =ROW()-7 -> 35 | B42: סה"כ נכסים מנוהלים | C42: =SUM(C26,C30,C38,C34) -> 0 | D42: =SUM(D26,D30,D38,D34) -> 0 | E42: =SUM(E26,E30,E38,E34) -> 0 | F42: =SUM(F26,F30,F38,F34) -> 0 | G42: =SUM(G26,G30,G38,G34) -> 0 | H42: =SUM(H26,H30,H38,H34) -> 0 | I42: =SUM(I26,I30,I38,I34) -> 0 | J42: =SUM(J26,J30,J38,J34) -> 0 | K42: =SUM(K26,K30,K38,K34) -> 0
A43: =ROW()-7 -> 36
A44: =ROW()-7 -> 37 | B44: נתונים תוצאתיים
A45: =ROW()-7 -> 38 | B45: דמי גמולים משונתים עבור מצטרפים חדשים | K45: =SUM(C45:J45) -> 0
A46: =ROW()-7 -> 39 | B46: תקבולים מדמי גמולים | K46: =SUM(C46:J46) -> 0
A47: =ROW()-7 -> 40 | B47: תקבולים מדמי גמולים חד פעמיים | K47: =SUM(C47:J47) -> 0
A48: =ROW()-7 -> 41 | B48: העברות צבירה לקופה/לקרן | K48: =SUM(C48:J48) -> 0
A49: =ROW()-7 -> 42 | B49: העברות צבירה מהקופה/מהקרן | K49: =SUM(C49:J49) -> 0
A50: =ROW()-7 -> 43 | B50: סה"כ תשלומים | C50: =SUM(C51:C52,C65) -> 0 | D50: =SUM(D51:D52,D65) -> 0 | E50: =SUM(E51:E52,E65) -> 0 | F50: =SUM(F51:F52,F65) -> 0 | G50: =SUM(G51:G52,G65) -> 0 | H50: =SUM(H51:H52,H65) -> 0 | I50: =SUM(I51:I52,I65) -> 0 | J50: =SUM(J51:J52,J65) -> 0 | K50: =SUM(K51:K52,K65) -> 0
A51: =ROW()-7 -> 44 | B51: פדיונות | K51: =SUM(C51:J51) -> 0
A52: =ROW()-7 -> 45 | B52: אחרים | K52: =SUM(C52:J52) -> 0
A53: =ROW()-7 -> 46 | B53: תשלומים לזכאים קיימים לפנסיה (עד 2003) | C53: =SUM(C54:C56) -> 0 | D53: =SUM(D54:D56) -> 0 | E53: =SUM(E54:E56) -> 0 | F53: =SUM(F54:F56) -> 0 | G53: =SUM(G54:G56) -> 0 | H53: =SUM(H54:H56) -> 0 | I53: =SUM(I54:I56) -> 0 | J53: =SUM(J54:J56) -> 0 | K53: =SUM(C53:J53) -> 0
A54: =ROW()-7 -> 47 | B54: פנסיית זקנה | K54: =SUM(C54:J54) -> 0
A55: =ROW()-7 -> 48 | B55: פנסיית נכות | K55: =SUM(C55:J55) -> 0
A56: =ROW()-7 -> 49 | B56: פנסיית שארים | K56: =SUM(C56:J56) -> 0
A57: =ROW()-7 -> 50 | B57: תשלומים למקבלי קצבה קיימים (2004-2017) | C57: =SUM(C58:C60) -> 0 | D57: =SUM(D58:D60) -> 0 | E57: =SUM(E58:E60) -> 0 | F57: =SUM(F58:F60) -> 0 | G57: =SUM(G58:G60) -> 0 | H57: =SUM(H58:H60) -> 0 | I57: =SUM(I58:I60) -> 0 | J57: =SUM(J58:J60) -> 0 | K57: =SUM(C57:J57) -> 0
A58: =ROW()-7 -> 51 | B58: פנסיית זקנה | K58: =SUM(C58:J58) -> 0
A59: =ROW()-7 -> 52 | B59: פנסיית נכות | K59: =SUM(C59:J59) -> 0
A60: =ROW()-7 -> 53 | B60: פנסיית שארים | K60: =SUM(C60:J60) -> 0
A61: =ROW()-7 -> 54 | B61: תשלומים לפנסיונרים (2018+) | C61: =SUM(C62:C64) -> 0 | D61: =SUM(D62:D64) -> 0 | E61: =SUM(E62:E64) -> 0 | F61: =SUM(F62:F64) -> 0 | G61: =SUM(G62:G64) -> 0 | H61: =SUM(H62:H64) -> 0 | I61: =SUM(I62:I64) -> 0 | J61: =SUM(J62:J64) -> 0 | K61: =SUM(C61:J61) -> 0
A62: =ROW()-7 -> 55 | B62: פנסיית זקנה | K62: =SUM(C62:J62) -> 0
A63: =ROW()-7 -> 56 | B63: פנסיית נכות | K63: =SUM(C63:J63) -> 0
A64: =ROW()-7 -> 57 | B64: פנסיית שארים | K64: =SUM(C64:J64) -> 0
A65: =ROW()-7 -> 58 | B65: סה"כ תשלומים למקבלי קצבה | C65: =SUM(C61,C57,C53) -> 0 | D65: =SUM(D61,D57,D53) -> 0 | E65: =SUM(E61,E57,E53) -> 0 | F65: =SUM(F61,F57,F53) -> 0 | G65: =SUM(G61,G57,G53) -> 0 | H65: =SUM(H61,H57,H53) -> 0 | I65: =SUM(I61,I57,I53) -> 0 | J65: =SUM(J61,J57,J53) -> 0 | K65: =SUM(K61,K57,K53) -> 0
A66: =ROW()-7 -> 59 | B66: עודף הכנסות (הפסדים) על הוצאות לתקופה | K66: =SUM(C66:J66) -> 0
A67: =ROW()-7 -> 60
A68: =ROW()-7 -> 61 | B68: דמי ניהול שנגבו מנכסים | C68: =SUM(C69:C70) -> 0 | D68: =SUM(D69:D70) -> 0 | E68: =SUM(E69:E70) -> 0 | F68: =SUM(F69:F70) -> 0 | G68: =SUM(G69:G70) -> 0 | H68: =SUM(H69:H70) -> 0 | I68: =SUM(I69:I70) -> 0 | J68: =SUM(J69:J70) -> 0 | K68: =SUM(C68:J68) -> 0
A69: =ROW()-7 -> 62 | B69: פעילים ולא פעילים | K69: =SUM(C69:J69) -> 0
A70: =ROW()-7 -> 63 | B70: מקבלי קצבה | K70: =SUM(C70:J70) -> 0
A71: =ROW()-7 -> 64
A72: =ROW()-7 -> 65 | B72: דמי ניהול שנגבו מהפקדות | K72: =SUM(C72:J72) -> 0
A73: =ROW()-7 -> 66
A74: =ROW()-7 -> 67 | B74: שיעור דמי ניהול ממוצע מנכסים (באחוזים)
A75: =ROW()-7 -> 68 | B75: פעילים
A76: =ROW()-7 -> 69 | B76: לא פעילים
A77: =ROW()-7 -> 70 | B77: מקבלי קצבה
A78: =ROW()-7 -> 71
A79: =ROW()-7 -> 72 | B79: שיעור דמי ניהול ממוצע מהפקדות (באחוזים)
A80: =ROW()-7 -> 73
A81: =ROW()-7 -> 74 | B81: שיעור הוצאות ישירות ממוצע (באחוזים)
A82: =ROW()-7 -> 75 | B82: עמלות קניה ומכירה של ניירות ערך
A83: =ROW()-7 -> 76 | B83: עמלות דמי שמירה של ניירות ערך
A84: =ROW()-7 -> 77 | B84: בגין השקעות לא סחירות
A85: =ROW()-7 -> 78 | B85: עמלות ניהול חיצוני
A86: =ROW()-7 -> 79 | B86: עמלות אחרות
A87: =ROW()-7 -> 80 | B87: הוצאות מוגבלות
A88: =ROW()-7 -> 81
A89: =ROW()-7 -> 82 | B89: שיעור עודף/גרעון אקטוארי (באחוזים)
A90: =ROW()-7 -> 83 | B90: עמיתים/ מבוטחים
A91: =ROW()-7 -> 84 | B91: זכאים קיימים לפנסיה (עד 2003)
A92: =ROW()-7 -> 85 | B92: מקבלי קצבה קיימים (2004-2017)
A93: =ROW()-7 -> 86 | B93: פנסיונרים (2018+)

Sheet Dir1A
B1: =company -> _____חברה מנהלת | D1: חזרה
L2: =MID(L6,4,2) -> 12 | M2: =MID(M6,4,2) -> 12
B3: מספר אנשים לא באלפי ₪ שאר הנתונים באלפי ₪ | G3: מספרי השוואה | L3: דוח תקופתי של חברות מנהלות | O3: 2015-9-32
B4: =Information!$C$53 -> ד1. נתונים כללים | D4: =Date1 -> 31.12.2021 | G4: =Dir1B!D4 -> 31.12.2020 | J4: =Dir1C!D4 -> 31.12.2019 | L4: נספח א - דוח תיאור עסקי תאגיד של חברה מנהלת
C5: קרנות פנסיה ותיקות | D5: קרנות פנסיה חדשות | F5: קופות גמל אישיות לתגמולים ופיצויים | G5: קרנות השתלמות | H5: קופת גמל להשקעה | I5: קופת גמל להשקעה לחסכון ארוך טווח לילד | J5: אחר | K5: סך הכל | L5: נספח ב - דוח דירקטוריון של חברה מנהלת
D6: מקיפות | E6: כלליות | L6: =Dir1B!D4 -> 31.12.2020 | M6: =Dir1C!D4 -> 31.12.2019 | N6: =CONCATENATE(R6,D4," - ",G4) -> השינוי 31.12.2021 - 31.12.2020 | O6: =IF(L2<>"12","",CONCATENATE(R6,G4,"-",,J4)) -> השינוי 31.12.2020-31.12.2019 | R6: השינוי
C7: (1) | D7: (2) | E7: (3) | F7: (4) | G7: (5) | H7: (6) | I7: (7) | J7: (8) | K7: (9) | O7: =IF($L$2="12",L7-N7,"") -> 0
A8: =ROW()-7 -> 1 | B8: מספר עמיתים / חשבונות | C8: =SUM(C9:C10) -> 0 | D8: =SUM(D9:D10) -> 0 | E8: =SUM(E9:E10) -> 0 | F8: =SUM(F9:F10) -> 0 | G8: =SUM(G9:G10) -> 0 | H8: =SUM(H9:H10) -> 0 | I8: =SUM(I9:I10) -> 0 | J8: =SUM(J9:J10) -> 0 | K8: =SUM(C8:J8) -> 0 | L8: =Dir1B!K8 -> 0 | M8: =Dir1C!K8 -> 0 | N8: =K8-L8 -> 0 | O8: =IF($L$2="12",L8-M8,"") -> 0
A9: =ROW()-7 -> 2 | B9: פעילים | K9: =SUM(C9:J9) -> 0 | L9: =Dir1B!K9 -> 0 | M9: =Dir1C!K9 -> 0 | N9: =K9-L9 -> 0 | O9: =IF($L$2="12",L9-M9,"") -> 0
A10: =ROW()-7 -> 3 | B10: לא פעילים | K10: =SUM(C10:J10) -> 0 | L10: =Dir1B!K10 -> 0 | M10: =Dir1C!K10 -> 0 | N10: =K10-L10 -> 0 | O10: =IF($L$2="12",L10-M10,"") -> 0
A11: =ROW()-7 -> 4 | B11: מקבלי קצבה | C11: =SUM(C12,C16,C20) -> 0 | D11: =SUM(D12,D16,D20) -> 0 | E11: =SUM(E12,E16,E20) -> 0 | F11: =SUM(F12,F16,F20) -> 0 | G11: =SUM(G12,G16,G20) -> 0 | H11: =SUM(H12,H16,H20) -> 0 | I11: =SUM(I12,I16,I20) -> 0 | J11: =SUM(J12,J16,J20) -> 0 | K11: =SUM(K12,K16,K20) -> 0 | L11: =Dir1B!K11 -> 0 | M11: =Dir1C!K11 -> 0 | N11: =K11-L11 -> 0 | O11: =IF($L$2="12",L11-M11,"") -> 0
A12: =ROW()-7 -> 5 | B12: זכאים קיימים לקצבה/פנסיה (עד 2003) | C12: =SUM(C13:C15) -> 0 | D12: =SUM(D13:D15) -> 0 | E12: =SUM(E13:E15) -> 0 | F12: =SUM(F13:F15) -> 0 | G12: =SUM(G13:G15) -> 0 | H12: =SUM(H13:H15) -> 0 | I12: =SUM(I13:I15) -> 0 | J12: =SUM(J13:J15) -> 0 | K12: =SUM(C12:J12) -> 0 | L12: =Dir1B!K12 -> 0 | M12: =Dir1C!K12 -> 0 | N12: =K12-L12 -> 0 | O12: =IF($L$2="12",L12-M12,"") -> 0
A13: =ROW()-7 -> 6 | B13: זקנה | K13: =SUM(C13:J13) -> 0 | L13: =Dir1B!K13 -> 0 | M13: =Dir1C!K13 -> 0 | N13: =K13-L13 -> 0 | O13: =IF($L$2="12",L13-M13,"") -> 0
A14: =ROW()-7 -> 7 | B14: שארים | K14: =SUM(C14:J14) -> 0 | L14: =Dir1B!K14 -> 0 | M14: =Dir1C!K14 -> 0 | N14: =K14-L14 -> 0 | O14: =IF($L$2="12",L14-M14,"") -> 0
A15: =ROW()-7 -> 8 | B15: נכות | K15: =SUM(C15:J15) -> 0 | L15: =Dir1B!K15 -> 0 | M15: =Dir1C!K15 -> 0 | N15: =K15-L15 -> 0 | O15: =IF($L$2="12",L15-M15,"") -> 0
A16: =A15+1 -> 9 | B16: מקבלי קצבה קיימים (2004-2017) | C16: =SUM(C17:C19) -> 0 | D16: =SUM(D17:D19) -> 0 | E16: =SUM(E17:E19) -> 0 | F16: =SUM(F17:F19) -> 0 | G16: =SUM(G17:G19) -> 0 | H16: =SUM(H17:H19) -> 0 | I16: =SUM(I17:I19) -> 0 | J16: =SUM(J17:J19) -> 0 | K16: =SUM(C16:J16) -> 0 | L16: =Dir1B!K16 -> 0 | M16: =Dir1C!K16 -> 0 | N16: =K16-L16 -> 0 | O16: =IF($L$2="12",L16-M16,"") -> 0
A17: =ROW()-7 -> 10 | B17: זקנה | K17: =SUM(C17:J17) -> 0 | L17: =Dir1B!K17 -> 0 | M17: =Dir1C!K17 -> 0 | N17: =K17-L17 -> 0 | O17: =IF($L$2="12",L17-M17,"") -> 0
A18: =ROW()-7 -> 11 | B18: שארים | K18: =SUM(C18:J18) -> 0 | L18: =Dir1B!K18 -> 0 | M18: =Dir1C!K18 -> 0 | N18: =K18-L18 -> 0 | O18: =IF($L$2="12",L18-M18,"") -> 0
A19: =ROW()-7 -> 12 | B19: נכות | K19: =SUM(C19:J19) -> 0 | L19: =Dir1B!K19 -> 0 | M19: =Dir1C!K19 -> 0 | N19: =K19-L19 -> 0 | O19: =IF($L$2="12",L19-M19,"") -> 0
A20: =ROW()-7 -> 13 | B20: פנסיונרים (2018+) | C20: =SUM(C21:C23) -> 0 | D20: =SUM(D21:D23) -> 0 | E20: =SUM(E21:E23) -> 0 | F20: =SUM(F21:F23) -> 0 | G20: =SUM(G21:G23) -> 0 | H20: =SUM(H21:H23) -> 0 | I20: =SUM(I21:I23) -> 0 | J20: =SUM(J21:J23) -> 0 | K20: =SUM(C20:J20) -> 0 | L20: =Dir1B!K20 -> 0 | M20: =Dir1C!K20 -> 0 | N20: =K20-L20 -> 0 | O20: =IF($L$2="12",L20-M20,"") -> 0
A21: =ROW()-7 -> 14 | B21: זקנה | K21: =SUM(C21:J21) -> 0 | L21: =Dir1B!K21 -> 0 | M21: =Dir1C!K21 -> 0 | N21: =K21-L21 -> 0 | O21: =IF($L$2="12",L21-M21,"") -> 0
A22: =ROW()-7 -> 15 | B22: שארים | K22: =SUM(C22:J22) -> 0 | L22: =Dir1B!K22 -> 0 | M22: =Dir1C!K22 -> 0 | N22: =K22-L22 -> 0 | O22: =IF($L$2="12",L22-M22,"") -> 0
A23: =ROW()-7 -> 16 | B23: נכות | K23: =SUM(C23:J23) -> 0 | L23: =Dir1B!K23 -> 0 | M23: =Dir1C!K23 -> 0 | N23: =K23-L23 -> 0 | O23: =IF($L$2="12",L23-M23,"") -> 0
A24: =ROW()-7 -> 17 | B24: סה"כ מספר עמיתים | C24: =SUM(C8,C12,C16,C20) -> 0 | D24: =SUM(D8,D12,D16,D20) -> 0 | E24: =SUM(E8,E12,E16,E20) -> 0 | F24: =SUM(F8,F12,F16,F20) -> 0 | G24: =SUM(G8,G12,G16,G20) -> 0 | H24: =SUM(H8,H12,H16,H20) -> 0 | I24: =SUM(I8,I12,I16,I20) -> 0 | J24: =SUM(J8,J12,J16,J20) -> 0 | K24: =SUM(K8,K12,K16,K20) -> 0 | L24: =Dir1B!K24 -> 0 | M24: =Dir1C!K24 -> 0 | N24: =K24-L24 -> 0 | O24: =IF($L$2="12",L24-M24,"") -> 0
A25: =ROW()-7 -> 18 | L25: =Dir1B!K25 -> 0 | M25: =Dir1C!K25 -> 0 | N25: =K25-L25 -> 0 | O25: =IF($L$2="12",L25-M25,"") -> 0
A26: =ROW()-7 -> 19 | B26: נכסים מנוהלים, נטו | C26: =SUM(C27:C28) -> 0 | D26: =SUM(D27:D28) -> 0 | E26: =SUM(E27:E28) -> 0 | F26: =SUM(F27:F28) -> 0 | G26: =SUM(G27:G28) -> 0 | H26: =SUM(H27:H28) -> 0 | I26: =SUM(I27:I28) -> 0 | J26: =SUM(J27:J28) -> 0 | K26: =SUM(C26:J26) -> 0 | L26: =Dir1B!K26 -> 0 | M26: =Dir1C!K26 -> 0 | N26: =K26-L26 -> 0 | O26: =IF($L$2="12",L26-M26,"") -> 0
A27: =ROW()-7 -> 20 | B27: פעילים | K27: =SUM(C27:J27) -> 0 | L27: =Dir1B!K27 -> 0 | M27: =Dir1C!K27 -> 0 | N27: =K27-L27 -> 0 | O27: =IF($L$2="12",L27-M27,"") -> 0
A28: =ROW()-7 -> 21 | B28: לא פעילים | K28: =SUM(C28:J28) -> 0 | L28: =Dir1B!K28 -> 0 | M28: =Dir1C!K28 -> 0 | N28: =K28-L28 -> 0 | O28: =IF($L$2="12",L28-M28,"") -> 0
A29: =ROW()-7 -> 22 | B29: מקבלי קצבה | C29: =SUM(C30,C38,C34) -> 0 | D29: =SUM(D30,D38,D34) -> 0 | E29: =SUM(E30,E38,E34) -> 0 | F29: =SUM(F30,F38,F34) -> 0 | G29: =SUM(G30,G38,G34) -> 0 | H29: =SUM(H30,H38,H34) -> 0 | I29: =SUM(I30,I38,I34) -> 0 | J29: =SUM(J30,J38,J34) -> 0 | K29: =SUM(K30,K38,K34) -> 0 | L29: =Dir1B!K29 -> 0 | M29: =Dir1C!K29 -> 0 | N29: =K29-L29 -> 0 | O29: =IF($L$2="12",L29-M29,"") -> 0
A30: =ROW()-7 -> 23 | B30: זכאים קיימים לקצבה/פנסיה (עד 2003) | C30: =SUM(C31:C33) -> 0 | D30: =SUM(D31:D33) -> 0 | E30: =SUM(E31:E33) -> 0 | F30: =SUM(F31:F33) -> 0 | G30: =SUM(G31:G33) -> 0 | H30: =SUM(H31:H33) -> 0 | I30: =SUM(I31:I33) -> 0 | J30: =SUM(J31:J33) -> 0 | K30: =SUM(C30:J30) -> 0 | L30: =Dir1B!K30 -> 0 | M30: =Dir1C!K30 -> 0 | N30: =K30-L30 -> 0 | O30: =IF($L$2="12",L30-M30,"") -> 0
A31: =ROW()-7 -> 24 | B31: זקנה | K31: =SUM(C31:J31) -> 0 | L31: =Dir1B!K31 -> 0 | M31: =Dir1C!K31 -> 0 | N31: =K31-L31 -> 0 | O31: =IF($L$2="12",L31-M31,"") -> 0
A32: =ROW()-7 -> 25 | B32: שארים | K32: =SUM(C32:J32) -> 0 | L32: =Dir1B!K32 -> 0 | M32: =Dir1C!K32 -> 0 | N32: =K32-L32 -> 0 | O32: =IF($L$2="12",L32-M32,"") -> 0
A33: =ROW()-7 -> 26 | B33: נכות | K33: =SUM(C33:J33) -> 0 | L33: =Dir1B!K33 -> 0 | M33: =Dir1C!K33 -> 0 | N33: =K33-L33 -> 0 | O33: =IF($L$2="12",L33-M33,"") -> 0
A34: =A33+1 -> 27 | B34: מקבלי קצבה קיימים (2004-2017) | C34: =SUM(C35:C37) -> 0 | D34: =SUM(D35:D37) -> 0 | E34: =SUM(E35:E37) -> 0 | F34: =SUM(F35:F37) -> 0 | G34: =SUM(G35:G37) -> 0 | H34: =SUM(H35:H37) -> 0 | I34: =SUM(I35:I37) -> 0 | J34: =SUM(J35:J37) -> 0 | K34: =SUM(C34:J34) -> 0 | L34: =Dir1B!K34 -> 0 | M34: =Dir1C!K34 -> 0 | N34: =K34-L34 -> 0 | O34: =IF($L$2="12",L34-M34,"") -> 0
A35: =A34+1 -> 28 | B35: זקנה | K35: =SUM(C35:J35) -> 0 | L35: =Dir1B!K35 -> 0 | M35: =Dir1C!K35 -> 0 | N35: =K35-L35 -> 0 | O35: =IF($L$2="12",L35-M35,"") -> 0
A36: =A35+1 -> 29 | B36: שארים | K36: =SUM(C36:J36) -> 0 | L36: =Dir1B!K36 -> 0 | M36: =Dir1C!K36 -> 0 | N36: =K36-L36 -> 0 | O36: =IF($L$2="12",L36-M36,"") -> 0
A37: =A36+1 -> 30 | B37: נכות | K37: =SUM(C37:J37) -> 0 | L37: =Dir1B!K37 -> 0 | M37: =Dir1C!K37 -> 0 | N37: =K37-L37 -> 0 | O37: =IF($L$2="12",L37-M37,"") -> 0
A38: =A37+1 -> 31 | B38: פנסיונרים (2018+) | C38: =SUM(C39:C41) -> 0 | D38: =SUM(D39:D41) -> 0 | E38: =SUM(E39:E41) -> 0 | F38: =SUM(F39:F41) -> 0 | G38: =SUM(G39:G41) -> 0 | H38: =SUM(H39:H41) -> 0 | I38: =SUM(I39:I41) -> 0 | J38: =SUM(J39:J41) -> 0 | K38: =SUM(C38:J38) -> 0 | L38: =Dir1B!K38 -> 0 | M38: =Dir1C!K38 -> 0 | N38: =K38-L38 -> 0 | O38: =IF($L$2="12",L38-M38,"") -> 0
A39: =A38+1 -> 32 | B39: זקנה | K39: =SUM(C39:J39) -> 0 | L39: =Dir1B!K39 -> 0 | M39: =Dir1C!K39 -> 0 | N39: =K39-L39 -> 0 | O39: =IF($L$2="12",L39-M39,"") -> 0
A40: =ROW()-7 -> 33 | B40: שארים | K40: =SUM(C40:J40) -> 0 | L40: =Dir1B!K40 -> 0 | M40: =Dir1C!K40 -> 0 | N40: =K40-L40 -> 0 | O40: =IF($L$2="12",L40-M40,"") -> 0
A41: =ROW()-7 -> 34 | B41: נכות | K41: =SUM(C41:J41) -> 0 | L41: =Dir1B!K41 -> 0 | M41: =Dir1C!K41 -> 0 | N41: =K41-L41 -> 0 | O41: =IF($L$2="12",L41-M41,"") -> 0
A42: =ROW()-7 -> 35 | B42: סה"כ נכסים מנוהלים | C42: =SUM(C26,C30,C38,C34) -> 0 | D42: =SUM(D26,D30,D38,D34) -> 0 | E42: =SUM(E26,E30,E38,E34) -> 0 | F42: =SUM(F26,F30,F38,F34) -> 0 | G42: =SUM(G26,G30,G38,G34) -> 0 | H42: =SUM(H26,H30,H38,H34) -> 0 | I42: =SUM(I26,I30,I38,I34) -> 0 | J42: =SUM(J26,J30,J38,J34) -> 0 | K42: =SUM(K26,K30,K38,K34) -> 0 | L42: =Dir1B!K42 -> 0 | M42: =Dir1C!K42 -> 0 | N42: =K42-L42 -> 0 | O42: =IF($L$2="12",L42-M42,"") -> 0
A43: =ROW()-7 -> 36 | L43: =Dir1B!K43 -> 0 | M43: =Dir1C!K43 -> 0 | N43: =K43-L43 -> 0 | O43: =IF($L$2="12",L43-M43,"") -> 0
A44: =ROW()-7 -> 37 | B44: נתונים תוצאתיים | L44: =Dir1B!K44 -> 0 | M44: =Dir1C!K44 -> 0 | N44: =K44-L44 -> 0 | O44: =IF($L$2="12",L44-M44,"") -> 0
A45: =ROW()-7 -> 38 | B45: דמי גמולים משונתים עבור מצטרפים חדשים | K45: =SUM(C45:J45) -> 0 | L45: =Dir1B!K45 -> 0 | M45: =Dir1C!K45 -> 0 | N45: =K45-L45 -> 0 | O45: =IF($L$2="12",L45-M45,"") -> 0
A46: =ROW()-7 -> 39 | B46: תקבולים מדמי גמולים | K46: =SUM(C46:J46) -> 0 | L46: =Dir1B!K46 -> 0 | M46: =Dir1C!K46 -> 0 | N46: =K46-L46 -> 0 | O46: =IF($L$2="12",L46-M46,"") -> 0
A47: =ROW()-7 -> 40 | B47: תקבולים מדמי גמולים חד פעמיים | K47: =SUM(C47:J47) -> 0 | L47: =Dir1B!K47 -> 0 | M47: =Dir1C!K47 -> 0 | N47: =K47-L47 -> 0 | O47: =IF($L$2="12",L47-M47,"") -> 0
A48: =ROW()-7 -> 41 | B48: העברות צבירה לקופה/לקרן | K48: =SUM(C48:J48) -> 0 | L48: =Dir1B!K48 -> 0 | M48: =Dir1C!K48 -> 0 | N48: =K48-L48 -> 0 | O48: =IF($L$2="12",L48-M48,"") -> 0
A49: =ROW()-7 -> 42 | B49: העברות צבירה מהקופה/מהקרן | K49: =SUM(C49:J49) -> 0 | L49: =Dir1B!K49 -> 0 | M49: =Dir1C!K49 -> 0 | N49: =K49-L49 -> 0 | O49: =IF($L$2="12",L49-M49,"") -> 0
A50: =ROW()-7 -> 43 | B50: סה"כ תשלומים | C50: =SUM(C51:C52,C65) -> 0 | D50: =SUM(D51:D52,D65) -> 0 | E50: =SUM(E51:E52,E65) -> 0 | F50: =SUM(F51:F52,F65) -> 0 | G50: =SUM(G51:G52,G65) -> 0 | H50: =SUM(H51:H52,H65) -> 0 | I50: =SUM(I51:I52,I65) -> 0 | J50: =SUM(J51:J52,J65) -> 0 | K50: =SUM(K51:K52,K65) -> 0 | L50: =Dir1B!K50 -> 0 | M50: =Dir1C!K50 -> 0 | N50: =K50-L50 -> 0 | O50: =IF($L$2="12",L50-M50,"") -> 0
A51: =ROW()-7 -> 44 | B51: פדיונות | K51: =SUM(C51:J51) -> 0 | L51: =Dir1B!K51 -> 0 | M51: =Dir1C!K51 -> 0 | N51: =K51-L51 -> 0 | O51: =IF($L$2="12",L51-M51,"") -> 0
A52: =ROW()-7 -> 45 | B52: אחרים | K52: =SUM(C52:J52) -> 0 | L52: =Dir1B!K52 -> 0 | M52: =Dir1C!K52 -> 0 | N52: =K52-L52 -> 0 | O52: =IF($L$2="12",L52-M52,"") -> 0
A53: =ROW()-7 -> 46 | B53: תשלומים לזכאים קיימים לפנסיה (עד 2003) | C53: =SUM(C54:C56) -> 0 | D53: =SUM(D54:D56) -> 0 | E53: =SUM(E54:E56) -> 0 | F53: =SUM(F54:F56) -> 0 | G53: =SUM(G54:G56) -> 0 | H53: =SUM(H54:H56) -> 0 | I53: =SUM(I54:I56) -> 0 | J53: =SUM(J54:J56) -> 0 | K53: =SUM(C53:J53) -> 0 | L53: =Dir1B!K53 -> 0 | M53: =Dir1C!K53 -> 0 | N53: =K53-L53 -> 0 | O53: =IF($L$2="12",L53-M53,"") -> 0
A54: =ROW()-7 -> 47 | B54: פנסיית זקנה | K54: =SUM(C54:J54) -> 0 | L54: =Dir1B!K54 -> 0 | M54: =Dir1C!K54 -> 0 | N54: =K54-L54 -> 0 | O54: =IF($L$2="12",L54-M54,"") -> 0
A55: =ROW()-7 -> 48 | B55: פנסיית נכות | K55: =SUM(C55:J55) -> 0 | L55: =Dir1B!K55 -> 0 | M55: =Dir1C!K55 -> 0 | N55: =K55-L55 -> 0 | O55: =IF($L$2="12",L55-M55,"") -> 0
A56: =ROW()-7 -> 49 | B56: פנסיית שארים | K56: =SUM(C56:J56) -> 0 | L56: =Dir1B!K56 -> 0 | M56: =Dir1C!K56 -> 0 | N56: =K56-L56 -> 0 | O56: =IF($L$2="12",L56-M56,"") -> 0
A57: =ROW()-7 -> 50 | B57: תשלומים למקבלי קצבה קיימים (2004-2017) | C57: =SUM(C58:C60) -> 0 | D57: =SUM(D58:D60) -> 0 | E57: =SUM(E58:E60) -> 0 | F57: =SUM(F58:F60) -> 0 | G57: =SUM(G58:G60) -> 0 | H57: =SUM(H58:H60) -> 0 | I57: =SUM(I58:I60) -> 0 | J57: =SUM(J58:J60) -> 0 | K57: =SUM(C57:J57) -> 0 | L57: =Dir1B!K57 -> 0 | M57: =Dir1C!K57 -> 0 | N57: =K57-L57 -> 0 | O57: =IF($L$2="12",L57-M57,"") -> 0
A58: =ROW()-7 -> 51 | B58: פנסיית זקנה | K58: =SUM(C58:J58) -> 0 | L58: =Dir1B!K58 -> 0 | M58: =Dir1C!K58 -> 0 | N58: =K58-L58 -> 0 | O58: =IF($L$2="12",L58-M58,"") -> 0
A59: =ROW()-7 -> 52 | B59: פנסיית נכות | K59: =SUM(C59:J59) -> 0 | L59: =Dir1B!K59 -> 0 | M59: =Dir1C!K59 -> 0 | N59: =K59-L59 -> 0 | O59: =IF($L$2="12",L59-M59,"") -> 0
A60: =ROW()-7 -> 53 | B60: פנסיית שארים | K60: =SUM(C60:J60) -> 0 | L60: =Dir1B!K60 -> 0 | M60: =Dir1C!K60 -> 0 | N60: =K60-L60 -> 0 | O60: =IF($L$2="12",L60-M60,"") -> 0
A61: =ROW()-7 -> 54 | B61: תשלומים לפנסיונרים (2018+) | C61: =SUM(C62:C64) -> 0 | D61: =SUM(D62:D64) -> 0 | E61: =SUM(E62:E64) -> 0 | F61: =SUM(F62:F64) -> 0 | G61: =SUM(G62:G64) -> 0 | H61: =SUM(H62:H64) -> 0 | I61: =SUM(I62:I64) -> 0 | J61: =SUM(J62:J64) -> 0 | K61: =SUM(C61:J61) -> 0 | L61: =Dir1B!K61 -> 0 | M61: =Dir1C!K61 -> 0 | N61: =K61-L61 -> 0 | O61: =IF($L$2="12",L61-M61,"") -> 0
A62: =ROW()-7 -> 55 | B62: פנסיית זקנה | K62: =SUM(C62:J62) -> 0 | L62: =Dir1B!K62 -> 0 | M62: =Dir1C!K62 -> 0 | N62: =K62-L62 -> 0 | O62: =IF($L$2="12",L62-M62,"") -> 0
A63: =ROW()-7 -> 56 | B63: פנסיית נכות | K63: =SUM(C63:J63) -> 0 | L63: =Dir1B!K63 -> 0 | M63: =Dir1C!K63 -> 0 | N63: =K63-L63 -> 0 | O63: =IF($L$2="12",L63-M63,"") -> 0
A64: =ROW()-7 -> 57 | B64: פנסיית שארים | K64: =SUM(C64:J64) -> 0 | L64: =Dir1B!K64 -> 0 | M64: =Dir1C!K64 -> 0 | N64: =K64-L64 -> 0 | O64: =IF($L$2="12",L64-M64,"") -> 0
A65: =ROW()-7 -> 58 | B65: סה"כ תשלומים למקבלי קצבה | C65: =SUM(C61,C57,C53) -> 0 | D65: =SUM(D61,D57,D53) -> 0 | E65: =SUM(E61,E57,E53) -> 0 | F65: =SUM(F61,F57,F53) -> 0 | G65: =SUM(G61,G57,G53) -> 0 | H65: =SUM(H61,H57,H53) -> 0 | I65: =SUM(I61,I57,I53) -> 0 | J65: =SUM(J61,J57,J53) -> 0 | K65: =SUM(K61,K57,K53) -> 0 | L65: =Dir1B!K65 -> 0 | M65: =Dir1C!K65 -> 0 | N65: =K65-L65 -> 0 | O65: =IF($L$2="12",L65-M65,"") -> 0
A66: =ROW()-7 -> 59 | B66: עודף הכנסות (הפסדים) על הוצאות לתקופה | K66: =SUM(C66:J66) -> 0 | L66: =Dir1B!K66 -> 0 | M66: =Dir1C!K66 -> 0 | N66: =K66-L66 -> 0 | O66: =IF($L$2="12",L66-M66,"") -> 0
A67: =ROW()-7 -> 60 | L67: =Dir1B!K67 -> 0 | M67: =Dir1C!K67 -> 0 | N67: =K67-L67 -> 0 | O67: =IF($L$2="12",L67-M67,"") -> 0
A68: =ROW()-7 -> 61 | B68: דמי ניהול שנגבו מנכסים | C68: =SUM(C69:C70) -> 0 | D68: =SUM(D69:D70) -> 0 | E68: =SUM(E69:E70) -> 0 | F68: =SUM(F69:F70) -> 0 | G68: =SUM(G69:G70) -> 0 | H68: =SUM(H69:H70) -> 0 | I68: =SUM(I69:I70) -> 0 | J68: =SUM(J69:J70) -> 0 | K68: =SUM(C68:J68) -> 0 | L68: =Dir1B!K68 -> 0 | M68: =Dir1C!K68 -> 0 | N68: =K68-L68 -> 0 | O68: =IF($L$2="12",L68-M68,"") -> 0
A69: =ROW()-7 -> 62 | B69: פעילים ולא פעילים | K69: =SUM(C69:J69) -> 0 | L69: =Dir1B!K69 -> 0 | M69: =Dir1C!K69 -> 0 | N69: =K69-L69 -> 0 | O69: =IF($L$2="12",L69-M69,"") -> 0
A70: =ROW()-7 -> 63 | B70: מקבלי קצבה | K70: =SUM(C70:J70) -> 0 | L70: =Dir1B!K70 -> 0 | M70: =Dir1C!K70 -> 0 | N70: =K70-L70 -> 0 | O70: =IF($L$2="12",L70-M70,"") -> 0
A71: =ROW()-7 -> 64 | L71: =Dir1B!K71 -> 0 | M71: =Dir1C!K71 -> 0 | N71: =K71-L71 -> 0 | O71: =IF($L$2="12",L71-M71,"") -> 0
A72: =ROW()-7 -> 65 | B72: דמי ניהול שנגבו מהפקדות | K72: =SUM(C72:J72) -> 0 | L72: =Dir1B!K72 -> 0 | M72: =Dir1C!K72 -> 0 | N72: =K72-L72 -> 0 | O72: =IF($L$2="12",L72-M72,"") -> 0
A73: =ROW()-7 -> 66 | L73: =Dir1B!K64 -> 0 | M73: =Dir1C!K64 -> 0 | N73: =K73-L73 -> 0 | O73: =IF($L$2="12",L73-M73,"") -> 0
A74: =ROW()-7 -> 67 | B74: שיעור דמי ניהול ממוצע מנכסים (באחוזים) | O74: =IF($L$2="12",L74-M74,"") -> 0
A75: =ROW()-7 -> 68 | B75: פעילים | O75: =IF($L$2="12",L75-M75,"") -> 0
A76: =ROW()-7 -> 69 | B76: לא פעילים | O76: =IF($L$2="12",L76-M76,"") -> 0
A77: =ROW()-7 -> 70 | B77: מקבלי קצבה | O77: =IF($L$2="12",L77-M77,"") -> 0
A78: =ROW()-7 -> 71 | O78: =IF($L$2="12",L78-M78,"") -> 0
A79: =ROW()-7 -> 72 | B79: שיעור דמי ניהול ממוצע מהפקדות (באחוזים) | O79: =IF($L$2="12",L79-M79,"") -> 0
A80: =ROW()-7 -> 73 | O80: =IF($L$2="12",L80-M80,"") -> 0
A81: =ROW()-7 -> 74 | B81: שיעור הוצאות ישירות ממוצע (באחוזים) | O81: =IF($L$2="12",L81-M81,"") -> 0
A82: =ROW()-7 -> 75 | B82: עמלות קניה ומכירה של ניירות ערך | O82: =IF($L$2="12",L82-M82,"") -> 0 | P82: מדווחים רק בדיווח השנתי
A83: =ROW()-7 -> 76 | B83: עמלות דמי שמירה של ניירות ערך | O83: =IF($L$2="12",L83-M83,"") -> 0
A84: =ROW()-7 -> 77 | B84: בגין השקעות לא סחירות | O84: =IF($L$2="12",L84-M84,"") -> 0
A85: =ROW()-7 -> 78 | B85: עמלות ניהול חיצוני | O85: =IF($L$2="12",L85-M85,"") -> 0
A86: =ROW()-7 -> 79 | B86: עמלות אחרות | O86: =IF($L$2="12",L86-M86,"") -> 0
A87: =ROW()-7 -> 80 | B87: הוצאות מוגבלות | O87: =IF($L$2="12",L87-M87,"") -> 0
A88: =ROW()-7 -> 81 | O88: =IF($L$2="12",L88-M88,"") -> 0
A89: =ROW()-7 -> 82 | B89: שיעור עודף/גרעון אקטוארי (באחוזים) | O89: =IF($L$2="12",L89-M89,"") -> 0
A90: =ROW()-7 -> 83 | B90: עמיתים/ מבוטחים | O90: =IF($L$2="12",L90-M90,"") -> 0
A91: =ROW()-7 -> 84 | B91: זכאים קיימים לפנסיה (עד 2003) | O91: =IF($L$2="12",L91-M91,"") -> 0
A92: =ROW()-7 -> 85 | B92: מקבלי קצבה קיימים (2004-2017) | O92: =IF($L$2="12",L92-M92,"") -> 0
A93: =ROW()-7 -> 86 | B93: פנסיונרים (2018+) | O93: =IF($L$2="12",L93-M93,"") -> 0
B95: נכסים נטו- סך כל הנכסים בניכוי זכאים ויתרות זכות.
B96: דמי גמולים משונתים- עבור עמיתים/מבוטחים פעילים שהצטרפו לקופה/לקרן במהלך השנה. לצורך חישוב דמי הגמולים המשונתים- עבור הפקדות חודשיות- ההפקדה/ החיוב החודשי האחרון יוכפל ב-12 (יש לשים לה כי מדובר בחיוב בודד בלבד). עבור הפקדות/חיובים בעלי עיתוי אחר (רבעוני, חצי שנתי וכדומה)- יוכפל במספר הפעמים שאותן הפקדות/חיובים צפויים להופיע במהלך השנה כך שישקפו את דמי הגמולים השנתיים. דמי גמולים משונתים לא יכללו דמי גמולים חד פעמיים. יובהר כי החישוב זהה בדוח השנתי ובדוח הרבעוני
B97: תקבולים מדמי גמולים חד פעמיים- תקבול של סכום אחד בתקופת הדוח שאינם חלק מההפקדות החודשיות/רבעויות. יש לכלול דמי גמולים חד פעמיים הן בגין מצטרפים חדשים והן בגין עמיתים קיימים, גם במקרה שהחשבון כבר לא קיים בסוף תקופה. הנתון יינתן בנוסף לנתון של תקבולים מדמי גמולים ולא יופחת ממנו.
B98: שיעור דמי ניהול - בגילוי הרבעוני השיעור יוצג במונחים שנתיים.

Sheet SB3.1A
A1: =SUM(C9:F19) -> 0 | B1: =company -> _____חברה מנהלת
B2: ביאור מגזרי פעילות | D2: חזרה
B3: =line3 -> הנתונים באלפי ש"ח
B4: =Information!$C$15 -> באור 3א' מגזרי פעילות - סולו
B5: הערות | C5: גמל | D5: פנסיה | E5: לא מיוחס למגזרי פעילות | F5: סה"כ
C6: (1) | D6: (2) | E6: (3) | F6: (4)
B7: =Period1 -> שנת 2021
A8: 1 | B8: הכנסות מדמי ניהול | F8: =SUM(C8:E8) -> 0
A9: =A8+1 -> 2 | B9: רווחים (הפסדים) מהשקעות, נטו והכנסות מימון | F9: =SUM(C9:E9) -> 0
A10: =A9+1 -> 3 | B10: הכנסות אחרות | F10: =SUM(C10:E10) -> 0
A11: =A10+1 -> 4 | B11: סך כל ההכנסות | C11: =SUM(C8:C10) -> 0 | D11: =SUM(D8:D10) -> 0 | E11: =SUM(E8:E10) -> 0 | F11: =SUM(C11:E11) -> 0
A12: =A11+1 -> 5 | B12: עמלות, הוצאות שיווק והוצאות רכישה אחרות | F12: =SUM(C12:E12) -> 0
A13: =A12+1 -> 6 | B13: הוצאות הנהלה וכלליות | F13: =SUM(C13:E13) -> 0
A14: =A13+1 -> 7 | B14: הוצאות אחרות | F14: =SUM(C14:E14) -> 0
A15: =A14+1 -> 8 | B15: הוצאות מימון | F15: =SUM(C15:E15) -> 0
A16: =A15+1 -> 9 | B16: סך כל ההוצאות | C16: =SUM(C12:C15) -> 0 | D16: =SUM(D12:D15) -> 0 | E16: =SUM(E12:E15) -> 0 | F16: =SUM(C16:E16) -> 0
A17: =A16+1 -> 10 | B17: רווח (הפסד) | C17: =C11-C16 -> 0 | D17: =D11-D16 -> 0 | E17: =E11-E16 -> 0 | F17: =F11-F16 -> 0
A18: =A17+1 -> 11 | B18: חלק הקבוצה ברווחי (הפסדי) חברות מוחזקות המטופלות לפי שיטת השווי המאזני | F18: =SUM(C18:E18) -> 0
A19: =A18+1 -> 12 | B19: רווח (הפסד) לפני מסים על ההכנסה | C19: =C11-C16+C18 -> 0 | D19: =D11-D16+D18 -> 0 | E19: =E11-E16+E18 -> 0 | F19: =SUM(C19:E19) -> 0
A20: =A19+1 -> 13 | B20: רווח (הפסד) כולל אחר לפני מסים על הכנסה | F20: =SUM(C20:E20) -> 0
A21: =A20+1 -> 14 | B21: סך כל הרווח (הפסד) הכולל לתקופה לפני מסים על הכנסה | C21: =C19+C20 -> 0 | D21: =D19+D20 -> 0 | E21: =E19+E20 -> 0 | F21: =SUM(C21:E21) -> 0
C23: גמל | D23: פנסיה | E23: לא מיוחס למגזרי פעילות | F23: סה"כ
C24: (1) | D24: (2) | E24: (3) | F24: (4)
B25: =Period2 -> שנת 2020
A26: 1 | B26: הכנסות מדמי ניהול | F26: =SUM(C26:E26) -> 0
A27: =A26+1 -> 2 | B27: רווחים (הפסדים) מהשקעות, נטו והכנסות מימון | F27: =SUM(C27:E27) -> 0
A28: =A27+1 -> 3 | B28: הכנסות אחרות | F28: =SUM(C28:E28) -> 0
A29: =A28+1 -> 4 | B29: סך כל ההכנסות | C29: =SUM(C26:C28) -> 0 | D29: =SUM(D26:D28) -> 0 | E29: =SUM(E26:E28) -> 0 | F29: =SUM(C29:E29) -> 0
A30: =A29+1 -> 5 | B30: עמלות, הוצאות שיווק והוצאות רכישה אחרות | F30: =SUM(C30:E30) -> 0
A31: =A30+1 -> 6 | B31: הוצאות הנהלה וכלליות | F31: =SUM(C31:E31) -> 0
A32: =A31+1 -> 7 | B32: הוצאות אחרות | F32: =SUM(C32:E32) -> 0
A33: =A32+1 -> 8 | B33: הוצאות מימון | F33: =SUM(C33:E33) -> 0
A34: =A33+1 -> 9 | B34: סך כל ההוצאות | C34: =SUM(C30:C33) -> 0 | D34: =SUM(D30:D33) -> 0 | E34: =SUM(E30:E33) -> 0 | F34: =SUM(C34:E34) -> 0
A35: =A34+1 -> 10 | B35: רווח (הפסד) | C35: =C29-C34 -> 0 | D35: =D29-D34 -> 0 | E35: =E29-E34 -> 0 | F35: =F29-F34 -> 0
A36: =A35+1 -> 11 | B36: חלק הקבוצה ברווחי (הפסדי) חברות מוחזקות המטופלות לפי שיטת השווי המאזני | F36: =SUM(C36:E36) -> 0
A37: =A36+1 -> 12 | B37: רווח (הפסד) לפני מסים על ההכנסה | C37: =C29-C34+C36 -> 0 | D37: =D29-D34+D36 -> 0 | E37: =E29-E34+E36 -> 0 | F37: =SUM(C37:E37) -> 0
A38: =A37+1 -> 13 | B38: רווח (הפסד) כולל אחר לפני מסים על הכנסה | F38: =SUM(C38:E38) -> 0
A39: =A38+1 -> 14 | B39: סך כל הרווח (הפסד) הכולל לתקופה לפני מסים על הכנסה | C39: =C37+C38 -> 0 | D39: =D37+D38 -> 0 | E39: =E37+E38 -> 0 | F39: =SUM(C39:E39) -> 0
C41: גמל | D41: פנסיה | E41: לא מיוחס למגזרי פעילות | F41: סה"כ
C42: (1) | D42: (2) | E42: (3) | F42: (4)
B43: =Period5 -> שנת 2019
A44: 1 | B44: הכנסות מדמי ניהול | F44: =SUM(C44:E44) -> 0
A45: =A44+1 -> 2 | B45: רווחים (הפסדים) מהשקעות, נטו והכנסות מימון | F45: =SUM(C45:E45) -> 0
A46: =A45+1 -> 3 | B46: הכנסות אחרות | F46: =SUM(C46:E46) -> 0
A47: =A46+1 -> 4 | B47: סך כל ההכנסות | C47: =SUM(C44:C46) -> 0 | D47: =SUM(D44:D46) -> 0 | E47: =SUM(E44:E46) -> 0 | F47: =SUM(C47:E47) -> 0
A48: =A47+1 -> 5 | B48: עמלות, הוצאות שיווק והוצאות רכישה אחרות | F48: =SUM(C48:E48) -> 0
A49: =A48+1 -> 6 | B49: הוצאות הנהלה וכלליות | F49: =SUM(C49:E49) -> 0
A50: =A49+1 -> 7 | B50: הוצאות אחרות | F50: =SUM(C50:E50) -> 0
A51: =A50+1 -> 8 | B51: הוצאות מימון | F51: =SUM(C51:E51) -> 0
A52: =A51+1 -> 9 | B52: סך כל ההוצאות | C52: =SUM(C48:C51) -> 0 | D52: =SUM(D48:D51) -> 0 | E52: =SUM(E48:E51) -> 0 | F52: =SUM(C52:E52) -> 0
A53: =A52+1 -> 10 | B53: רווח (הפסד) | C53: =C47-C52 -> 0 | D53: =D47-D52 -> 0 | E53: =E47-E52 -> 0 | F53: =F47-F52 -> 0
A54: =A53+1 -> 11 | B54: חלק הקבוצה ברווחי (הפסדי) חברות מוחזקות המטופלות לפי שיטת השווי המאזני | F54: =SUM(C54:E54) -> 0
A55: =A54+1 -> 12 | B55: רווח (הפסד) לפני מסים על ההכנסה | C55: =C47-C52+C54 -> 0 | D55: =D47-D52+D54 -> 0 | E55: =E47-E52+E54 -> 0 | F55: =SUM(C55:E55) -> 0
A56: =A55+1 -> 13 | B56: רווח (הפסד) כולל אחר לפני מסים על הכנסה | F56: =SUM(C56:E56) -> 0
A57: =A56+1 -> 14 | B57: סך כל הרווח (הפסד) הכולל לתקופה לפני מסים על הכנסה | C57: =C55+C56 -> 0 | D57: =D55+D56 -> 0 | E57: =E55+E56 -> 0 | F57: =SUM(C57:E57) -> 0

Sheet S3
B1: =company -> _____חברה מנהלת | S1: BEGIN | T1: END | U1: =quarter -> 4 | V1: =year -> 2021
B2: =Information!C11 -> דוח על השינוי במצב ההון - סולו | D2: חזרה | S2: יתרה ליום 1 ב | T2: יתרת לסוף
B3: =Information!$M$21 -> הנתונים באלפי ש"ח | Q3: =FIND("-",R3) -> #VALUE! | R3: =Period1 -> שנת 2021 | S3: =IF(quarter=4,CONCATENATE("יתרתה ליום 1 בינואר ",'S3'!R3),CONCATENATE($S$2,LEFT(R3,Q3-1),RIGHT(R3,4))) -> יתרתה ליום 1 בינואר שנת 2021 | T3: =CONCATENATE("יתרה לסוף ",VLOOKUP($U$1,$U$3:$V$6,2,0)," ",$V$1) -> יתרה לסוף דצמבר 2021 | U3: 1 | V3: מרץ
B4: הערות | C4: הון מניות | D4: פרמיה על מניות | E4: קרן הון בגין עסקה עם בעל שליטה | F4: קרן הון בגין נכסים זמינים למכירה | G4: קרנות הון אחרות | H4: יתרת עודפים | I4: סה"כ הון | Q4: =FIND("-",R4) -> #VALUE! | R4: =Period2 -> שנת 2020 | S4: =IF(quarter=4,CONCATENATE("יתרתה ליום 1 בינואר ",'S3'!R4),CONCATENATE($S$2,LEFT(R4,Q4-1),RIGHT(R4,4))) -> יתרתה ליום 1 בינואר שנת 2020 | T4: =CONCATENATE("יתרה לסוף ",VLOOKUP($U$1,$U$3:$V$6,2,0)," ",$V$1-1) -> יתרה לסוף דצמבר 2020 | U4: 2 | V4: יוני
B5: =Period1 -> שנת 2021 | C5: (1) | D5: (2) | E5: (3) | F5: (4) | G5: (5) | H5: (6) | I5: (7) | Q5: =FIND("-",R5) -> #VALUE! | R5: =Period3 -> לא לדווח | S5: =IF(OR(quarter=1,quarter=4),"לא לדווח",CONCATENATE($S$2,LEFT(R5,Q5-1),RIGHT(R5,4))) -> לא לדווח | T5: =IF(OR($U$1=1,$U$1=4),"לא לדווח ",CONCATENATE("יתרה לסוף ",VLOOKUP($U$1,$U$3:$V$6,2,0)," ",$V$1)) -> לא לדווח | U5: 3 | V5: ספטמבר
B6: יתרתה לתחילת התקופה | I6: =SUM(C6:H6) -> 0 | Q6: =FIND("-",R6) -> #VALUE! | R6: =Period4 -> לא לדווח | S6: =IF(OR(quarter=1,quarter=4),"לא לדווח",CONCATENATE($S$2,LEFT(R6,Q6-1),RIGHT(R6,4))) -> לא לדווח | T6: =IF(OR($U$1=1,$U$1=4),"לא לדווח ",CONCATENATE("יתרה לסוף ",VLOOKUP($U$1,$U$3:$V$6,2,0)," ",$V$1-1)) -> לא לדווח | U6: 4 | V6: דצמבר
B7: רווח (הפסד) לתקופה | I7: =SUM(C7:H7) -> 0 | R7: =Period5 -> שנת 2019 | S7: =IF(quarter=4,CONCATENATE("יתרתה ליום 1 בינואר ",'S3'!R7),S4) -> יתרתה ליום 1 בינואר שנת 2019 | T7: =IF(U1=4,CONCATENATE(T2," ",V6," ",V1-2),CONCATENATE(T2," ",V6," ",V1-1)) -> יתרת לסוף דצמבר 2019
B8: רכיבים של רווח (הפסד) כולל אחר לתקופה:
B9: הערכה מחדש בגין שערוך רכוש קבוע, נטו | I9: =SUM(C9:H9) -> 0
B10: שינוי נטו בשווי ההוגן של נכסים פיננסיים המסווגים כזמינים למכירה | I10: =SUM(C10:H10) -> 0
